Workbook

Sheet planilla salarial CONSULTORES
B2: CENTRO INTERNACIONAL DE LA QUINUA ESTRUCTURA DE PERSONAL Y PLANILLA POA 2022 (Expresada en Bolivianos)
B5: REPARTICION / CARGO | C5: T | D5: GESTION | E5: UNIDAD | F5: SUELDO MENSUAL | G5: MES | S5: DIAS | T5: MESES | U5: MONTO ANUAL | V5: APORTES PATRONALES | Z5: TOTAL | AA5: AGUINALDO
G6: ENE | H6: FEB | I6: MAR | J6: ABR | K6: MAY | L6: JUN | M6: JUL | N6: AGO | O6: SEP | P6: OCT | Q6: NOV | R6: DIC | V6: SALUD | W6: PENSIONES | X6: PATRONAL | Y6: VIVIENDA
B8: DIRECCION GENERAL EJECUTIVA
A10: 1 | B10: Director General Ejecutivo | C10: P | D10: 2022 | E10: Haber | F10: 19535 | G10: 30 | H10: 30 | I10: 30 | J10: 30 | K10: 30 | L10: 30 | M10: 30 | N10: 30 | O10: 30 | P10: 30 | Q10: 30 | R10: 30 | S10: =SUM(G10:R10) -> 360 | T10: =+S10/30 -> 12 | U10: =ROUND(PRODUCT(F10*T10),0) -> 234420 | V10: =U10*0.1 -> 23442 | W10: =U10*0.0171 -> 4008.582 | X10: =U10*0.03 -> 7032.6 | Y10: =U10*0.02 -> 4688.4 | Z10: =SUM(U10:Y10) -> 273591.58 | AA10: =+F10*S10/360 -> 19535 | AB10: =+AA10+Z10 -> 293126.58
B11: ASESORAMIENTO Y APOYO | AB11: =+AA11+Z11 -> 0
A12: =A10+1 -> 2 | B12: Profesional VII - Asesoria Juridica y Relaciones Internacionales | C12: E | D12: 2022 | E12: Haber | F12: 10693 | G12: 26 | H12: 30 | I12: 30 | J12: 30 | K12: 30 | L12: 30 | M12: 30 | N12: 30 | O12: 30 | P12: 30 | Q12: 30 | R12: 30 | S12: =SUM(G12:R12) -> 356 | T12: =+S12/30 -> 11.866667 | U12: =ROUND(PRODUCT(F12*T12),0) -> 126890 | V12: =U12*0.1 -> 12689 | W12: =U12*0.0171 -> 2169.819 | X12: =U12*0.03 -> 3806.7 | Y12: =U12*0.02 -> 2537.8 | Z12: =SUM(U12:Y12) -> 148093.32 | AA12: =+F12*S12/360 -> 10574.189 | AB12: =+AA12+Z12 -> 158667.51
A13: =A12+1 -> 3 | B13: Administrativo IV - Secretaria Dirección General | C13: E | D13: 2022 | E13: Haber | F13: 4529 | G13: 0 | H13: 30 | I13: 30 | J13: 30 | K13: 30 | L13: 30 | M13: 30 | N13: 30 | O13: 30 | P13: 30 | Q13: 30 | R13: 30 | S13: =SUM(G13:R13) -> 330 | T13: =+S13/30 -> 11 | U13: =ROUND(PRODUCT(F13*T13),0) -> 49819 | V13: =U13*0.1 -> 4981.9 | W13: =U13*0.0171 -> 851.9049 | X13: =U13*0.03 -> 1494.57 | Y13: =U13*0.02 -> 996.38 | Z13: =SUM(U13:Y13) -> 58143.755 | AA13: =+F13*S13/360 -> 4151.5833 | AB13: =+AA13+Z13 -> 62295.338
A14: =A13+1 -> 4 | B14: Administrativo II - Técnico Comunicador | C14: E | D14: 2022 | E14: Haber | F14: 5494 | G14: 0 | H14: 0 | I14: 0 | J14: 0 | K14: 30 | L14: 30 | M14: 30 | N14: 30 | O14: 30 | P14: 30 | Q14: 30 | R14: 30 | S14: =SUM(G14:R14) -> 240 | T14: =+S14/30 -> 8 | U14: =ROUND(PRODUCT(F14*T14),0) -> 43952 | V14: =U14*0.1 -> 4395.2 | W14: =U14*0.0171 -> 751.5792 | X14: =U14*0.03 -> 1318.56 | Y14: =U14*0.02 -> 879.04 | Z14: =SUM(U14:Y14) -> 51296.379 | AA14: =+F14*S14/360 -> 3662.6667 | AB14: =+AA14+Z14 -> 54959.046
B15: CONTROL | AB15: =+AA15+Z15 -> 0
A16: =A14+1 -> 5 | B16: Tecnico V - Auditoria Interna | C16: E | D16: 2022 | E16: Haber | F16: 7722 | G16: 26 | H16: 30 | I16: 30 | J16: 0 | K16: 0 | L16: 0 | M16: 0 | N16: 0 | O16: 0 | P16: 0 | Q16: 30 | R16: 30 | S16: =SUM(G16:R16) -> 146 | T16: =+S16/30 -> 4.8666667 | U16: =ROUND(PRODUCT(F16*T16),0) -> 37580 | V16: =U16*0.1 -> 3758 | W16: =U16*0.0171 -> 642.618 | X16: =U16*0.03 -> 1127.4 | Y16: =U16*0.02 -> 751.6 | Z16: =SUM(U16:Y16) -> 43859.618 | AB16: =+AA16+Z16 -> 43859.618
B17: AREA DE PLANIFICACIÓN, MONITOREO Y EVALUACIÓN | U17: =U20+U22 -> 69060 | V17: =U17*0.1 -> 6906 | W17: =U17*0.0171 -> 1180.926 | X17: =U17*0.03 -> 2071.8 | Y17: =U17*0.02 -> 1381.2 | Z17: =SUM(U17:Y17) -> 80599.926 | AB17: =+AA17+Z17 -> 80599.926
A18: =A16+1 -> 6 | B18: Profesional VII - Responsable de Planificacion, Monitoreo y Evaluación | C18: E | D18: 2022 | E18: Haber | F18: 10693 | G18: 26 | H18: 30 | I18: 30 | J18: 30 | K18: 30 | L18: 30 | M18: 30 | N18: 30 | O18: 30 | P18: 30 | Q18: 30 | R18: 30 | S18: =SUM(G18:R18) -> 356 | T18: =+S18/30 -> 11.866667 | U18: =ROUND(PRODUCT(F18*T18),0) -> 126890 | V18: =U18*0.1 -> 12689 | W18: =U18*0.0171 -> 2169.819 | X18: =U18*0.03 -> 3806.7 | Y18: =U18*0.02 -> 2537.8 | Z18: =SUM(U18:Y18) -> 148093.32 | AA18: =+F18*S18/360 -> 10574.189 | AB18: =+AA18+Z18 -> 158667.51
A19: =A18+1 -> 7 | B19: Tecnico VI - de Gestión de Proyectos y Financiamiento | C19: E | D19: 2022 | E19: Haber | F19: 6906 | G19: 0 | H19: 0 | I19: 0 | J19: 0 | K19: 0 | L19: 0 | M19: 0 | N19: 30 | O19: 30 | P19: 30 | Q19: 30 | R19: 30 | S19: =SUM(G19:R19) -> 150 | T19: =+S19/30 -> 5 | U19: =ROUND(PRODUCT(F19*T19),0) -> 34530 | V19: =U19*0.1 -> 3453 | W19: =U19*0.0171 -> 590.463 | X19: =U19*0.03 -> 1035.9 | Y19: =U19*0.02 -> 690.6 | Z19: =SUM(U19:Y19) -> 40299.963 | AA19: =+F19*S19/360 -> 2877.5
A20: =A19+1 -> 8 | B20: Tecnico VI - Civil | C20: C | D20: 2022 | E20: Haber | F20: 6906 | G20: 30 | H20: 30 | I20: 30 | J20: 30 | K20: 30 | L20: 0 | M20: 0 | N20: 0 | O20: 0 | P20: 0 | Q20: 0 | R20: 0 | S20: =SUM(G20:R20) -> 150 | T20: =+S20/30 -> 5 | U20: =ROUND(PRODUCT(F20*T20),0) -> 34530 | V20: =U20*0.1 -> 3453 | W20: =U20*0.0171 -> 590.463 | X20: =U20*0.03 -> 1035.9 | Y20: =U20*0.02 -> 690.6 | Z20: =SUM(U20:Y20) -> 40299.963 | AA20: =+F20*S20/360 -> 2877.5
A21: =A20+1 -> 9 | B21: Tecnico VI - en Medio Ambiente y Cambio Climatico | C21: E | D21: 2022 | E21: Haber | F21: 6906 | G21: 0 | H21: 0 | I21: 0 | J21: 0 | K21: 0 | L21: 0 | M21: 0 | N21: 30 | O21: 30 | P21: 30 | Q21: 30 | R21: 30 | S21: =SUM(G21:R21) -> 150 | T21: =+S21/30 -> 5 | U21: =ROUND(PRODUCT(F21*T21),0) -> 34530 | V21: =U21*0.1 -> 3453 | W21: =U21*0.0171 -> 590.463 | X21: =U21*0.03 -> 1035.9 | Y21: =U21*0.02 -> 690.6 | Z21: =SUM(U21:Y21) -> 40299.963 | AA21: =+F21*S21/360 -> 2877.5
A22: =A21+1 -> 10 | B22: Tecnico VI- Proyectista | C22: C | D22: 2022 | E22: Haber | F22: 6906 | G22: 0 | H22: 0 | I22: 0 | J22: 0 | K22: 0 | L22: 0 | M22: 0 | N22: 30 | O22: 30 | P22: 30 | Q22: 30 | R22: 30 | S22: =SUM(G22:R22) -> 150 | T22: =+S22/30 -> 5 | U22: =ROUND(PRODUCT(F22*T22),0) -> 34530 | V22: =U22*0.1 -> 3453 | W22: =U22*0.0171 -> 590.463 | X22: =U22*0.03 -> 1035.9 | Y22: =U22*0.02 -> 690.6 | Z22: =SUM(U22:Y22) -> 40299.963 | AA22: =+F22*S22/360 -> 2877.5
B23: AREA ADMINISTRATIVA FINANCIERA | AB23: =+AA23+Z23 -> 0
A24: =A22+1 -> 11 | B24: Profesional Vll - Responsable Administrativo Financiero | C24: E | D24: 2022 | E24: Haber | F24: 10693 | G24: 26 | H24: 30 | I24: 30 | J24: 30 | K24: 30 | L24: 30 | M24: 30 | N24: 30 | O24: 30 | P24: 30 | Q24: 30 | R24: 30 | S24: =SUM(G24:R24) -> 356 | T24: =+S24/30 -> 11.866667 | U24: =ROUND(PRODUCT(F24*T24),0) -> 126890 | V24: =U24*0.1 -> 12689 | W24: =U24*0.0171 -> 2169.819 | X24: =U24*0.03 -> 3806.7 | Y24: =U24*0.02 -> 2537.8 | Z24: =SUM(U24:Y24) -> 148093.32 | AA24: =+F24*S24/360 -> 10574.189 | AB24: =+AA24+Z24 -> 158667.51
A25: =A24+1 -> 12 | B25: Profesional IX - Contabilidad, Presupuestos y Contrataciones | C25: E | D25: 2022 | E25: Haber | F25: 9282 | G25: 26 | H25: 30 | I25: 30 | J25: 30 | K25: 30 | L25: 30 | M25: 30 | N25: 30 | O25: 30 | P25: 30 | Q25: 30 | R25: 30 | S25: =SUM(G25:R25) -> 356 | T25: =+S25/30 -> 11.866667 | U25: =ROUND(PRODUCT(F25*T25),0) -> 110146 | V25: =U25*0.1 -> 11014.6 | W25: =U25*0.0171 -> 1883.4966 | X25: =U25*0.03 -> 3304.38 | Y25: =U25*0.02 -> 2202.92 | Z25: =SUM(U25:Y25) -> 128551.4 | AA25: =+F25*S25/360 -> 9178.8667 | AB25: =+AA25+Z25 -> 137730.26
A26: =A25+1 -> 13 | B26: Administrativo IV Auxiliar Administrativo | C26: E | D26: 2022 | E26: Haber | F26: 4529 | G26: 0 | H26: 20 | I26: 30 | J26: 30 | K26: 30 | L26: 30 | M26: 30 | N26: 30 | O26: 30 | P26: 30 | Q26: 30 | R26: 30 | S26: =SUM(G26:R26) -> 320 | T26: =+S26/30 -> 10.666667 | U26: =ROUND(PRODUCT(F26*T26),0) -> 48309 | V26: =U26*0.1 -> 4830.9 | W26: =U26*0.0171 -> 826.0839 | X26: =U26*0.03 -> 1449.27 | Y26: =U26*0.02 -> 966.18 | Z26: =SUM(U26:Y26) -> 56381.434 | AA26: =+F26*S26/360 -> 4025.7778 | AB26: =+AA26+Z26 -> 60407.212
A27: =A26+1 -> 14 | B27: Auxiliar I - Mensajero enlace La Paz | C27: E | D27: 2022 | E27: Haber | F27: 4009 | G27: 23 | H27: 30 | I27: 30 | J27: 30 | K27: 30 | L27: 30 | M27: 30 | N27: 30 | O27: 30 | P27: 30 | Q27: 30 | R27: 30 | S27: =SUM(G27:R27) -> 353 | T27: =+S27/30 -> 11.766667 | U27: =ROUND(PRODUCT(F27*T27),0) -> 47173 | V27: =U27*0.1 -> 4717.3 | W27: =U27*0.0171 -> 806.6583 | X27: =U27*0.03 -> 1415.19 | Y27: =U27*0.02 -> 943.46 | Z27: =SUM(U27:Y27) -> 55055.608 | AA27: =+F27*S27/360 -> 3931.0472 | AB27: =+AA27+Z27 -> 58986.656
A28: =A27+1 -> 15 | B28: Auxiliar I - Chofer I | C28: E | D28: 2022 | E28: Haber | F28: 4009 | G28: 26 | H28: 30 | I28: 30 | J28: 30 | K28: 30 | L28: 30 | M28: 30 | N28: 30 | O28: 30 | P28: 30 | Q28: 30 | R28: 30 | S28: =SUM(G28:R28) -> 356 | T28: =+S28/30 -> 11.866667 | U28: =ROUND(PRODUCT(F28*T28),0) -> 47573 | V28: =U28*0.1 -> 4757.3 | W28: =U28*0.0171 -> 813.4983 | X28: =U28*0.03 -> 1427.19 | Y28: =U28*0.02 -> 951.46 | Z28: =SUM(U28:Y28) -> 55522.448 | AA28: =+F28*S28/360 -> 3964.4556 | AB28: =+AA28+Z28 -> 59486.904
A29: =A28+1 -> 16 | B29: Auxiliar II - Chofer II | C29: E | D29: 2022 | E29: Haber | F29: 3340 | G29: 0 | H29: 30 | I29: 30 | J29: 30 | K29: 30 | L29: 30 | M29: 0 | N29: 0 | O29: 0 | P29: 0 | Q29: 0 | R29: 0 | S29: =SUM(G29:R29) -> 150 | T29: =+S29/30 -> 5 | U29: =ROUND(PRODUCT(F29*T29),0) -> 16700 | V29: =U29*0.1 -> 1670 | W29: =U29*0.0171 -> 285.57 | X29: =U29*0.03 -> 501 | Y29: =U29*0.02 -> 334 | Z29: =SUM(U29:Y29) -> 19490.57 | AA29: =+F29*S29/360 -> 1391.6667 | AB29: =+AA29+Z29 -> 20882.237
B30: AREA DE INVESTIGACION Y DESARROLLO | U30: =U32+U33 -> 69060 | V30: =U30*0.1 -> 6906 | W30: =U30*0.0171 -> 1180.926 | X30: =U30*0.03 -> 2071.8 | Y30: =U30*0.02 -> 1381.2 | Z30: =SUM(U30:Y30) -> 80599.926 | AB30: =+AA30+Z30 -> 80599.926
A31: =A29+1 -> 17 | B31: Profesional VII - Responsable en Investigación y Desarrollo | C31: E | D31: 2022 | E31: Haber | F31: 10693 | G31: 20 | H31: 30 | I31: 30 | J31: 30 | K31: 30 | L31: 30 | M31: 30 | N31: 30 | O31: 30 | P31: 30 | Q31: 30 | R31: 30 | S31: =SUM(G31:R31) -> 350 | T31: =+S31/30 -> 11.666667 | U31: =ROUND(PRODUCT(F31*T31),0) -> 124752 | V31: =U31*0.1 -> 12475.2 | W31: =U31*0.0171 -> 2133.2592 | X31: =U31*0.03 -> 3742.56 | Y31: =U31*0.02 -> 2495.04 | Z31: =SUM(U31:Y31) -> 145598.06 | AA31: =+F31*S31/360 -> 10395.972 | AB31: =+AA31+Z31 -> 155994.03
A32: =A31+1 -> 18 | B32: Tecnico VI - Investigador Agricola (Altiplano Sur) | C32: C | D32: 2022 | E32: Haber | F32: 6906 | G32: 0 | H32: 30 | I32: 30 | J32: 30 | K32: 30 | L32: 30 | M32: 0 | N32: 0 | O32: 0 | P32: 0 | Q32: 0 | R32: 0 | S32: =SUM(G32:R32) -> 150 | T32: =+S32/30 -> 5 | U32: =ROUND(PRODUCT(F32*T32),0) -> 34530 | V32: =U32*0.1 -> 3453 | W32: =U32*0.0171 -> 590.463 | X32: =U32*0.03 -> 1035.9 | Y32: =U32*0.02 -> 690.6 | Z32: =SUM(U32:Y32) -> 40299.963 | AA32: =+F32*S32/360 -> 2877.5 | AB32: =+AA32+Z32 -> 43177.463 | AF32: 20
A33: =A32+1 -> 19 | B33: Tecnico VI - Investigador Agricola (Altiplano Centro y Norte) | C33: C | D33: 2022 | E33: Haber | F33: 6906 | G33: 0 | H33: 30 | I33: 30 | J33: 30 | K33: 30 | L33: 30 | M33: 0 | N33: 0 | O33: 0 | P33: 0 | Q33: 0 | R33: 0 | S33: =SUM(G33:R33) -> 150 | T33: =+S33/30 -> 5 | U33: =ROUND(PRODUCT(F33*T33),0) -> 34530 | V33: =U33*0.1 -> 3453 | W33: =U33*0.0171 -> 590.463 | X33: =U33*0.03 -> 1035.9 | Y33: =U33*0.02 -> 690.6 | Z33: =SUM(U33:Y33) -> 40299.963 | AA33: =+F33*S33/360 -> 2877.5
A34: =A33+1 -> 20 | B34: Auxiliar II Tecnico La Paz | C34: E | D34: 2022 | E34: Haber | F34: 3340 | G34: 0 | H34: 30 | I34: 30 | J34: 30 | K34: 30 | L34: 30 | M34: 0 | N34: 0 | O34: 0 | P34: 0 | Q34: 0 | R34: 0 | S34: =SUM(G34:R34) -> 150 | T34: =+S34/30 -> 5 | U34: =ROUND(PRODUCT(F34*T34),0) -> 16700 | V34: =U34*0.1 -> 1670 | W34: =U34*0.0171 -> 285.57 | X34: =U34*0.03 -> 501 | Y34: =U34*0.02 -> 334 | Z34: =SUM(U34:Y34) -> 19490.57 | AA34: =+F34*S34/360 -> 1391.6667 | AB34: =+AA34+Z34 -> 20882.237 | AF34: 30
B35: AREA DE CAPACITACION Y ASISTENCIA TECNICA | U35: =U38 -> 41436 | AB35: =+AA35+Z35 -> 0 | AF35: 30
A36: =A34+1 -> 21 | B36: Profesional VII - Responsable en Capacitación y Asistencia Técnica | C36: E | D36: 2022 | E36: Haber | F36: 10693 | G36: 25 | H36: 30 | I36: 30 | J36: 30 | K36: 30 | L36: 30 | M36: 30 | N36: 30 | O36: 30 | P36: 30 | Q36: 30 | R36: 30 | S36: =SUM(G36:R36) -> 355 | T36: =+S36/30 -> 11.833333 | U36: =ROUND(PRODUCT(F36*T36),0) -> 126534 | V36: =U36*0.1 -> 12653.4 | W36: =U36*0.0171 -> 2163.7314 | X36: =U36*0.03 -> 3796.02 | Y36: =U36*0.02 -> 2530.68 | Z36: =SUM(U36:Y36) -> 147677.83 | AA36: =+F36*S36/360 -> 10544.486 | AB36: =+AA36+Z36 -> 158222.32 | AF36: 10
A37: =A36+1 -> 22 | B37: Tecnico VI - en desarrollo de Capacidades | C37: E | D37: 2022 | E37: Haber | F37: 6906 | G37: 0 | H37: 20 | I37: 30 | J37: 30 | K37: 30 | L37: 30 | M37: 0 | N37: 0 | O37: 0 | P37: 0 | Q37: 0 | R37: 0 | S37: =SUM(G37:R37) -> 140 | T37: =+S37/30 -> 4.6666667 | U37: =ROUND(PRODUCT(F37*T37),0) -> 32228 | V37: =U37*0.1 -> 3222.8 | W37: =U37*0.0171 -> 551.0988 | X37: =U37*0.03 -> 966.84 | Y37: =U37*0.02 -> 644.56 | Z37: =SUM(U37:Y37) -> 37613.299 | AA37: =+F37*S37/360 -> 2685.6667 | AB37: =+AA37+Z37 -> 40298.965 | AF37: =SUM(AF32:AF36) -> 90
A38: =A37+1 -> 23 | B38: Tecnico VI - en alimentación y desarrollo de mercados | C38: C | D38: 2022 | E38: Haber | F38: 6906 | G38: 0 | H38: 30 | I38: 30 | J38: 30 | K38: 30 | L38: 30 | M38: 30 | N38: 0 | O38: 0 | P38: 0 | Q38: 0 | R38: 0 | S38: =SUM(G38:R38) -> 180 | T38: =+S38/30 -> 6 | U38: =ROUND(PRODUCT(F38*T38),0) -> 41436 | V38: =U38*0.1 -> 4143.6 | W38: =U38*0.0171 -> 708.5556 | X38: =U38*0.03 -> 1243.08 | Y38: =U38*0.02 -> 828.72 | Z38: =SUM(U38:Y38) -> 48359.956
B39: AREA GESTIÓN DE LA INFORMACION | U39: =U42 -> 41436 | V39: =U39*0.1 -> 4143.6 | W39: =U39*0.0171 -> 708.5556 | X39: =U39*0.03 -> 1243.08 | Y39: =U39*0.02 -> 828.72 | Z39: =SUM(U39:Y39) -> 48359.956 | AB39: =+AA39+Z39 -> 48359.956
A40: =A38+1 -> 24 | B40: Profesional VII - Responsable en Gestión de la Información | C40: E | D40: 2022 | E40: Haber | F40: 10693 | G40: 26 | H40: 30 | I40: 30 | J40: 30 | K40: 30 | L40: 30 | M40: 30 | N40: 30 | O40: 30 | P40: 30 | Q40: 30 | R40: 30 | S40: =SUM(G40:R40) -> 356 | T40: =+S40/30 -> 11.866667 | U40: =ROUND(PRODUCT(F40*T40),0) -> 126890 | V40: =U40*0.1 -> 12689 | W40: =U40*0.0171 -> 2169.819 | X40: =U40*0.03 -> 3806.7 | Y40: =U40*0.02 -> 2537.8 | Z40: =SUM(U40:Y40) -> 148093.32 | AA40: =+F40*S40/360 -> 10574.189 | AB40: =+AA40+Z40 -> 158667.51
A41: =A40+1 -> 25 | B41: Tecnico VI - en SIG | C41: E | D41: 2022 | E41: Haber | F41: 6906 | G41: 0 | H41: 20 | I41: 30 | J41: 30 | K41: 30 | L41: 30 | M41: 0 | N41: 0 | O41: 0 | P41: 0 | Q41: 0 | R41: 0 | S41: =SUM(G41:R41) -> 140 | T41: =+S41/30 -> 4.6666667 | U41: =ROUND(PRODUCT(F41*T41),0) -> 32228 | V41: =U41*0.1 -> 3222.8 | W41: =U41*0.0171 -> 551.0988 | X41: =U41*0.03 -> 966.84 | Y41: =U41*0.02 -> 644.56 | Z41: =SUM(U41:Y41) -> 37613.299 | AA41: =+F41*S41/360 -> 2685.6667 | AB41: =+AA41+Z41 -> 40298.965
A42: =A41+1 -> 26 | B42: Tecnico VI- Informatico y redes | C42: C | D42: 2022 | E42: Haber | F42: 6906 | G42: 0 | H42: 30 | I42: 30 | J42: 30 | K42: 30 | L42: 30 | M42: 30 | N42: 0 | O42: 0 | P42: 0 | Q42: 0 | R42: 0 | S42: =SUM(G42:R42) -> 180 | T42: =+S42/30 -> 6 | U42: =ROUND(PRODUCT(F42*T42),0) -> 41436 | V42: =U42*0.1 -> 4143.6 | W42: =U42*0.0171 -> 708.5556 | X42: =U42*0.03 -> 1243.08 | Y42: =U42*0.02 -> 828.72 | Z42: =SUM(U42:Y42) -> 48359.956 | AB42: =+AA42+Z42 -> 48359.956
AB43: =+AA43+Z43 -> 0
B44: Sueldo Personal CONSULTOR | C44: 18 | U44: =U17+U30+U35+U39 -> 220992 | V44: =SUM(V10:V43) -> 194528.2 | W44: =SUM(W10:W43) -> 33264.322 | X44: =SUM(X10:X43) -> 58358.46 | Y44: =SUM(Y10:Y43) -> 38905.64 | Z44: =SUM(Z12:Z43) -> 1996747 | AA44: =SUM(AA9:AA42) -> 137106.28 | AB44: =SUM(AB9:AB42) -> 2143197.6
B45: TOTAL 2021: | C45: 18 | U45: =SUM(U44:U44) -> 220992 | V45: =SUM(V44:V44) -> 194528.2 | W45: =SUM(W44:W44) -> 33264.322 | X45: =SUM(X44:X44) -> 58358.46 | Y45: =SUM(Y44:Y44) -> 38905.64
AB50: =+Z55-AB44 -> -214690.63
V51: AGUINALDO PERSONAL PERMANENTE | Z51: =F10 -> 19535
V53: TOTAL PROGRAMADO 2021 | Z53: =Z51+Z44 -> 2016282 | AA53: aguinaldo 2021
V55: TECHO PRESUPUESTARIO PARA 2021 | Z55: 1928507
V57: PERSONAL EVENTUAL | Z57: =+U44 -> 220992
V58: PERSONAL PERMANENTE | Z58: =+U10 -> 234420
V59: APORTE COLATERALES | Z59: =+V44+W44+X44+Y44 -> 325056.62
V60: AGUINALDO 2021 | Z60: =+AA44 -> 137106.28
Z62: =SUM(Z57:Z61) -> 917574.9
Z64: =+Z55-Z62 -> 1010932.1
X66: ITEM | Y66: EVENTUAL
X67: PRESUPUESTO VIGENTE | Y67: TOTAL CONTRATOS | Z67: TOTAL
V68: Aguinaldos | X68: =AA10 -> 19535 | Y68: 0 | Z68: =X68+Y68 -> 19535
V69: Asignaciones Familiares | X69: 0 | Y69: 0 | Z69: =X69+Y69 -> 0
V70: Sueldos | X70: =U10 -> 234420 | Y70: 0 | Z70: =X70+Y70 -> 234420
V71: Personal Eventual | X71: 0 | Y71: =U12+U13+U14+U16+U18+U19+U20+U21+U22+U24+U25+U26+U27+U28+U29+U31+U32+U33+U34+U36+U37+U38+U40+U41+U42 -> 1531306 | Z71: =X71+Y71 -> 1531306
V72: Régimen de Corto Plazo (Salud) | X72: =V10 -> 23442 | Y72: =V12+V13+V14+V16+V18+V19+V20+V21+V22+V24+V25+V26+V27+V28+V29+V31+V32+V33+V34+V36+V37+V38+V40+V41+V42 -> 153130.6 | Z72: =X72+Y72 -> 176572.6
V73: PRIMA DE RIESGO PROFESIONAL RÉGIMEN DE LARGO PLAZO | X73: =W10 -> 4008.582 | Y73: =W12+W13+W14+W16+W18+W19+W20+W21+W22+W24+W25+W26+W27+W28+W29+W31+W32+W33+W34+W36+W37+W38+W40+W41+W42 -> 26185.333 | Z73: =X73+Y73 -> 30193.915
V74: Aporte Patronal Solidario 3% | X74: =X10 -> 7032.6 | Y74: =X12+X13+X14+X16+X18+X19+X20+X21+X22+X24+X25+X26+X27+X28+X29+X31+X32+X33+X34+X36+X37+X38+X40+X41+X42 -> 45939.18 | Z74: =X74+Y74 -> 52971.78
V75: Aporte Patronal para Vivienda | X75: =Y10 -> 4688.4 | Y75: =Y12+Y13+Y14+Y16+Y18+Y19+Y20+Y21+Y22+Y24+Y25+Y26+Y27+Y28+Y29+Y31+Y32+Y33+Y34+Y36+Y37+Y38+Y40+Y41+Y42 -> 30626.12 | Z75: =X75+Y75 -> 35314.52
V76: Otras Previsiones (EVENTUAL) | Y76: =AA12+AA13+AA14+AA16+AA18+AA19+AA20+AA21+AA22+AA24+AA25+AA27+AA26+AA28+AA29+AA31+AA32+AA33+AA34+AA36+AA37+AA38+AA40+AA41+AA42 -> 117571.28 | Z76: =X76+Y76 -> 117571.28
X77: =SUM(X68:X76) -> 293126.58 | Y77: =SUM(Y68:Y76) -> 1904758.5 | Z77: =SUM(Z68:Z76) -> 2197885.1 | AA77: 1928507 | AB77: =Z77-AA77 -> 269378.09

Sheet planilla salarial (5)
B2: CENTRO INTERNACIONAL DE LA QUINUA ESTRUCTURA DE PERSONAL Y PLANILLA POA 2022 (Expresada en Bolivianos)
B5: REPARTICION / CARGO | C5: T | D5: GESTION | E5: UNIDAD | F5: SUELDO MENSUAL | G5: MES | S5: DIAS | T5: MESES | U5: MONTO ANUAL | V5: APORTES PATRONALES | Z5: TOTAL | AA5: AGUINALDO
G6: ENE | H6: FEB | I6: MAR | J6: ABR | K6: MAY | L6: JUN | M6: JUL | N6: AGO | O6: SEP | P6: OCT | Q6: NOV | R6: DIC | V6: SALUD | W6: PENSIONES | X6: PATRONAL | Y6: VIVIENDA
B8: DIRECCION GENERAL EJECUTIVA
A10: 1 | B10: Director General Ejecutivo | C10: P | D10: 2022 | E10: Haber | F10: 19535 | G10: 30 | H10: 30 | I10: 30 | J10: 30 | K10: 30 | L10: 30 | M10: 30 | N10: 30 | O10: 30 | P10: 30 | Q10: 30 | R10: 30 | S10: =SUM(G10:R10) -> 360 | T10: =+S10/30 -> 12 | U10: =ROUND(PRODUCT(F10*T10),0) -> 234420 | V10: =U10*0.1 -> 23442 | W10: =U10*0.0171 -> 4008.582 | X10: =U10*0.03 -> 7032.6 | Y10: =U10*0.02 -> 4688.4 | Z10: =SUM(U10:Y10) -> 273591.58 | AA10: =+F10*S10/360 -> 19535 | AB10: =+AA10+Z10 -> 293126.58
B11: ASESORAMIENTO Y APOYO | AB11: =+AA11+Z11 -> 0
A12: =A10+1 -> 2 | B12: RESPONSABLE IV - Asesoria Juridica y Relaciones Internacionales | C12: E | D12: 2022 | E12: Haber | F12: 13738 | G12: 26 | H12: 30 | I12: 30 | J12: 30 | K12: 30 | L12: 30 | M12: 30 | N12: 30 | O12: 30 | P12: 30 | Q12: 30 | R12: 30 | S12: =SUM(G12:R12) -> 356 | T12: =+S12/30 -> 11.866667 | U12: =ROUND(PRODUCT(F12*T12),0) -> 163024 | V12: =U12*0.1 -> 16302.4 | W12: =U12*0.0171 -> 2787.7104 | X12: =U12*0.03 -> 4890.72 | Y12: =U12*0.02 -> 3260.48 | Z12: =SUM(U12:Y12) -> 190265.31 | AA12: =+F12*S12/360 -> 13585.356 | AB12: =+AA12+Z12 -> 203850.67
A13: =A12+1 -> 3 | B13: Administrativo I - Secretaria Dirección General | C13: E | D13: 2022 | E13: Haber | F13: 5971 | G13: 0 | H13: 30 | I13: 30 | J13: 30 | K13: 30 | L13: 30 | M13: 30 | N13: 30 | O13: 30 | P13: 30 | Q13: 30 | R13: 30 | S13: =SUM(G13:R13) -> 330 | T13: =+S13/30 -> 11 | U13: =ROUND(PRODUCT(F13*T13),0) -> 65681 | V13: =U13*0.1 -> 6568.1 | W13: =U13*0.0171 -> 1123.1451 | X13: =U13*0.03 -> 1970.43 | Y13: =U13*0.02 -> 1313.62 | Z13: =SUM(U13:Y13) -> 76656.295 | AA13: =+F13*S13/360 -> 5473.4167 | AB13: =+AA13+Z13 -> 82129.712
A14: =A13+1 -> 4 | B14: TECNICO IV - Técnico Comunicador | C14: E | D14: 2022 | E14: Haber | F14: 8689 | G14: 0 | H14: 0 | I14: 0 | J14: 0 | K14: 30 | L14: 30 | M14: 30 | N14: 30 | O14: 30 | P14: 30 | Q14: 30 | R14: 30 | S14: =SUM(G14:R14) -> 240 | T14: =+S14/30 -> 8 | U14: =ROUND(PRODUCT(F14*T14),0) -> 69512 | V14: =U14*0.1 -> 6951.2 | W14: =U14*0.0171 -> 1188.6552 | X14: =U14*0.03 -> 2085.36 | Y14: =U14*0.02 -> 1390.24 | Z14: =SUM(U14:Y14) -> 81127.455 | AA14: =+F14*S14/360 -> 5792.6667 | AB14: =+AA14+Z14 -> 86920.122
B15: CONTROL | AB15: =+AA15+Z15 -> 0
A16: =A14+1 -> 5 | B16: PROFESIONAL IX - Auditoria Interna | C16: E | D16: 2022 | E16: Haber | F16: 9282 | G16: 26 | H16: 30 | I16: 30 | J16: 0 | K16: 0 | L16: 0 | M16: 0 | N16: 0 | O16: 0 | P16: 0 | Q16: 30 | R16: 30 | S16: =SUM(G16:R16) -> 146 | T16: =+S16/30 -> 4.8666667 | U16: =ROUND(PRODUCT(F16*T16),0) -> 45172 | V16: =U16*0.1 -> 4517.2 | W16: =U16*0.0171 -> 772.4412 | X16: =U16*0.03 -> 1355.16 | Y16: =U16*0.02 -> 903.44 | Z16: =SUM(U16:Y16) -> 52720.241 | AB16: =+AA16+Z16 -> 52720.241
B17: AREA DE PLANIFICACIÓN, MONITOREO Y EVALUACIÓN
A18: =A16+1 -> 6 | B18: RESPONSABLE IV- Responsable de Planificacion, Monitoreo y Evaluación | C18: E | D18: 2022 | E18: Haber | F18: 13738 | G18: 26 | H18: 30 | I18: 30 | J18: 30 | K18: 30 | L18: 30 | M18: 30 | N18: 30 | O18: 30 | P18: 30 | Q18: 30 | R18: 30 | S18: =SUM(G18:R18) -> 356 | T18: =+S18/30 -> 11.866667 | U18: =ROUND(PRODUCT(F18*T18),0) -> 163024 | V18: =U18*0.1 -> 16302.4 | W18: =U18*0.0171 -> 2787.7104 | X18: =U18*0.03 -> 4890.72 | Y18: =U18*0.02 -> 3260.48 | Z18: =SUM(U18:Y18) -> 190265.31 | AA18: =+F18*S18/360 -> 13585.356 | AB18: =+AA18+Z18 -> 203850.67
A19: =A18+1 -> 7 | B19: TECNICO IV - de Gestión de Proyectos y Financiamiento | C19: E | D19: 2022 | E19: Haber | F19: 8689 | G19: 0 | H19: 0 | I19: 0 | J19: 0 | K19: 0 | L19: 0 | M19: 0 | N19: 30 | O19: 30 | P19: 30 | Q19: 30 | R19: 30 | S19: =SUM(G19:R19) -> 150 | T19: =+S19/30 -> 5 | U19: =ROUND(PRODUCT(F19*T19),0) -> 43445 | V19: =U19*0.1 -> 4344.5 | W19: =U19*0.0171 -> 742.9095 | X19: =U19*0.03 -> 1303.35 | Y19: =U19*0.02 -> 868.9 | Z19: =SUM(U19:Y19) -> 50704.66 | AA19: =+F19*S19/360 -> 3620.4167
A20: =A19+1 -> 8 | B20: Tecnico IV - Civil | C20: C | D20: 2022 | E20: Haber | F20: 8689 | G20: 26 | H20: 30 | I20: 30 | J20: 30 | K20: 30 | L20: 0 | M20: 0 | N20: 0 | O20: 0 | P20: 0 | Q20: 0 | R20: 0 | S20: =SUM(G20:R20) -> 146 | T20: =+S20/30 -> 4.8666667 | U20: =ROUND(PRODUCT(F20*T20),0) -> 42286 | V20: =U20*0.1 -> 4228.6 | W20: =U20*0.0171 -> 723.0906 | X20: =U20*0.03 -> 1268.58 | Y20: =U20*0.02 -> 845.72 | Z20: =SUM(U20:Y20) -> 49351.991 | AA20: =+F20*S20/360 -> 3523.8722
A21: =A20+1 -> 9 | B21: Tecnico IV - en Medio Ambiente y Cambio Climatico | C21: E | D21: 2022 | E21: Haber | F21: 8689 | G21: 0 | H21: 0 | I21: 0 | J21: 0 | K21: 0 | L21: 0 | M21: 0 | N21: 30 | O21: 30 | P21: 30 | Q21: 30 | R21: 30 | S21: =SUM(G21:R21) -> 150 | T21: =+S21/30 -> 5 | U21: =ROUND(PRODUCT(F21*T21),0) -> 43445 | V21: =U21*0.1 -> 4344.5 | W21: =U21*0.0171 -> 742.9095 | X21: =U21*0.03 -> 1303.35 | Y21: =U21*0.02 -> 868.9 | Z21: =SUM(U21:Y21) -> 50704.66 | AA21: =+F21*S21/360 -> 3620.4167
A22: =A21+1 -> 10 | B22: Tecnico IV- Proyectista | C22: C | D22: 2022 | E22: Haber | F22: 8689 | G22: 0 | H22: 0 | I22: 0 | J22: 0 | K22: 0 | L22: 0 | M22: 0 | N22: 30 | O22: 30 | P22: 30 | Q22: 30 | R22: 30 | S22: =SUM(G22:R22) -> 150 | T22: =+S22/30 -> 5 | U22: =ROUND(PRODUCT(F22*T22),0) -> 43445 | V22: =U22*0.1 -> 4344.5 | W22: =U22*0.0171 -> 742.9095 | X22: =U22*0.03 -> 1303.35 | Y22: =U22*0.02 -> 868.9 | Z22: =SUM(U22:Y22) -> 50704.66 | AA22: =+F22*S22/360 -> 3620.4167
B23: AREA ADMINISTRATIVA FINANCIERA | AB23: =+AA23+Z23 -> 0
A24: =A22+1 -> 11 | B24: RESPONSABLE IV- Responsable Administrativo Financiero | C24: E | D24: 2022 | E24: Haber | F24: 13738 | G24: 26 | H24: 30 | I24: 30 | J24: 30 | K24: 30 | L24: 30 | M24: 30 | N24: 30 | O24: 30 | P24: 30 | Q24: 30 | R24: 30 | S24: =SUM(G24:R24) -> 356 | T24: =+S24/30 -> 11.866667 | U24: =ROUND(PRODUCT(F24*T24),0) -> 163024 | V24: =U24*0.1 -> 16302.4 | W24: =U24*0.0171 -> 2787.7104 | X24: =U24*0.03 -> 4890.72 | Y24: =U24*0.02 -> 3260.48 | Z24: =SUM(U24:Y24) -> 190265.31 | AA24: =+F24*S24/360 -> 13585.356 | AB24: =+AA24+Z24 -> 203850.67
A25: =A24+1 -> 12 | B25: Profesional VIII - Contabilidad, Presupuestos y Contrataciones | C25: E | D25: 2022 | E25: Haber | F25: 10173 | G25: 26 | H25: 30 | I25: 30 | J25: 30 | K25: 30 | L25: 30 | M25: 30 | N25: 30 | O25: 30 | P25: 30 | Q25: 30 | R25: 30 | S25: =SUM(G25:R25) -> 356 | T25: =+S25/30 -> 11.866667 | U25: =ROUND(PRODUCT(F25*T25),0) -> 120720 | V25: =U25*0.1 -> 12072 | W25: =U25*0.0171 -> 2064.312 | X25: =U25*0.03 -> 3621.6 | Y25: =U25*0.02 -> 2414.4 | Z25: =SUM(U25:Y25) -> 140892.31 | AA25: =+F25*S25/360 -> 10059.967 | AB25: =+AA25+Z25 -> 150952.28
A26: =A25+1 -> 13 | B26: Administrativo I Auxiliar Administrativo | C26: E | D26: 2022 | E26: Haber | F26: 5971 | G26: 0 | H26: 20 | I26: 30 | J26: 30 | K26: 30 | L26: 30 | M26: 30 | N26: 30 | O26: 30 | P26: 30 | Q26: 30 | R26: 30 | S26: =SUM(G26:R26) -> 320 | T26: =+S26/30 -> 10.666667 | U26: =ROUND(PRODUCT(F26*T26),0) -> 63691 | V26: =U26*0.1 -> 6369.1 | W26: =U26*0.0171 -> 1089.1161 | X26: =U26*0.03 -> 1910.73 | Y26: =U26*0.02 -> 1273.82 | Z26: =SUM(U26:Y26) -> 74333.766 | AA26: =+F26*S26/360 -> 5307.5556 | AB26: =+AA26+Z26 -> 79641.322
A27: =A26+1 -> 14 | B27: Auxiliar I - Mensajero enlace La Paz | C27: E | D27: 2022 | E27: Haber | F27: 4009 | G27: 23 | H27: 30 | I27: 30 | J27: 30 | K27: 30 | L27: 30 | M27: 30 | N27: 30 | O27: 30 | P27: 30 | Q27: 30 | R27: 30 | S27: =SUM(G27:R27) -> 353 | T27: =+S27/30 -> 11.766667 | U27: =ROUND(PRODUCT(F27*T27),0) -> 47173 | V27: =U27*0.1 -> 4717.3 | W27: =U27*0.0171 -> 806.6583 | X27: =U27*0.03 -> 1415.19 | Y27: =U27*0.02 -> 943.46 | Z27: =SUM(U27:Y27) -> 55055.608 | AA27: =+F27*S27/360 -> 3931.0472 | AB27: =+AA27+Z27 -> 58986.656
A28: =A27+1 -> 15 | B28: ADMINISTRATIVO II - Chofer I | C28: E | D28: 2022 | E28: Haber | F28: 5494 | G28: 26 | H28: 30 | I28: 30 | J28: 30 | K28: 30 | L28: 30 | M28: 30 | N28: 30 | O28: 30 | P28: 30 | Q28: 30 | R28: 30 | S28: =SUM(G28:R28) -> 356 | T28: =+S28/30 -> 11.866667 | U28: =ROUND(PRODUCT(F28*T28),0) -> 65195 | V28: =U28*0.1 -> 6519.5 | W28: =U28*0.0171 -> 1114.8345 | X28: =U28*0.03 -> 1955.85 | Y28: =U28*0.02 -> 1303.9 | Z28: =SUM(U28:Y28) -> 76089.084 | AA28: =+F28*S28/360 -> 5432.9556 | AB28: =+AA28+Z28 -> 81522.04
A29: =A28+1 -> 16 | B29: ADMINISTRATIVO III - Chofer II | C29: E | D29: 2022 | E29: Haber | F29: 4827 | G29: 0 | H29: 30 | I29: 30 | J29: 30 | K29: 30 | L29: 30 | M29: 0 | N29: 0 | O29: 0 | P29: 0 | Q29: 0 | R29: 0 | S29: =SUM(G29:R29) -> 150 | T29: =+S29/30 -> 5 | U29: =ROUND(PRODUCT(F29*T29),0) -> 24135 | V29: =U29*0.1 -> 2413.5 | W29: =U29*0.0171 -> 412.7085 | X29: =U29*0.03 -> 724.05 | Y29: =U29*0.02 -> 482.7 | Z29: =SUM(U29:Y29) -> 28167.959 | AA29: =+F29*S29/360 -> 2011.25 | AB29: =+AA29+Z29 -> 30179.209
B30: AREA DE INVESTIGACION Y DESARROLLO | AB30: =+AA30+Z30 -> 0
A31: =A29+1 -> 17 | B31: RESPONSABLE IV - Responsable en Investigación y Desarrollo | C31: E | D31: 2022 | E31: Haber | F31: 13738 | G31: 20 | H31: 30 | I31: 30 | J31: 30 | K31: 30 | L31: 30 | M31: 30 | N31: 30 | O31: 30 | P31: 30 | Q31: 30 | R31: 30 | S31: =SUM(G31:R31) -> 350 | T31: =+S31/30 -> 11.666667 | U31: =ROUND(PRODUCT(F31*T31),0) -> 160277 | V31: =U31*0.1 -> 16027.7 | W31: =U31*0.0171 -> 2740.7367 | X31: =U31*0.03 -> 4808.31 | Y31: =U31*0.02 -> 3205.54 | Z31: =SUM(U31:Y31) -> 187059.29 | AA31: =+F31*S31/360 -> 13356.389 | AB31: =+AA31+Z31 -> 200415.68
A32: =A31+1 -> 18 | B32: PROFESIONAL IX- Investigador Agricola (Altiplano Sur) | C32: C | D32: 2022 | E32: Haber | F32: 9282 | G32: 0 | H32: 30 | I32: 30 | J32: 30 | K32: 0 | L32: 0 | M32: 0 | N32: 0 | O32: 0 | P32: 0 | Q32: 0 | R32: 0 | S32: =SUM(G32:R32) -> 90 | T32: =+S32/30 -> 3 | U32: =ROUND(PRODUCT(F32*T32),0) -> 27846 | V32: =U32*0.1 -> 2784.6 | W32: =U32*0.0171 -> 476.1666 | X32: =U32*0.03 -> 835.38 | Y32: =U32*0.02 -> 556.92 | Z32: =SUM(U32:Y32) -> 32499.067 | AA32: =+F32*S32/360 -> 2320.5 | AB32: =+AA32+Z32 -> 34819.567 | AF32: 20
A33: =A32+1 -> 19 | B33: PROFESIONAL IX- Investigador Agricola (Altiplano Centro y Norte) | C33: C | D33: 2022 | E33: Haber | F33: 9282 | G33: 0 | H33: 30 | I33: 30 | J33: 0 | K33: 0 | L33: 0 | M33: 0 | N33: 0 | O33: 0 | P33: 0 | Q33: 0 | R33: 0 | S33: =SUM(G33:R33) -> 60 | T33: =+S33/30 -> 2 | U33: =ROUND(PRODUCT(F33*T33),0) -> 18564 | V33: =U33*0.1 -> 1856.4 | W33: =U33*0.0171 -> 317.4444 | X33: =U33*0.03 -> 556.92 | Y33: =U33*0.02 -> 371.28 | Z33: =SUM(U33:Y33) -> 21666.044 | AA33: =+F33*S33/360 -> 1547
A34: =A33+1 -> 20 | B34: ADMINISTRATIVO IV Tecnico La Paz | C34: E | D34: 2022 | E34: Haber | F34: 4529 | G34: 0 | H34: 30 | I34: 30 | J34: 30 | K34: 30 | L34: 30 | M34: 0 | N34: 0 | O34: 0 | P34: 0 | Q34: 0 | R34: 0 | S34: =SUM(G34:R34) -> 150 | T34: =+S34/30 -> 5 | U34: =ROUND(PRODUCT(F34*T34),0) -> 22645 | V34: =U34*0.1 -> 2264.5 | W34: =U34*0.0171 -> 387.2295 | X34: =U34*0.03 -> 679.35 | Y34: =U34*0.02 -> 452.9 | Z34: =SUM(U34:Y34) -> 26428.98 | AA34: =+F34*S34/360 -> 1887.0833 | AB34: =+AA34+Z34 -> 28316.063 | AF34: 30
B35: AREA DE CAPACITACION Y ASISTENCIA TECNICA | AB35: =+AA35+Z35 -> 0 | AF35: 30
A36: =A34+1 -> 21 | B36: RESPONSABLE IV - Responsable en Capacitación y Asistencia Técnica | C36: E | D36: 2022 | E36: Haber | F36: 13738 | G36: 25 | H36: 30 | I36: 30 | J36: 30 | K36: 30 | L36: 30 | M36: 30 | N36: 30 | O36: 30 | P36: 30 | Q36: 30 | R36: 30 | S36: =SUM(G36:R36) -> 355 | T36: =+S36/30 -> 11.833333 | U36: =ROUND(PRODUCT(F36*T36),0) -> 162566 | V36: =U36*0.1 -> 16256.6 | W36: =U36*0.0171 -> 2779.8786 | X36: =U36*0.03 -> 4876.98 | Y36: =U36*0.02 -> 3251.32 | Z36: =SUM(U36:Y36) -> 189730.78 | AA36: =+F36*S36/360 -> 13547.194 | AB36: =+AA36+Z36 -> 203277.97 | AF36: 10
A37: =A36+1 -> 22 | B37: PROFESIONAL IX- en desarrollo de Capacidades | C37: E | D37: 2022 | E37: Haber | F37: 9282 | G37: 0 | H37: 20 | I37: 30 | J37: 30 | K37: 30 | L37: 30 | M37: 0 | N37: 0 | O37: 0 | P37: 0 | Q37: 0 | R37: 0 | S37: =SUM(G37:R37) -> 140 | T37: =+S37/30 -> 4.6666667 | U37: =ROUND(PRODUCT(F37*T37),0) -> 43316 | V37: =U37*0.1 -> 4331.6 | W37: =U37*0.0171 -> 740.7036 | X37: =U37*0.03 -> 1299.48 | Y37: =U37*0.02 -> 866.32 | Z37: =SUM(U37:Y37) -> 50554.104 | AA37: =+F37*S37/360 -> 3609.6667 | AB37: =+AA37+Z37 -> 54163.77 | AF37: =SUM(AF32:AF36) -> 90
A38: =A37+1 -> 23 | B38: PROFESIONAL IX- en alimentación y desarrollo de mercados | C38: C | D38: 2022 | E38: Haber | F38: 9282 | G38: 0 | H38: 30 | I38: 0 | J38: 0 | K38: 0 | L38: 0 | M38: 0 | N38: 0 | O38: 0 | P38: 0 | Q38: 0 | R38: 0 | S38: =SUM(G38:R38) -> 30 | T38: =+S38/30 -> 1 | U38: =ROUND(PRODUCT(F38*T38),0) -> 9282 | V38: =U38*0.1 -> 928.2 | W38: =U38*0.0171 -> 158.7222 | X38: =U38*0.03 -> 278.46 | Y38: =U38*0.02 -> 185.64 | Z38: =SUM(U38:Y38) -> 10833.022
B39: AREA GESTIÓN DE LA INFORMACION | AB39: =+AA39+Z39 -> 0
A40: =A38+1 -> 24 | B40: RESPONSABLE IV - Responsable en Gestión de la Información | C40: E | D40: 2022 | E40: Haber | F40: 13738 | G40: 26 | H40: 30 | I40: 30 | J40: 30 | K40: 30 | L40: 30 | M40: 30 | N40: 30 | O40: 30 | P40: 30 | Q40: 30 | R40: 30 | S40: =SUM(G40:R40) -> 356 | T40: =+S40/30 -> 11.866667 | U40: =ROUND(PRODUCT(F40*T40),0) -> 163024 | V40: =U40*0.1 -> 16302.4 | W40: =U40*0.0171 -> 2787.7104 | X40: =U40*0.03 -> 4890.72 | Y40: =U40*0.02 -> 3260.48 | Z40: =SUM(U40:Y40) -> 190265.31 | AA40: =+F40*S40/360 -> 13585.356 | AB40: =+AA40+Z40 -> 203850.67
A41: =A40+1 -> 25 | B41: PROFESIONAL IX - en SIG | C41: E | D41: 2022 | E41: Haber | F41: 9282 | G41: 0 | H41: 20 | I41: 30 | J41: 30 | K41: 30 | L41: 30 | M41: 0 | N41: 0 | O41: 0 | P41: 0 | Q41: 0 | R41: 0 | S41: =SUM(G41:R41) -> 140 | T41: =+S41/30 -> 4.6666667 | U41: =ROUND(PRODUCT(F41*T41),0) -> 43316 | V41: =U41*0.1 -> 4331.6 | W41: =U41*0.0171 -> 740.7036 | X41: =U41*0.03 -> 1299.48 | Y41: =U41*0.02 -> 866.32 | Z41: =SUM(U41:Y41) -> 50554.104 | AA41: =+F41*S41/360 -> 3609.6667 | AB41: =+AA41+Z41 -> 54163.77
A42: =A41+1 -> 26 | B42: PROFESIONAL IX- Informatico y redes | C42: C | D42: 2022 | E42: Haber | F42: 9282 | G42: 0 | H42: 30 | I42: 0 | J42: 0 | K42: 0 | L42: 0 | M42: 0 | N42: 0 | O42: 0 | P42: 0 | Q42: 0 | R42: 0 | S42: =SUM(G42:R42) -> 30 | T42: =+S42/30 -> 1 | U42: =ROUND(PRODUCT(F42*T42),0) -> 9282 | V42: =U42*0.1 -> 928.2 | W42: =U42*0.0171 -> 158.7222 | X42: =U42*0.03 -> 278.46 | Y42: =U42*0.02 -> 185.64 | Z42: =SUM(U42:Y42) -> 10833.022 | AB42: =+AA42+Z42 -> 10833.022
AB43: =+AA43+Z43 -> 0
B44: Sueldo Personal | C44: 18 | U44: =SUM(U12:U43) -> 1823090 | V44: =SUM(V10:V43) -> 205751 | W44: =SUM(W10:W43) -> 35183.421 | X44: =SUM(X10:X43) -> 61725.3 | Y44: =SUM(Y10:Y43) -> 41150.2 | Z44: =SUM(Z12:Z43) -> 2127728.3 | AA44: =SUM(AA9:AA42) -> 166147.9 | AB44: =SUM(AB9:AB42) -> 2317570.7
B45: TOTAL 2021: | C45: 18 | U45: =SUM(U44:U44) -> 1823090 | V45: =SUM(V44:V44) -> 205751 | W45: =SUM(W44:W44) -> 35183.421 | X45: =SUM(X44:X44) -> 61725.3 | Y45: =SUM(Y44:Y44) -> 41150.2
AB50: =+Z55-AB44 -> -389063.67
V51: AGUINALDO PERSONAL PERMANENTE | Z51: =F10 -> 19535
V53: TOTAL PROGRAMADO 2021 | Z53: =Z51+Z44 -> 2147263.3 | AA53: aguinaldo 2021
V55: TECHO PRESUPUESTARIO PARA 2021 | Z55: 1928507
V57: PERSONAL EVENTUAL | Z57: =+U44 -> 1823090
V58: PERSONAL PERMANENTE | Z58: =+U10 -> 234420
V59: APORTE COLATERALES | Z59: =+V44+W44+X44+Y44 -> 343809.92
V60: AGUINALDO 2021 | Z60: =+AA44 -> 166147.9
Z62: =SUM(Z57:Z61) -> 2567467.8
Z64: =+Z55-Z62 -> -638960.82
X66: ITEM | Y66: EVENTUAL
X67: PRESUPUESTO VIGENTE | Y67: TOTAL CONTRATOS | Z67: TOTAL
V68: Aguinaldos | X68: =AA10 -> 19535 | Y68: 0 | Z68: =X68+Y68 -> 19535
V69: Asignaciones Familiares | X69: 0 | Y69: 0 | Z69: =X69+Y69 -> 0
V70: Sueldos | X70: =U10 -> 234420 | Y70: 0 | Z70: =X70+Y70 -> 234420
V71: Personal Eventual | X71: 0 | Y71: =U12+U13+U14+U16+U18+U19+U20+U21+U22+U24+U25+U26+U27+U28+U29+U31+U32+U33+U34+U36+U37+U38+U40+U41+U42 -> 1823090 | Z71: =X71+Y71 -> 1823090
V72: Régimen de Corto Plazo (Salud) | X72: =V10 -> 23442 | Y72: =V12+V13+V14+V16+V18+V19+V20+V21+V22+V24+V25+V26+V27+V28+V29+V31+V32+V33+V34+V36+V37+V38+V40+V41+V42 -> 182309 | Z72: =X72+Y72 -> 205751
V73: PRIMA DE RIESGO PROFESIONAL RÉGIMEN DE LARGO PLAZO | X73: =W10 -> 4008.582 | Y73: =W12+W13+W14+W16+W18+W19+W20+W21+W22+W24+W25+W26+W27+W28+W29+W31+W32+W33+W34+W36+W37+W38+W40+W41+W42 -> 31174.839 | Z73: =X73+Y73 -> 35183.421
V74: Aporte Patronal Solidario 3% | X74: =X10 -> 7032.6 | Y74: =X12+X13+X14+X16+X18+X19+X20+X21+X22+X24+X25+X26+X27+X28+X29+X31+X32+X33+X34+X36+X37+X38+X40+X41+X42 -> 54692.7 | Z74: =X74+Y74 -> 61725.3
V75: Aporte Patronal para Vivienda | X75: =Y10 -> 4688.4 | Y75: =Y12+Y13+Y14+Y16+Y18+Y19+Y20+Y21+Y22+Y24+Y25+Y26+Y27+Y28+Y29+Y31+Y32+Y33+Y34+Y36+Y37+Y38+Y40+Y41+Y42 -> 36461.8 | Z75: =X75+Y75 -> 41150.2
V76: Otras Previsiones (EVENTUAL) | Y76: =AA12+AA13+AA14+AA16+AA18+AA19+AA20+AA21+AA22+AA24+AA25+AA27+AA26+AA28+AA29+AA31+AA32+AA33+AA34+AA36+AA37+AA38+AA40+AA41+AA42 -> 146612.9 | Z76: =X76+Y76 -> 146612.9
X77: =SUM(X68:X76) -> 293126.58 | Y77: =SUM(Y68:Y76) -> 2274341.2 | Z77: =SUM(Z68:Z76) -> 2567467.8 | AA77: 1928507 | AB77: =Z77-AA77 -> 638960.82

Sheet ESCALA SALARIAL-PROPUESTA
B6: ESCALA SALARIAL MAESTRA PROPUESTA
B7: FONDO DE FINANCIAMIENTO PARA LA MINERIA
B8: (Expresado en Bolivianos)
B9: ENTIDAD: | C9: 130 FONDO DE FINANCIAMIENTO PARA LA MINERIA
B10: FUENTE: | C10: 20 "RECURSOS ESPECÍFICOS"
B11: ORGANISMO FINANCIADOR: | C11: 230 "OTROS RECURSOS ESPECÍFICOS"
B12: GASTOS: | C12: CORRIENTE
B13: CATEGORIA | C13: NIVEL SALARIAL | D13: DENOMINACION DEL PUESTO | E13: No. DE ITEMS | F13: N° DE CASOS | G13: SUELDO O HABER MENSUAL | H13: COSTO MENSUAL
B14: EJECUTIVO | C14: 7 | D14: ESPECIALISTA II | F14: 1 | G14: 16958 | H14: =F14*G14 -> 16958
B15: OPERATIVO | C15: 11 | D15: RESPONSABLE IV | F15: 3 | G15: 13738 | H15: =F15*G15 -> 41214
C16: 15 | D16: PROFESIONAL VII | F16: 3 | G16: 10693 | H16: =F16*G16 -> 32079
C17: 17 | D17: PROFESIONAL IX | F17: 5 | G17: 9282 | H17: =F17*G17 -> 46410
C18: 18 | D18: TECNICO IV | F18: 1 | G18: 8950 | H18: =F18*G18 -> 8950
C19: 19 | D19: TECNICO V | F19: 2 | G19: 7722 | H19: =F19*G19 -> 15444
C20: 20 | D20: TECNICO VI | F20: 5 | G20: 7204 | H20: =F20*G20 -> 36020
C21: 21 | D21: ADMINISTRATIVO I | F21: 2 | G21: 5971 | H21: =F21*G21 -> 11942
C22: 22 | D22: ADMINISTRATIVO II | F22: 1 | G22: 5494 | H22: =F22*G22 -> 5494
C23: 25 | D23: AUXILIAR I | F23: 3 | G23: 4009 | H23: =F23*G23 -> 12027
C24: 26 | D24: AUXILIAR II | F24: 1 | G24: 3340 | H24: =F24*G24 -> 3340
C25: TOTAL NUMERO DE ITEMS | E25: 0 | F25: =SUM(F14:F24) -> 27
C26: TOTAL COSTO MENSUAL | H26: =SUM(H14:H24) -> 229878
C27: TOTAL COSTO ANUAL | H27: =H26*12 -> 2758536

Sheet ESTRUCTURA DE CARGOS
B2: FOFIM POA 2024 (Expresada en Bolivianos)
B3: ESTRUCTURA DE CARGOS-FOFIM 2024-PROPUESTA
B5: DENOMINACION DE PUESTO | C5: DESCRIPCION DEL PUESTO | D5: TIPO | E5: GESTION | F5: CATEGORIA | G5: HABER BASICO | H5: SALUD (10%) | I5: PRIMA RIESGO PROFESONAL(1.71%) | J5: PATRONAL (3%) | K5: VIVIENDA(2%)
B7: Especialista II | C7: Director General Ejecutivo | D7: E | E7: 2024 | F7: EJECUTIVO | G7: ='ESCALA SALARIAL-PROPUESTA'!G14 -> 16958 | H7: =G7*0.1 -> 1695.8 | I7: =G7*0.0171 -> 289.9818 | J7: =G7*0.03 -> 508.74 | K7: =G7*0.02 -> 339.16
B8: DIRECCION GENERAL EJECUTIVA | H8: =G8*0.1 -> 0 | I8: =G8*0.0171 -> 0 | J8: =G8*0.03 -> 0 | K8: =G8*0.02 -> 0
B9: Profesional VII | C9: Responsable de la Unida de Auditoria Interna | D9: E | E9: 2024 | F9: OPERATIVO | G9: 10693 | H9: =G9*0.1 -> 1069.3 | I9: =G9*0.0171 -> 182.8503 | J9: =G9*0.03 -> 320.79 | K9: =G9*0.02 -> 213.86
B10: Administrativo I | C10: Profesional en Transparencia y Lucha contra la Corrupcion | D10: E | E10: 2024 | F10: OPERATIVO | G10: 5971 | H10: =G10*0.1 -> 597.1 | I10: =G10*0.0171 -> 102.1041 | J10: =G10*0.03 -> 179.13 | K10: =G10*0.02 -> 119.42
B11: Tecnico VI | C11: Profesional en Planificacion Institucional | D11: E | E11: 2024 | F11: OPERATIVO | G11: =6906+298 -> 7204 | H11: =G11*0.1 -> 720.4 | I11: =G11*0.0171 -> 123.1884 | J11: =G11*0.03 -> 216.12 | K11: =G11*0.02 -> 144.08
B12: Tecnico VI | C12: Profesional en Comunicación Institucional | D12: E | E12: 2024 | F12: OPERATIVO | G12: =6906+298 -> 7204 | H12: =G12*0.1 -> 720.4 | I12: =G12*0.0171 -> 123.1884 | J12: =G12*0.03 -> 216.12 | K12: =G12*0.02 -> 144.08
B13: Auxiliar I | C13: Secretaria de DGE | D13: E | E13: 2024 | F13: OPERATIVO | G13: 4009 | H13: =G13*0.1 -> 400.9 | I13: =G13*0.0171 -> 68.5539 | J13: =G13*0.03 -> 120.27 | K13: =G13*0.02 -> 80.18
B14: Auxiliar I | C14: Chofer Mensajero DGE | D14: E | E14: 2024 | F14: OPERATIVO | G14: 4009 | H14: =G14*0.1 -> 400.9 | I14: =G14*0.0171 -> 68.5539 | J14: =G14*0.03 -> 120.27 | K14: =G14*0.02 -> 80.18
B15: DIRECCIÓN DE ASUNTOS JURIDICOS | H15: =G15*0.1 -> 0 | I15: =G15*0.0171 -> 0 | J15: =G15*0.03 -> 0 | K15: =G15*0.02 -> 0
B16: Responsable IV | C16: Director de Asuntos Juridicos | D16: E | E16: 2024 | F16: OPERATIVO | G16: 13738 | H16: =G16*0.1 -> 1373.8 | I16: =G16*0.0171 -> 234.9198 | J16: =G16*0.03 -> 412.14 | K16: =G16*0.02 -> 274.76
B17: Tecnico IV | C17: Profesional en Analisis Juridico | D17: E | E17: 2024 | F17: OPERATIVO | G17: 8950 | H17: =G17*0.1 -> 895 | I17: =G17*0.0171 -> 153.045 | J17: =G17*0.03 -> 268.5 | K17: =G17*0.02 -> 179
B18: Tecnico VI | C18: Profesional en Gestion Juridica | D18: E | E18: 2024 | F18: OPERATIVO | G18: =6906+298 -> 7204 | H18: =G18*0.1 -> 720.4 | I18: =G18*0.0171 -> 123.1884 | J18: =G18*0.03 -> 216.12 | K18: =G18*0.02 -> 144.08
B19: Administrativo II | C19: Tecnico Abogado Procurador | D19: E | E19: 2024 | F19: OPERATIVO | G19: 5494 | H19: =G19*0.1 -> 549.4 | I19: =G19*0.0171 -> 93.9474 | J19: =G19*0.03 -> 164.82 | K19: =G19*0.02 -> 109.88
B20: DIRECCIÓN ADMINISTRATIVA FINANCIERA | H20: =G20*0.1 -> 0 | I20: =G20*0.0171 -> 0 | J20: =G20*0.03 -> 0 | K20: =G20*0.02 -> 0
B21: Responsable IV | C21: Director Administrativo Financiero | D21: E | E21: 2024 | F21: OPERATIVO | G21: 13738 | H21: =G21*0.1 -> 1373.8 | I21: =G21*0.0171 -> 234.9198 | J21: =G21*0.03 -> 412.14 | K21: =G21*0.02 -> 274.76
B22: Profesional IX | C22: Profesional Presupuesto Contable | D22: E | E22: 2024 | F22: OPERATIVO | G22: 9282 | H22: =G22*0.1 -> 928.2 | I22: =G22*0.0171 -> 158.7222 | J22: =G22*0.03 -> 278.46 | K22: =G22*0.02 -> 185.64
B23: Tecnico VI | C23: Profesional Administrativo y Recursos Humanos | D23: E | E23: 2024 | F23: OPERATIVO | G23: =6906+298 -> 7204 | H23: =G23*0.1 -> 720.4 | I23: =G23*0.0171 -> 123.1884 | J23: =G23*0.03 -> 216.12 | K23: =G23*0.02 -> 144.08
B24: Tecnico VI | C24: Tecnico en Sistemas y Soporte Tecnico | D24: E | E24: 2024 | F24: OPERATIVO | G24: =6906+298 -> 7204 | H24: =G24*0.1 -> 720.4 | I24: =G24*0.0171 -> 123.1884 | J24: =G24*0.03 -> 216.12 | K24: =G24*0.02 -> 144.08
B25: Administrativo I | C25: Tecnico de Almacenes, Activos Fijos y Contrataciones | D25: E | E25: 2024 | F25: OPERATIVO | G25: 5971 | H25: =G25*0.1 -> 597.1 | I25: =G25*0.0171 -> 102.1041 | J25: =G25*0.03 -> 179.13 | K25: =G25*0.02 -> 119.42
B26: Auxiliar II | C26: Auxiliar de Limpieza | D26: E | E26: 2024 | F26: OPERATIVO | G26: 3340 | H26: =G26*0.1 -> 334 | I26: =G26*0.0171 -> 57.114 | J26: =G26*0.03 -> 100.2 | K26: =G26*0.02 -> 66.8
B27: DIRECCION INTEGRAL DE PRÉSTAMOS | H27: =G27*0.1 -> 0 | I27: =G27*0.0171 -> 0 | J27: =G27*0.03 -> 0 | K27: =G27*0.02 -> 0
B28: Responsable IV | C28: Director Integral de Prestamos | D28: E | E28: 2024 | F28: OPERATIVO | G28: 13738 | H28: =G28*0.1 -> 1373.8 | I28: =G28*0.0171 -> 234.9198 | J28: =G28*0.03 -> 412.14 | K28: =G28*0.02 -> 274.76
B29: Profesional VII | C29: Responsable de la Unidad Tecnica de Préstamos | D29: E | E29: 2024 | F29: OPERATIVO | G29: 10693 | H29: =G29*0.1 -> 1069.3 | I29: =G29*0.0171 -> 182.8503 | J29: =G29*0.03 -> 320.79 | K29: =G29*0.02 -> 213.86
B30: Profesional VII | C30: Responsable de la Unidad Tecnica de Proyectos | D30: E | E30: 2024 | F30: OPERATIVO | G30: 10693 | H30: =G30*0.1 -> 1069.3 | I30: =G30*0.0171 -> 182.8503 | J30: =G30*0.03 -> 320.79 | K30: =G30*0.02 -> 213.86
B31: Profesional IX | C31: Profesional Ingeniero Geólogo | D31: E | E31: 2024 | F31: OPERATIVO | G31: 9282 | H31: =G31*0.1 -> 928.2 | I31: =G31*0.0171 -> 158.7222 | J31: =G31*0.03 -> 278.46 | K31: =G31*0.02 -> 185.64
B32: Profesional IX | C32: Profesional Ingeniero Metalurgista | D32: E | E32: 2024 | F32: OPERATIVO | G32: 9282 | H32: =G32*0.1 -> 928.2 | I32: =G32*0.0171 -> 158.7222 | J32: =G32*0.03 -> 278.46 | K32: =G32*0.02 -> 185.64
B33: Profesional IX | C33: Profesional Ingeniero Minero | D33: E | E33: 2024 | F33: OPERATIVO | G33: 9282 | H33: =G33*0.1 -> 928.2 | I33: =G33*0.0171 -> 158.7222 | J33: =G33*0.03 -> 278.46 | K33: =G33*0.02 -> 185.64
B34: Profesional IX | C34: Profesional en Prestamos y Cobranzas | D34: E | E34: 2024 | F34: OPERATIVO | G34: 9282 | H34: =G34*0.1 -> 928.2 | I34: =G34*0.0171 -> 158.7222 | J34: =G34*0.03 -> 278.46 | K34: =G34*0.02 -> 185.64
B35: Tecnico V | C35: Tecnico en Prestamos y Cobranzas | D35: E | E35: 2024 | F35: OPERATIVO | G35: 7722 | H35: =G35*0.1 -> 772.2 | I35: =G35*0.0171 -> 132.0462 | J35: =G35*0.03 -> 231.66 | K35: =G35*0.02 -> 154.44
B36: Tecnico V | C36: Tecnico Economista | D36: E | E36: 2024 | F36: OPERATIVO | G36: 7722 | H36: =G36*0.1 -> 772.2 | I36: =G36*0.0171 -> 132.0462 | J36: =G36*0.03 -> 231.66 | K36: =G36*0.02 -> 154.44
B37: Auxiliar I | C37: Chofer Mensajero Operaciones Crediticias | D37: E | E37: 2024 | F37: OPERATIVO | G37: 4009 | H37: =G37*0.1 -> 400.9 | I37: =G37*0.0171 -> 68.5539 | J37: =G37*0.03 -> 120.27 | K37: =G37*0.02 -> 80.18
B38: TOTAL DE ITEM Y CASOS | D38: 27 | H38: =SUM(H7:H37) -> 22987.8 | I38: =SUM(I7:I37) -> 3930.9138 | J38: =SUM(J7:J37) -> 6896.34 | K38: =SUM(K7:K37) -> 4597.56
B39: COSTO MENSUAL | G39: =G7+G9+G10+G11+G12+G13+G14+G16+G17+G18+G19+G21+G22+G23+G24+G25+G26+G28+G29+G30+G31+G32+G33+G34+G35+G36+G37 -> 229878 | H39: =G39*0.1 -> 22987.8 | I39: =G39*0.0171 -> 3930.9138 | J39: =G39*0.03 -> 6896.34 | K39: =G39*0.02 -> 4597.56
B40: COSTO ANUAL | G40: =G39*12 -> 2758536 | H40: =G40*0.1 -> 275853.6 | I40: =G40*0.0171 -> 47170.966 | J40: =G40*0.03 -> 82756.08 | K40: =G40*0.02 -> 55170.72

Sheet ESCALA SALARIAL
A1: ESCALA SALARIAL DEL PERSONAL EVENTUAL
A2: ENTIDAD
A3: (Expresado en Bolivianos)
A5: ENTIDAD: | B5: CODIGO DE ENTIDAD - NOMBRE DE ENTIDAD
A6: FUENTE: | B6: CODIGO DE RECURSO - NOMBRE DEL RECURSO
A7: ORG. FINANCIADOR: | B7: CODIGO DEL ORGANISMO - NOMBRE DEL ORGANISMO
A8: GASTOS: | B8: TIPO DE GASTO
A10: CATEGORIA | B10: NIVEL SALARIAL | C10: DENOMINACION DEL PUESTO | D10: FRECUENCIA | E10: SUELDO O HABER BÁSICO | F10: COSTO MENSUAL
A11: EJECUTIVO | B11: 1 | C11: DIRECTOR GENERAL EJECUTIVO | D11: 1 | E11: 13500 | F11: =D11*E11 -> 13500
B12: 2 | C12: DIRECTOR | D12: 3 | E12: 11200 | F12: =D12*E12 -> 33600
A13: OPERATIVO | B13: 3 | C13: JEFE DE UNIDAD | D13: 3 | E13: 10100 | F13: =D13*E13 -> 30300
B14: 4 | C14: PROFESIONAL I | D14: 5 | E14: 9800 | F14: =D14*E14 -> 49000
B15: 5 | C15: PROFESIONAL II | D15: 1 | E15: 8950 | F15: =D15*E15 -> 8950
B16: 6 | C16: TECNICO I | D16: 2 | E16: 7722 | F16: =D16*E16 -> 15444
B17: 7 | C17: TECNICO II | D17: 5 | E17: 7204 | F17: =D17*E17 -> 36020
B18: 8 | C18: ADMINISTRATIVO I | D18: 2 | E18: 5971 | F18: =D18*E18 -> 11942
B19: 9 | C19: ADMINISTRATIVO II | D19: 1 | E19: 5494 | F19: =D19*E19 -> 5494
B20: 10 | C20: AUXILIAR I | D20: 3 | E20: 4009 | F20: =D20*E20 -> 12027
B21: 11 | C21: AUXILIAR II | D21: 1 | E21: 3340 | F21: =D21*E21 -> 3340
B22: TOTAL COSTO MENSUAL | D22: =SUM(D11:D21) -> 27 | E22: =SUM(E11:E21) -> 87290 | F22: =SUM(F11:F21) -> 219617
B23: TOTAL COSTO ANUAL | F23: =F22*12 -> 2635404
B24: TOTAL COSTO ANUAL MAS COLATERALES | F24: =(F23*0.1671)+F23 -> 3075780

Sheet EQUIVALENCIA
A1: NOMBRE DE LA INSTITUCION CABEZA DE SECTOR
A2: NOMBRE DE LA ENTIDAD
A3: CUADRO GENERICO DE EQUIVALENCIAS PARA EL PERSONAL EVENTUAL
A5: CATEGORIA | B5: NIVEL | C5: ='ESCALA SALARIAL'!D10 -> FRECUENCIA | D5: ='ESCALA SALARIAL'!C10 -> DENOMINACION DEL PUESTO | E5: HABER MENSUAL Bs. | F5: HOMOLOGACIÓN DE FUNCIONES | G5: REQUISITOS MÍNIMOS PARA EL CARGO EQUIVALENCIA DE FUNCIONES
G6: FORMACIÓN ACADEMICA | H6: EXPERIENCIA GENERAL | I6: EXPERIENCIA ESPECÍFICA
A8: EJECUTIVO | B8: 1 | C8: 1 | D8: ='ESCALA SALARIAL'!C11 -> DIRECTOR GENERAL EJECUTIVO | E8: ='ESCALA SALARIAL'!E11 -> 13500 | F8: - | G8: NO APLICA | H8: NO APLICA | I8: NO APLICA
A9: EJECUTIVO | B9: 2 | C9: 3 | D9: ='ESCALA SALARIAL'!C12 -> DIRECTOR | E9: ='ESCALA SALARIAL'!E12 -> 11200 | F9: Dirigir, administrar, planificar, organizar, coordinar, y ejecutar todas acciones y actividades de caracter institucional en el marco de sus competencias y establecidos en el contrato…. | G9: Licenciatura con Título Profesional y/o Provisión Nacional en el área respectiva (Deseable con Maestría y/o Postgrado) | H9: Cinco (5)años a partir de la de la emisión del Título Profesional y/o Provisión Nacional | I9: Cuatro (4) años de experiencia laboral en cargos similares en el sector publico y/o privado acreditada a partir de la de la emisión del Título Profesional y/o Provisión Nacional
A10: OPERATIVO | B10: 3 | C10: 3 | D10: ='ESCALA SALARIAL'!C13 -> JEFE DE UNIDAD | E10: ='ESCALA SALARIAL'!E13 -> 10100 | G10: Licenciatura con Título Profesional y/o Provisión Nacional en el área respectiva (Deseable con Maestría y/o Postgrado) | H10: Cuatro (4) años a partir de la de la emisión del Título Profesional y/o Provisión Nacional | I10: Tres (3) años de experiencia laboral en cargos similares en el sector publico y/o privado acreditada a partir de la de la emisión del Título Profesional y/o Provisión Nacional
A11: OPERATIVO | B11: 4 | C11: 5 | D11: ='ESCALA SALARIAL'!C14 -> PROFESIONAL I | E11: ='ESCALA SALARIAL'!E14 -> 9800 | G11: Licenciatura con Título Profesional y/o Provisión Nacional en el área respectiva (Deseable con Maestría y/o Postgrado) | H11: Cuatro (4) años a partir de la de la emisión del Título Profesional y/o Provisión Nacional | I11: Dos (2) años de experiencia laboral en cargos similares en el sector publico y/o privado acreditadaa partir de la de la emisión del Título Profesional y/o Provisión Naciona
A12: OPERATIVO | B12: 5 | C12: 1 | D12: ='ESCALA SALARIAL'!C15 -> PROFESIONAL II | E12: ='ESCALA SALARIAL'!E15 -> 8950 | G12: Licenciatura con Título Profesional y/o Provisión Nacional en el área respectiva. | H12: Tres (3) años a partir de la de la emisión del Título Profesional y/o Provisión Nacional | I12: Un (2) años de experiencia laboral en cargos similares en el sector publico y/o privado acreditada a partir de la de la emisión del Título Profesional y/o Provisión Nacional
A13: OPERATIVO | B13: 6 | C13: 2 | D13: ='ESCALA SALARIAL'!C16 -> TECNICO I | E13: ='ESCALA SALARIAL'!E16 -> 7722 | G13: Licenciatura con Título Profesional y/o Provisión Nacional en el área respectiva. | H13: Dos (2)años a partir de la de la emisión del Título Profesional y/o Provisión Nacional | I13: Un (1) año de experiencia laboral en cargos similares en el sector publico y/o privado acreditada a partir de la de la emisión del Título Profesional y/o Provisión Nacional
A14: OPERATIVO | B14: 7 | C14: 5 | D14: ='ESCALA SALARIAL'!C17 -> TECNICO II | E14: ='ESCALA SALARIAL'!E17 -> 7204 | G14: Licenciatura con Título Profesional y/o Provisión Nacional, o Técnico Superior en el área respectiva. | H14: Dos (2) años a partir de la de la emisión del Título. | I14: Un (1) año de experiencia laboral en cargos similares en el área sector publico y/o privado acreditada a partir de la de la emisión del Título.
A15: OPERATIVO | B15: 8 | C15: 2 | D15: ='ESCALA SALARIAL'!C18 -> ADMINISTRATIVO I | E15: ='ESCALA SALARIAL'!E18 -> 5971 | F15: Analizar, seguimiento y apoyo en el marco de sus funciones establecidas en el contrato y …. | G15: Tecnico Superior o Egresado de Carrera Universitaria debidamente acreditada en el area respectiva. | H15: Dos (2) años a partir de la emisión del título o certificado de egreso | I15: Diez (10) meses de experiencia laboral en cargos similares en el área sector publico y/o privado acreditada a partir de la emisión del título o certificado de egreso.
A16: OPERATIVO | B16: 9 | C16: 1 | D16: ='ESCALA SALARIAL'!C19 -> ADMINISTRATIVO II | E16: ='ESCALA SALARIAL'!E19 -> 5494 | G16: Técnico Medio, o estudiante universitario de tercer año mínimo en el área respectiva | H16: Dos (2) años a partir de la emisión del certificado. | I16: Diez (1) año de experiencia laboral en cargos similares en el área sector publico y/o privado acreditada a partir de la emisión del certificado.
A17: OPERATIVO | B17: 10 | C17: 3 | D17: ='ESCALA SALARIAL'!C20 -> AUXILIAR I | E17: ='ESCALA SALARIAL'!E20 -> 4009 | G17: Bachiller en humanidades | H17: Un (1) año a partir de la emisión del título | I17: Seis (6) meses de experiencia laboral en cargos similares en el área sector publico y/o privado acreditada a partir de la emisión del título
A18: OPERATIVO | B18: 11 | C18: 1 | D18: ='ESCALA SALARIAL'!C21 -> AUXILIAR II | E18: ='ESCALA SALARIAL'!E21 -> 3340 | F18: Seguimiento y apoyo en el marco de sus funciones establecidas en el contrato ….. | G18: Bachiller en humanidades
A20: El nivel 1, es considerado de Libre Nombramiento designada mediante Resolución Supremay será elegido de una terna elevada por el Directorio.
A21: El nivel 10, en el caso de contratación de Chofer, mínimamente debera contar con la licencia de conducir Categoría C y 6 meses de experiencia.
A24: FIRMA Y SELLO RRHH | D24: FIRMA Y SELLO DAF | F24: FIRMA Y SELLO DAJ | G24: FIRMA Y SELLO MAE

Sheet CUADRO COMPARATIVO
B3: FONDO DE FINANCIAMIENTO PARA LA MINERIA
B4: (EXPRESADO EN BOLIVIANOS)
B5: PLANILLA SALARIAL GESTION 2023-2024-COMPARATIVO
B7: DENOMINACIÓN DEL PUESTO | C7: DESCRIPCIÓN DE PUESTO | D7: GESTION | E7: CATEGORIA | F7: HABER BASICO | G7: MES DEL AÑO | S7: DIAS | T7: MESES | U7: MONTO ANUAL | V7: APORTES PATRONALES | Z7: TOTAL | AB7: ='[1]PLANILLA SALARIAL '!B5 -> DENOMINACIÓN DEL PUESTO | AC7: ='[1]PLANILLA SALARIAL '!C5 -> DESCRIPCIÓN DE PUESTO | AD7: ='[1]PLANILLA SALARIAL '!E5 -> GESTION | AE7: ='[1]PLANILLA SALARIAL '!F5 -> CATEGORIA | AF7: ='[1]PLANILLA SALARIAL '!G5 -> HABER BASICO | AG7: MESES | AH7: MONTO ANUAL | AI7: APORTES PATRONALES | AM7: TOTAL
G8: ENE | H8: FEB | I8: MAR | J8: ABR | K8: MAY | L8: JUN | M8: JUL | N8: AGO | O8: SEP | P8: OCT | Q8: NOV | R8: DIC | V8: SALUD (10%) | W8: PRIMA RIESGO PROFESONAL(1.71%) | X8: PATRONAL (3%) | Y8: VIVIENDA(2%) | AI8: SALUD (10%) | AJ8: PRIMA RIESGO PROFESONAL(1.71%) | AK8: PATRONAL (3%) | AL8: VIVIENDA(2%)
B9: ='ESTRUCTURA DE CARGOS'!B7 -> Especialista II | C9: ='ESTRUCTURA DE CARGOS'!C7 -> Director General Ejecutivo | D9: 2024 | E9: EJECUTIVO | F9: ='ESTRUCTURA DE CARGOS'!G7 -> 16958 | G9: 30 | H9: 30 | I9: 30 | J9: 30 | K9: 30 | L9: 30 | M9: 30 | N9: 30 | O9: 30 | P9: 30 | Q9: 30 | R9: 30 | S9: =SUM(G9:R9) -> 360 | T9: =+S9/30 -> 12 | U9: =ROUND(PRODUCT(F9*T9),0) -> 203496 | V9: =U9*0.1 -> 20349.6 | W9: =U9*0.0171 -> 3479.7816 | X9: =U9*0.03 -> 6104.88 | Y9: =U9*0.02 -> 4069.92 | Z9: =SUM(U9:Y9) -> 237500.18 | AB9: ='[1]PLANILLA SALARIAL '!B7 -> Especialista II | AC9: ='[1]PLANILLA SALARIAL '!C7 -> Director General Ejecutivo | AD9: ='[1]PLANILLA SALARIAL '!E7 -> 2023 | AE9: ='[1]PLANILLA SALARIAL '!F7 -> EJECUTIVO | AF9: ='[1]PLANILLA SALARIAL '!G7 -> 16958 | AG9: 12 | AH9: =AF9*AG9 -> 203496 | AI9: =AH9*0.1 -> 20349.6 | AJ9: =AH9*0.0171 -> 3479.7816 | AK9: =AH9*0.03 -> 6104.88 | AL9: =AH9*0.02 -> 4069.92 | AM9: =SUM(AH9:AL9) -> 237500.18
B10: ='ESTRUCTURA DE CARGOS'!B9 -> Profesional VII | C10: ='ESTRUCTURA DE CARGOS'!C9 -> Responsable de la Unida de Auditoria Interna | D10: 2024 | E10: OPERATIVO | F10: ='ESTRUCTURA DE CARGOS'!G9 -> 10693 | G10: 30 | H10: 30 | I10: 30 | J10: 30 | K10: 30 | L10: 30 | M10: 30 | N10: 30 | O10: 30 | P10: 30 | Q10: 30 | R10: 30 | S10: =SUM(G10:R10) -> 360 | T10: =+S10/30 -> 12 | U10: =ROUND(PRODUCT(F10*T10),0) -> 128316 | V10: =U10*0.1 -> 12831.6 | W10: =U10*0.0171 -> 2194.2036 | X10: =U10*0.03 -> 3849.48 | Y10: =U10*0.02 -> 2566.32 | Z10: =SUM(U10:Y10) -> 149757.6 | AB10: ='[1]PLANILLA SALARIAL '!B8 -> Profesional VII | AC10: ='[1]PLANILLA SALARIAL '!C8 -> Responsable de la Unida de Auditoria Interna | AD10: ='[1]PLANILLA SALARIAL '!E8 -> 2023 | AE10: ='[1]PLANILLA SALARIAL '!F8 -> OPERATIVO | AF10: ='[1]PLANILLA SALARIAL '!G8 -> 10693 | AG10: 12 | AH10: =AF10*AG10 -> 128316 | AI10: =AH10*0.1 -> 12831.6 | AJ10: =AH10*0.0171 -> 2194.2036 | AK10: =AH10*0.03 -> 3849.48 | AL10: =AH10*0.02 -> 2566.32 | AM10: =SUM(AH10:AL10) -> 149757.6
B11: ='ESTRUCTURA DE CARGOS'!B10 -> Administrativo I | C11: ='ESTRUCTURA DE CARGOS'!C10 -> Profesional en Transparencia y Lucha contra la Corrupcion | D11: 2024 | E11: OPERATIVO | F11: ='ESTRUCTURA DE CARGOS'!G10 -> 5971 | G11: 30 | H11: 30 | I11: 30 | J11: 30 | K11: 30 | L11: 30 | M11: 30 | N11: 30 | O11: 30 | P11: 30 | Q11: 30 | R11: 30 | S11: =SUM(G11:R11) -> 360 | T11: =+S11/30 -> 12 | U11: =ROUND(PRODUCT(F11*T11),0) -> 71652 | V11: =U11*0.1 -> 7165.2 | W11: =U11*0.0171 -> 1225.2492 | X11: =U11*0.03 -> 2149.56 | Y11: =U11*0.02 -> 1433.04 | Z11: =SUM(U11:Y11) -> 83625.049 | AB11: ='[1]PLANILLA SALARIAL '!B9 -> Tecnico VI | AC11: ='[1]PLANILLA SALARIAL '!C9 -> Profesional en Transparencia y Lucha contra la Corrupcion | AD11: ='[1]PLANILLA SALARIAL '!E9 -> 2023 | AE11: ='[1]PLANILLA SALARIAL '!F9 -> OPERATIVO | AF11: ='[1]PLANILLA SALARIAL '!G9 -> 6906 | AG11: 11 | AH11: =AF11*AG11 -> 75966 | AI11: =AH11*0.1 -> 7596.6 | AJ11: =AH11*0.0171 -> 1299.0186 | AK11: =AH11*0.03 -> 2278.98 | AL11: =AH11*0.02 -> 1519.32 | AM11: =SUM(AH11:AL11) -> 88659.919
B12: ='ESTRUCTURA DE CARGOS'!B11 -> Tecnico VI | C12: ='ESTRUCTURA DE CARGOS'!C11 -> Profesional en Planificacion Institucional | D12: 2024 | E12: OPERATIVO | F12: ='ESTRUCTURA DE CARGOS'!G11 -> 7204 | G12: 30 | H12: 30 | I12: 30 | J12: 30 | K12: 30 | L12: 30 | M12: 30 | N12: 30 | O12: 30 | P12: 30 | Q12: 30 | R12: 30 | S12: =SUM(G12:R12) -> 360 | T12: =+S12/30 -> 12 | U12: =ROUND(PRODUCT(F12*T12),0) -> 86448 | V12: =U12*0.1 -> 8644.8 | W12: =U12*0.0171 -> 1478.2608 | X12: =U12*0.03 -> 2593.44 | Y12: =U12*0.02 -> 1728.96 | Z12: =SUM(U12:Y12) -> 100893.46 | AB12: ='[1]PLANILLA SALARIAL '!B10 -> Tecnico VI | AC12: ='[1]PLANILLA SALARIAL '!C10 -> Profesional en Planificacion Institucional | AD12: ='[1]PLANILLA SALARIAL '!E10 -> 2023 | AE12: ='[1]PLANILLA SALARIAL '!F10 -> OPERATIVO | AF12: ='[1]PLANILLA SALARIAL '!G10 -> 6906 | AG12: 11 | AH12: =AF12*AG12 -> 75966 | AI12: =AH12*0.1 -> 7596.6 | AJ12: =AH12*0.0171 -> 1299.0186 | AK12: =AH12*0.03 -> 2278.98 | AL12: =AH12*0.02 -> 1519.32 | AM12: =SUM(AH12:AL12) -> 88659.919
B13: ='ESTRUCTURA DE CARGOS'!B12 -> Tecnico VI | C13: ='ESTRUCTURA DE CARGOS'!C12 -> Profesional en Comunicación Institucional | D13: 2024 | E13: OPERATIVO | F13: ='ESTRUCTURA DE CARGOS'!G12 -> 7204 | G13: 30 | H13: 30 | I13: 30 | J13: 30 | K13: 30 | L13: 30 | M13: 30 | N13: 30 | O13: 30 | P13: 30 | Q13: 30 | R13: 30 | S13: =SUM(G13:R13) -> 360 | T13: =+S13/30 -> 12 | U13: =ROUND(PRODUCT(F13*T13),0) -> 86448 | V13: =U13*0.1 -> 8644.8 | W13: =U13*0.0171 -> 1478.2608 | X13: =U13*0.03 -> 2593.44 | Y13: =U13*0.02 -> 1728.96 | Z13: =SUM(U13:Y13) -> 100893.46 | AB13: ='[1]PLANILLA SALARIAL '!B11 -> Tecnico VI | AC13: ='[1]PLANILLA SALARIAL '!C11 -> Profesional en Comunicación Institucional | AD13: ='[1]PLANILLA SALARIAL '!E11 -> 2023 | AE13: ='[1]PLANILLA SALARIAL '!F11 -> OPERATIVO | AF13: ='[1]PLANILLA SALARIAL '!G11 -> 6906 | AG13: 11 | AH13: =AF13*AG13 -> 75966 | AI13: =AH13*0.1 -> 7596.6 | AJ13: =AH13*0.0171 -> 1299.0186 | AK13: =AH13*0.03 -> 2278.98 | AL13: =AH13*0.02 -> 1519.32 | AM13: =SUM(AH13:AL13) -> 88659.919
B14: ='ESTRUCTURA DE CARGOS'!B13 -> Auxiliar I | C14: ='ESTRUCTURA DE CARGOS'!C13 -> Secretaria de DGE | D14: 2024 | E14: OPERATIVO | F14: ='ESTRUCTURA DE CARGOS'!G13 -> 4009 | G14: 30 | H14: 30 | I14: 30 | J14: 30 | K14: 30 | L14: 30 | M14: 30 | N14: 30 | O14: 30 | P14: 30 | Q14: 30 | R14: 30 | S14: =SUM(G14:R14) -> 360 | T14: =+S14/30 -> 12 | U14: =ROUND(PRODUCT(F14*T14),0) -> 48108 | V14: =U14*0.1 -> 4810.8 | W14: =U14*0.0171 -> 822.6468 | X14: =U14*0.03 -> 1443.24 | Y14: =U14*0.02 -> 962.16 | Z14: =SUM(U14:Y14) -> 56146.847 | AB14: ='[1]PLANILLA SALARIAL '!B12 -> Auxiliar I | AC14: ='[1]PLANILLA SALARIAL '!C12 -> Secretaria de DGE | AD14: ='[1]PLANILLA SALARIAL '!E12 -> 2023 | AE14: ='[1]PLANILLA SALARIAL '!F12 -> OPERATIVO | AF14: ='[1]PLANILLA SALARIAL '!G12 -> 4009 | AG14: 12 | AH14: =AF14*AG14 -> 48108 | AI14: =AH14*0.1 -> 4810.8 | AJ14: =AH14*0.0171 -> 822.6468 | AK14: =AH14*0.03 -> 1443.24 | AL14: =AH14*0.02 -> 962.16 | AM14: =SUM(AH14:AL14) -> 56146.847
B15: ='ESTRUCTURA DE CARGOS'!B14 -> Auxiliar I | C15: ='ESTRUCTURA DE CARGOS'!C14 -> Chofer Mensajero DGE | D15: 2024 | E15: OPERATIVO | F15: ='ESTRUCTURA DE CARGOS'!G14 -> 4009 | G15: 30 | H15: 30 | I15: 30 | J15: 30 | K15: 30 | L15: 30 | M15: 30 | N15: 30 | O15: 30 | P15: 30 | Q15: 30 | R15: 30 | S15: =SUM(G15:R15) -> 360 | T15: =+S15/30 -> 12 | U15: =ROUND(PRODUCT(F15*T15),0) -> 48108 | V15: =U15*0.1 -> 4810.8 | W15: =U15*0.0171 -> 822.6468 | X15: =U15*0.03 -> 1443.24 | Y15: =U15*0.02 -> 962.16 | Z15: =SUM(U15:Y15) -> 56146.847 | AB15: ='[1]PLANILLA SALARIAL '!B13 -> Auxiliar I | AC15: ='[1]PLANILLA SALARIAL '!C13 -> Chofer Mensajero DGE | AD15: ='[1]PLANILLA SALARIAL '!E13 -> 2023 | AE15: ='[1]PLANILLA SALARIAL '!F13 -> OPERATIVO | AF15: ='[1]PLANILLA SALARIAL '!G13 -> 4009 | AG15: 12 | AH15: =AF15*AG15 -> 48108 | AI15: =AH15*0.1 -> 4810.8 | AJ15: =AH15*0.0171 -> 822.6468 | AK15: =AH15*0.03 -> 1443.24 | AL15: =AH15*0.02 -> 962.16 | AM15: =SUM(AH15:AL15) -> 56146.847
B16: ='ESTRUCTURA DE CARGOS'!B16 -> Responsable IV | C16: ='ESTRUCTURA DE CARGOS'!C16 -> Director de Asuntos Juridicos | D16: 2024 | E16: OPERATIVO | F16: ='ESTRUCTURA DE CARGOS'!G16 -> 13738 | G16: 30 | H16: 30 | I16: 30 | J16: 30 | K16: 30 | L16: 30 | M16: 30 | N16: 30 | O16: 30 | P16: 30 | Q16: 30 | R16: 30 | S16: =SUM(G16:R16) -> 360 | T16: =+S16/30 -> 12 | U16: =ROUND(PRODUCT(F16*T16),0) -> 164856 | V16: =U16*0.1 -> 16485.6 | W16: =U16*0.0171 -> 2819.0376 | X16: =U16*0.03 -> 4945.68 | Y16: =U16*0.02 -> 3297.12 | Z16: =SUM(U16:Y16) -> 192403.44 | AB16: ='[1]PLANILLA SALARIAL '!B14 -> Responsable IV | AC16: ='[1]PLANILLA SALARIAL '!C14 -> Director de Asuntos Juridicos | AD16: ='[1]PLANILLA SALARIAL '!E14 -> 2023 | AE16: ='[1]PLANILLA SALARIAL '!F14 -> OPERATIVO | AF16: ='[1]PLANILLA SALARIAL '!G14 -> 13738 | AG16: 12 | AH16: =AF16*AG16 -> 164856 | AI16: =AH16*0.1 -> 16485.6 | AJ16: =AH16*0.0171 -> 2819.0376 | AK16: =AH16*0.03 -> 4945.68 | AL16: =AH16*0.02 -> 3297.12 | AM16: =SUM(AH16:AL16) -> 192403.44
B17: ='ESTRUCTURA DE CARGOS'!B17 -> Tecnico IV | C17: ='ESTRUCTURA DE CARGOS'!C17 -> Profesional en Analisis Juridico | D17: 2024 | E17: OPERATIVO | F17: ='ESTRUCTURA DE CARGOS'!G17 -> 8950 | G17: 30 | H17: 30 | I17: 30 | J17: 30 | K17: 30 | L17: 30 | M17: 30 | N17: 30 | O17: 30 | P17: 30 | Q17: 30 | R17: 30 | S17: =SUM(G17:R17) -> 360 | T17: =+S17/30 -> 12 | U17: =ROUND(PRODUCT(F17*T17),0) -> 107400 | V17: =U17*0.1 -> 10740 | W17: =U17*0.0171 -> 1836.54 | X17: =U17*0.03 -> 3222 | Y17: =U17*0.02 -> 2148 | Z17: =SUM(U17:Y17) -> 125346.54 | AB17: ='[1]PLANILLA SALARIAL '!B15 -> Tecnico VI | AC17: ='[1]PLANILLA SALARIAL '!C15 -> Profesional en Analisis Juridico | AD17: ='[1]PLANILLA SALARIAL '!E15 -> 2023 | AE17: ='[1]PLANILLA SALARIAL '!F15 -> OPERATIVO | AF17: ='[1]PLANILLA SALARIAL '!G15 -> 6906 | AG17: 11 | AH17: =AF17*AG17 -> 75966 | AI17: =AH17*0.1 -> 7596.6 | AJ17: =AH17*0.0171 -> 1299.0186 | AK17: =AH17*0.03 -> 2278.98 | AL17: =AH17*0.02 -> 1519.32 | AM17: =SUM(AH17:AL17) -> 88659.919
B18: ='ESTRUCTURA DE CARGOS'!B18 -> Tecnico VI | C18: ='ESTRUCTURA DE CARGOS'!C18 -> Profesional en Gestion Juridica | D18: 2024 | E18: OPERATIVO | F18: ='ESTRUCTURA DE CARGOS'!G18 -> 7204 | G18: 30 | H18: 30 | I18: 30 | J18: 30 | K18: 30 | L18: 30 | M18: 30 | N18: 30 | O18: 30 | P18: 30 | Q18: 30 | R18: 30 | S18: =SUM(G18:R18) -> 360 | T18: =+S18/30 -> 12 | U18: =ROUND(PRODUCT(F18*T18),0) -> 86448 | V18: =U18*0.1 -> 8644.8 | W18: =U18*0.0171 -> 1478.2608 | X18: =U18*0.03 -> 2593.44 | Y18: =U18*0.02 -> 1728.96 | Z18: =SUM(U18:Y18) -> 100893.46 | AB18: ='[1]PLANILLA SALARIAL '!B16 -> Tecnico V | AC18: ='[1]PLANILLA SALARIAL '!C16 -> Profesional en Gestion Juridica | AD18: ='[1]PLANILLA SALARIAL '!E16 -> 2023 | AE18: ='[1]PLANILLA SALARIAL '!F16 -> OPERATIVO | AF18: ='[1]PLANILLA SALARIAL '!G16 -> 7722 | AG18: 11 | AH18: =AF18*AG18 -> 84942 | AI18: =AH18*0.1 -> 8494.2 | AJ18: =AH18*0.0171 -> 1452.5082 | AK18: =AH18*0.03 -> 2548.26 | AL18: =AH18*0.02 -> 1698.84 | AM18: =SUM(AH18:AL18) -> 99135.808
B19: ='ESTRUCTURA DE CARGOS'!B19 -> Administrativo II | C19: ='ESTRUCTURA DE CARGOS'!C19 -> Tecnico Abogado Procurador | D19: 2024 | E19: OPERATIVO | F19: ='ESTRUCTURA DE CARGOS'!G19 -> 5494 | G19: 30 | H19: 30 | I19: 30 | J19: 30 | K19: 30 | L19: 30 | M19: 30 | N19: 30 | O19: 30 | P19: 30 | Q19: 30 | R19: 30 | S19: =SUM(G19:R19) -> 360 | T19: =+S19/30 -> 12 | U19: =ROUND(PRODUCT(F19*T19),0) -> 65928 | V19: =U19*0.1 -> 6592.8 | W19: =U19*0.0171 -> 1127.3688 | X19: =U19*0.03 -> 1977.84 | Y19: =U19*0.02 -> 1318.56 | Z19: =SUM(U19:Y19) -> 76944.569 | AB19: ='[1]PLANILLA SALARIAL '!B17 -> Administrativo II | AC19: ='[1]PLANILLA SALARIAL '!C17 -> Tecnico Abogado Procurador | AD19: ='[1]PLANILLA SALARIAL '!E17 -> 2023 | AE19: ='[1]PLANILLA SALARIAL '!F17 -> OPERATIVO | AF19: ='[1]PLANILLA SALARIAL '!G17 -> 5494 | AG19: 11 | AH19: =AF19*AG19 -> 60434 | AI19: =AH19*0.1 -> 6043.4 | AJ19: =AH19*0.0171 -> 1033.4214 | AK19: =AH19*0.03 -> 1813.02 | AL19: =AH19*0.02 -> 1208.68 | AM19: =SUM(AH19:AL19) -> 70532.521
B20: ='ESTRUCTURA DE CARGOS'!B21 -> Responsable IV | C20: ='ESTRUCTURA DE CARGOS'!C21 -> Director Administrativo Financiero | D20: 2024 | E20: OPERATIVO | F20: ='ESTRUCTURA DE CARGOS'!G21 -> 13738 | G20: 30 | H20: 30 | I20: 30 | J20: 30 | K20: 30 | L20: 30 | M20: 30 | N20: 30 | O20: 30 | P20: 30 | Q20: 30 | R20: 30 | S20: =SUM(G20:R20) -> 360 | T20: =+S20/30 -> 12 | U20: =ROUND(PRODUCT(F20*T20),0) -> 164856 | V20: =U20*0.1 -> 16485.6 | W20: =U20*0.0171 -> 2819.0376 | X20: =U20*0.03 -> 4945.68 | Y20: =U20*0.02 -> 3297.12 | Z20: =SUM(U20:Y20) -> 192403.44 | AB20: ='[1]PLANILLA SALARIAL '!B18 -> Responsable IV | AC20: ='[1]PLANILLA SALARIAL '!C18 -> Director Administrativo Financiero | AD20: ='[1]PLANILLA SALARIAL '!E18 -> 2023 | AE20: ='[1]PLANILLA SALARIAL '!F18 -> OPERATIVO | AF20: ='[1]PLANILLA SALARIAL '!G18 -> 13738 | AG20: 12 | AH20: =AF20*AG20 -> 164856 | AI20: =AH20*0.1 -> 16485.6 | AJ20: =AH20*0.0171 -> 2819.0376 | AK20: =AH20*0.03 -> 4945.68 | AL20: =AH20*0.02 -> 3297.12 | AM20: =SUM(AH20:AL20) -> 192403.44
B21: ='ESTRUCTURA DE CARGOS'!B22 -> Profesional IX | C21: ='ESTRUCTURA DE CARGOS'!C22 -> Profesional Presupuesto Contable | D21: 2024 | E21: OPERATIVO | F21: ='ESTRUCTURA DE CARGOS'!G22 -> 9282 | G21: 30 | H21: 30 | I21: 30 | J21: 30 | K21: 30 | L21: 30 | M21: 30 | N21: 30 | O21: 30 | P21: 30 | Q21: 30 | R21: 30 | S21: =SUM(G21:R21) -> 360 | T21: =+S21/30 -> 12 | U21: =ROUND(PRODUCT(F21*T21),0) -> 111384 | V21: =U21*0.1 -> 11138.4 | W21: =U21*0.0171 -> 1904.6664 | X21: =U21*0.03 -> 3341.52 | Y21: =U21*0.02 -> 2227.68 | Z21: =SUM(U21:Y21) -> 129996.27 | AB21: ='[1]PLANILLA SALARIAL '!B19 -> Profesional IX | AC21: ='[1]PLANILLA SALARIAL '!C19 -> Profesional Presupuesto Contable | AD21: ='[1]PLANILLA SALARIAL '!E19 -> 2023 | AE21: ='[1]PLANILLA SALARIAL '!F19 -> OPERATIVO | AF21: ='[1]PLANILLA SALARIAL '!G19 -> 9282 | AG21: 11 | AH21: =AF21*AG21 -> 102102 | AI21: =AH21*0.1 -> 10210.2 | AJ21: =AH21*0.0171 -> 1745.9442 | AK21: =AH21*0.03 -> 3063.06 | AL21: =AH21*0.02 -> 2042.04 | AM21: =SUM(AH21:AL21) -> 119163.24
B22: ='ESTRUCTURA DE CARGOS'!B23 -> Tecnico VI | C22: ='ESTRUCTURA DE CARGOS'!C23 -> Profesional Administrativo y Recursos Humanos | D22: 2024 | E22: OPERATIVO | F22: ='ESTRUCTURA DE CARGOS'!G23 -> 7204 | G22: 30 | H22: 30 | I22: 30 | J22: 30 | K22: 30 | L22: 30 | M22: 30 | N22: 30 | O22: 30 | P22: 30 | Q22: 30 | R22: 30 | S22: =SUM(G22:R22) -> 360 | T22: =+S22/30 -> 12 | U22: =ROUND(PRODUCT(F22*T22),0) -> 86448 | V22: =U22*0.1 -> 8644.8 | W22: =U22*0.0171 -> 1478.2608 | X22: =U22*0.03 -> 2593.44 | Y22: =U22*0.02 -> 1728.96 | Z22: =SUM(U22:Y22) -> 100893.46 | AB22: ='[1]PLANILLA SALARIAL '!B20 -> Tecnico IV | AC22: ='[1]PLANILLA SALARIAL '!C20 -> Profesional Administrativo y Recursos Humanos | AD22: ='[1]PLANILLA SALARIAL '!E20 -> 2023 | AE22: ='[1]PLANILLA SALARIAL '!F20 -> OPERATIVO | AF22: ='[1]PLANILLA SALARIAL '!G20 -> 8689 | AG22: 12 | AH22: =AF22*AG22 -> 104268 | AI22: =AH22*0.1 -> 10426.8 | AJ22: =AH22*0.0171 -> 1782.9828 | AK22: =AH22*0.03 -> 3128.04 | AL22: =AH22*0.02 -> 2085.36 | AM22: =SUM(AH22:AL22) -> 121691.18
B23: ='ESTRUCTURA DE CARGOS'!B24 -> Tecnico VI | C23: ='ESTRUCTURA DE CARGOS'!C24 -> Tecnico en Sistemas y Soporte Tecnico | D23: 2024 | E23: OPERATIVO | F23: ='ESTRUCTURA DE CARGOS'!G24 -> 7204 | G23: 30 | H23: 30 | I23: 30 | J23: 30 | K23: 30 | L23: 30 | M23: 30 | N23: 30 | O23: 30 | P23: 30 | Q23: 30 | R23: 30 | S23: =SUM(G23:R23) -> 360 | T23: =+S23/30 -> 12 | U23: =ROUND(PRODUCT(F23*T23),0) -> 86448 | V23: =U23*0.1 -> 8644.8 | W23: =U23*0.0171 -> 1478.2608 | X23: =U23*0.03 -> 2593.44 | Y23: =U23*0.02 -> 1728.96 | Z23: =SUM(U23:Y23) -> 100893.46 | AB23: ='[1]PLANILLA SALARIAL '!B21 -> Tecnico VI | AC23: ='[1]PLANILLA SALARIAL '!C21 -> Tecnico en Sistemas y Soporte Tecnico | AD23: ='[1]PLANILLA SALARIAL '!E21 -> 2023 | AE23: ='[1]PLANILLA SALARIAL '!F21 -> OPERATIVO | AF23: ='[1]PLANILLA SALARIAL '!G21 -> 6906 | AG23: 12 | AH23: =AF23*AG23 -> 82872 | AI23: =AH23*0.1 -> 8287.2 | AJ23: =AH23*0.0171 -> 1417.1112 | AK23: =AH23*0.03 -> 2486.16 | AL23: =AH23*0.02 -> 1657.44 | AM23: =SUM(AH23:AL23) -> 96719.911
B24: ='ESTRUCTURA DE CARGOS'!B25 -> Administrativo I | C24: ='ESTRUCTURA DE CARGOS'!C25 -> Tecnico de Almacenes, Activos Fijos y Contrataciones | D24: 2024 | E24: OPERATIVO | F24: ='ESTRUCTURA DE CARGOS'!G25 -> 5971 | G24: 30 | H24: 30 | I24: 30 | J24: 30 | K24: 30 | L24: 30 | M24: 30 | N24: 30 | O24: 30 | P24: 30 | Q24: 30 | R24: 30 | S24: =SUM(G24:R24) -> 360 | T24: =+S24/30 -> 12 | U24: =ROUND(PRODUCT(F24*T24),0) -> 71652 | V24: =U24*0.1 -> 7165.2 | W24: =U24*0.0171 -> 1225.2492 | X24: =U24*0.03 -> 2149.56 | Y24: =U24*0.02 -> 1433.04 | Z24: =SUM(U24:Y24) -> 83625.049 | AB24: ='[1]PLANILLA SALARIAL '!B22 -> Administrativo I | AC24: ='[1]PLANILLA SALARIAL '!C22 -> Tecnico de Almacenes, Activos Fijos y Contrataciones | AD24: ='[1]PLANILLA SALARIAL '!E22 -> 2023 | AE24: ='[1]PLANILLA SALARIAL '!F22 -> OPERATIVO | AF24: ='[1]PLANILLA SALARIAL '!G22 -> 5971 | AG24: 11 | AH24: =AF24*AG24 -> 65681 | AI24: =AH24*0.1 -> 6568.1 | AJ24: =AH24*0.0171 -> 1123.1451 | AK24: =AH24*0.03 -> 1970.43 | AL24: =AH24*0.02 -> 1313.62 | AM24: =SUM(AH24:AL24) -> 76656.295
B25: ='ESTRUCTURA DE CARGOS'!B26 -> Auxiliar II | C25: ='ESTRUCTURA DE CARGOS'!C26 -> Auxiliar de Limpieza | D25: 2024 | E25: OPERATIVO | F25: ='ESTRUCTURA DE CARGOS'!G26 -> 3340 | G25: 30 | H25: 30 | I25: 30 | J25: 30 | K25: 30 | L25: 30 | M25: 30 | N25: 30 | O25: 30 | P25: 30 | Q25: 30 | R25: 30 | S25: =SUM(G25:R25) -> 360 | T25: =+S25/30 -> 12 | U25: =ROUND(PRODUCT(F25*T25),0) -> 40080 | V25: =U25*0.1 -> 4008 | W25: =U25*0.0171 -> 685.368 | X25: =U25*0.03 -> 1202.4 | Y25: =U25*0.02 -> 801.6 | Z25: =SUM(U25:Y25) -> 46777.368 | AB25: ='[1]PLANILLA SALARIAL '!B23 -> Auxiliar II | AC25: ='[1]PLANILLA SALARIAL '!C23 -> Auxiliar de Limpieza | AD25: ='[1]PLANILLA SALARIAL '!E23 -> 2023 | AE25: ='[1]PLANILLA SALARIAL '!F23 -> OPERATIVO | AF25: ='[1]PLANILLA SALARIAL '!G23 -> 3340 | AG25: 11 | AH25: =AF25*AG25 -> 36740 | AI25: =AH25*0.1 -> 3674 | AJ25: =AH25*0.0171 -> 628.254 | AK25: =AH25*0.03 -> 1102.2 | AL25: =AH25*0.02 -> 734.8 | AM25: =SUM(AH25:AL25) -> 42879.254
B26: ='ESTRUCTURA DE CARGOS'!B28 -> Responsable IV | C26: ='ESTRUCTURA DE CARGOS'!C28 -> Director Integral de Prestamos | D26: 2024 | E26: OPERATIVO | F26: ='ESTRUCTURA DE CARGOS'!G28 -> 13738 | G26: 30 | H26: 30 | I26: 30 | J26: 30 | K26: 30 | L26: 30 | M26: 30 | N26: 30 | O26: 30 | P26: 30 | Q26: 30 | R26: 30 | S26: =SUM(G26:R26) -> 360 | T26: =+S26/30 -> 12 | U26: =ROUND(PRODUCT(F26*T26),0) -> 164856 | V26: =U26*0.1 -> 16485.6 | W26: =U26*0.0171 -> 2819.0376 | X26: =U26*0.03 -> 4945.68 | Y26: =U26*0.02 -> 3297.12 | Z26: =SUM(U26:Y26) -> 192403.44 | AB26: ='[1]PLANILLA SALARIAL '!B24 -> Responsable IV | AC26: ='[1]PLANILLA SALARIAL '!C24 -> Director Integral de Prestamos | AD26: ='[1]PLANILLA SALARIAL '!E24 -> 2023 | AE26: ='[1]PLANILLA SALARIAL '!F24 -> OPERATIVO | AF26: ='[1]PLANILLA SALARIAL '!G24 -> 13738 | AG26: 12 | AH26: =AF26*AG26 -> 164856 | AI26: =AH26*0.1 -> 16485.6 | AJ26: =AH26*0.0171 -> 2819.0376 | AK26: =AH26*0.03 -> 4945.68 | AL26: =AH26*0.02 -> 3297.12 | AM26: =SUM(AH26:AL26) -> 192403.44
B27: ='ESTRUCTURA DE CARGOS'!B29 -> Profesional VII | C27: ='ESTRUCTURA DE CARGOS'!C29 -> Responsable de la Unidad Tecnica de Préstamos | D27: 2024 | E27: OPERATIVO | F27: ='ESTRUCTURA DE CARGOS'!G29 -> 10693 | G27: 30 | H27: 30 | I27: 30 | J27: 30 | K27: 30 | L27: 30 | M27: 30 | N27: 30 | O27: 30 | P27: 30 | Q27: 30 | R27: 30 | S27: =SUM(G27:R27) -> 360 | T27: =+S27/30 -> 12 | U27: =ROUND(PRODUCT(F27*T27),0) -> 128316 | V27: =U27*0.1 -> 12831.6 | W27: =U27*0.0171 -> 2194.2036 | X27: =U27*0.03 -> 3849.48 | Y27: =U27*0.02 -> 2566.32 | Z27: =SUM(U27:Y27) -> 149757.6 | AB27: ='[1]PLANILLA SALARIAL '!B25 -> Profesional VII | AC27: ='[1]PLANILLA SALARIAL '!C25 -> Responsable de la Unidad Tecnica de Préstamos | AD27: ='[1]PLANILLA SALARIAL '!E25 -> 2023 | AE27: ='[1]PLANILLA SALARIAL '!F25 -> OPERATIVO | AF27: ='[1]PLANILLA SALARIAL '!G25 -> 10693 | AG27: 11 | AH27: =AF27*AG27 -> 117623 | AI27: =AH27*0.1 -> 11762.3 | AJ27: =AH27*0.0171 -> 2011.3533 | AK27: =AH27*0.03 -> 3528.69 | AL27: =AH27*0.02 -> 2352.46 | AM27: =SUM(AH27:AL27) -> 137277.8
B28: ='ESTRUCTURA DE CARGOS'!B30 -> Profesional VII | C28: ='ESTRUCTURA DE CARGOS'!C30 -> Responsable de la Unidad Tecnica de Proyectos | D28: 2024 | E28: OPERATIVO | F28: ='ESTRUCTURA DE CARGOS'!G30 -> 10693 | G28: 30 | H28: 30 | I28: 30 | J28: 30 | K28: 30 | L28: 30 | M28: 30 | N28: 30 | O28: 30 | P28: 30 | Q28: 30 | R28: 30 | S28: =SUM(G28:R28) -> 360 | T28: =+S28/30 -> 12 | U28: =ROUND(PRODUCT(F28*T28),0) -> 128316 | V28: =U28*0.1 -> 12831.6 | W28: =U28*0.0171 -> 2194.2036 | X28: =U28*0.03 -> 3849.48 | Y28: =U28*0.02 -> 2566.32 | Z28: =SUM(U28:Y28) -> 149757.6 | AB28: ='[1]PLANILLA SALARIAL '!B26 -> Profesional VII | AC28: ='[1]PLANILLA SALARIAL '!C26 -> Responsable de la Unidad Tecnica de Proyectos | AD28: ='[1]PLANILLA SALARIAL '!E26 -> 2023 | AE28: ='[1]PLANILLA SALARIAL '!F26 -> OPERATIVO | AF28: ='[1]PLANILLA SALARIAL '!G26 -> 10693 | AG28: 11 | AH28: =AF28*AG28 -> 117623 | AI28: =AH28*0.1 -> 11762.3 | AJ28: =AH28*0.0171 -> 2011.3533 | AK28: =AH28*0.03 -> 3528.69 | AL28: =AH28*0.02 -> 2352.46 | AM28: =SUM(AH28:AL28) -> 137277.8
B29: ='ESTRUCTURA DE CARGOS'!B31 -> Profesional IX | C29: ='ESTRUCTURA DE CARGOS'!C31 -> Profesional Ingeniero Geólogo | D29: 2024 | E29: OPERATIVO | F29: ='ESTRUCTURA DE CARGOS'!G31 -> 9282 | G29: 30 | H29: 30 | I29: 30 | J29: 30 | K29: 30 | L29: 30 | M29: 30 | N29: 30 | O29: 30 | P29: 30 | Q29: 30 | R29: 30 | S29: =SUM(G29:R29) -> 360 | T29: =+S29/30 -> 12 | U29: =ROUND(PRODUCT(F29*T29),0) -> 111384 | V29: =U29*0.1 -> 11138.4 | W29: =U29*0.0171 -> 1904.6664 | X29: =U29*0.03 -> 3341.52 | Y29: =U29*0.02 -> 2227.68 | Z29: =SUM(U29:Y29) -> 129996.27 | AB29: ='[1]PLANILLA SALARIAL '!B27 -> Profesional IX | AC29: ='[1]PLANILLA SALARIAL '!C27 -> Profesional Ingeniero Geólogo | AD29: ='[1]PLANILLA SALARIAL '!E27 -> 2023 | AE29: ='[1]PLANILLA SALARIAL '!F27 -> OPERATIVO | AF29: ='[1]PLANILLA SALARIAL '!G27 -> 9282 | AG29: 11 | AH29: =AF29*AG29 -> 102102 | AI29: =AH29*0.1 -> 10210.2 | AJ29: =AH29*0.0171 -> 1745.9442 | AK29: =AH29*0.03 -> 3063.06 | AL29: =AH29*0.02 -> 2042.04 | AM29: =SUM(AH29:AL29) -> 119163.24
B30: ='ESTRUCTURA DE CARGOS'!B32 -> Profesional IX | C30: ='ESTRUCTURA DE CARGOS'!C32 -> Profesional Ingeniero Metalurgista | D30: 2024 | E30: OPERATIVO | F30: ='ESTRUCTURA DE CARGOS'!G32 -> 9282 | G30: 30 | H30: 30 | I30: 30 | J30: 30 | K30: 30 | L30: 30 | M30: 30 | N30: 30 | O30: 30 | P30: 30 | Q30: 30 | R30: 30 | S30: =SUM(G30:R30) -> 360 | T30: =+S30/30 -> 12 | U30: =ROUND(PRODUCT(F30*T30),0) -> 111384 | V30: =U30*0.1 -> 11138.4 | W30: =U30*0.0171 -> 1904.6664 | X30: =U30*0.03 -> 3341.52 | Y30: =U30*0.02 -> 2227.68 | Z30: =SUM(U30:Y30) -> 129996.27 | AB30: ='[1]PLANILLA SALARIAL '!B28 -> Profesional IX | AC30: ='[1]PLANILLA SALARIAL '!C28 -> Profesional Ingeniero Metalurgista | AD30: ='[1]PLANILLA SALARIAL '!E28 -> 2023 | AE30: ='[1]PLANILLA SALARIAL '!F28 -> OPERATIVO | AF30: ='[1]PLANILLA SALARIAL '!G28 -> 9282 | AG30: 11 | AH30: =AF30*AG30 -> 102102 | AI30: =AH30*0.1 -> 10210.2 | AJ30: =AH30*0.0171 -> 1745.9442 | AK30: =AH30*0.03 -> 3063.06 | AL30: =AH30*0.02 -> 2042.04 | AM30: =SUM(AH30:AL30) -> 119163.24
B31: ='ESTRUCTURA DE CARGOS'!B33 -> Profesional IX | C31: ='ESTRUCTURA DE CARGOS'!C33 -> Profesional Ingeniero Minero | D31: 2024 | E31: OPERATIVO | F31: ='ESTRUCTURA DE CARGOS'!G33 -> 9282 | G31: 30 | H31: 30 | I31: 30 | J31: 30 | K31: 30 | L31: 30 | M31: 30 | N31: 30 | O31: 30 | P31: 30 | Q31: 30 | R31: 30 | S31: =SUM(G31:R31) -> 360 | T31: =+S31/30 -> 12 | U31: =ROUND(PRODUCT(F31*T31),0) -> 111384 | V31: =U31*0.1 -> 11138.4 | W31: =U31*0.0171 -> 1904.6664 | X31: =U31*0.03 -> 3341.52 | Y31: =U31*0.02 -> 2227.68 | Z31: =SUM(U31:Y31) -> 129996.27 | AB31: ='[1]PLANILLA SALARIAL '!B29 -> Profesional IX | AC31: ='[1]PLANILLA SALARIAL '!C29 -> Profesional Ingeniero Minero | AD31: ='[1]PLANILLA SALARIAL '!E29 -> 2023 | AE31: ='[1]PLANILLA SALARIAL '!F29 -> OPERATIVO | AF31: ='[1]PLANILLA SALARIAL '!G29 -> 9282 | AG31: 11 | AH31: =AF31*AG31 -> 102102 | AI31: =AH31*0.1 -> 10210.2 | AJ31: =AH31*0.0171 -> 1745.9442 | AK31: =AH31*0.03 -> 3063.06 | AL31: =AH31*0.02 -> 2042.04 | AM31: =SUM(AH31:AL31) -> 119163.24
B32: ='ESTRUCTURA DE CARGOS'!B34 -> Profesional IX | C32: ='ESTRUCTURA DE CARGOS'!C34 -> Profesional en Prestamos y Cobranzas | D32: 2024 | E32: OPERATIVO | F32: ='ESTRUCTURA DE CARGOS'!G34 -> 9282 | G32: 30 | H32: 30 | I32: 30 | J32: 30 | K32: 30 | L32: 30 | M32: 30 | N32: 30 | O32: 30 | P32: 30 | Q32: 30 | R32: 30 | S32: =SUM(G32:R32) -> 360 | T32: =+S32/30 -> 12 | U32: =ROUND(PRODUCT(F32*T32),0) -> 111384 | V32: =U32*0.1 -> 11138.4 | W32: =U32*0.0171 -> 1904.6664 | X32: =U32*0.03 -> 3341.52 | Y32: =U32*0.02 -> 2227.68 | Z32: =SUM(U32:Y32) -> 129996.27 | AB32: ='[1]PLANILLA SALARIAL '!B30 -> Profesional IX | AC32: ='[1]PLANILLA SALARIAL '!C30 -> Profesional en Prestamos y Cobranzas | AD32: ='[1]PLANILLA SALARIAL '!E30 -> 2023 | AE32: ='[1]PLANILLA SALARIAL '!F30 -> OPERATIVO | AF32: ='[1]PLANILLA SALARIAL '!G30 -> 9282 | AG32: 11 | AH32: =AF32*AG32 -> 102102 | AI32: =AH32*0.1 -> 10210.2 | AJ32: =AH32*0.0171 -> 1745.9442 | AK32: =AH32*0.03 -> 3063.06 | AL32: =AH32*0.02 -> 2042.04 | AM32: =SUM(AH32:AL32) -> 119163.24
B33: ='ESTRUCTURA DE CARGOS'!B35 -> Tecnico V | C33: ='ESTRUCTURA DE CARGOS'!C35 -> Tecnico en Prestamos y Cobranzas | D33: 2024 | E33: OPERATIVO | F33: ='ESTRUCTURA DE CARGOS'!G35 -> 7722 | G33: 30 | H33: 30 | I33: 30 | J33: 30 | K33: 30 | L33: 30 | M33: 30 | N33: 30 | O33: 30 | P33: 30 | Q33: 30 | R33: 30 | S33: =SUM(G33:R33) -> 360 | T33: =+S33/30 -> 12 | U33: =ROUND(PRODUCT(F33*T33),0) -> 92664 | V33: =U33*0.1 -> 9266.4 | W33: =U33*0.0171 -> 1584.5544 | X33: =U33*0.03 -> 2779.92 | Y33: =U33*0.02 -> 1853.28 | Z33: =SUM(U33:Y33) -> 108148.15 | AB33: ='[1]PLANILLA SALARIAL '!B31 -> Tecnico V | AC33: ='[1]PLANILLA SALARIAL '!C31 -> Tecnico en Prestamos y Cobranzas | AD33: ='[1]PLANILLA SALARIAL '!E31 -> 2023 | AE33: ='[1]PLANILLA SALARIAL '!F31 -> OPERATIVO | AF33: ='[1]PLANILLA SALARIAL '!G31 -> 7722 | AG33: 11 | AH33: =AF33*AG33 -> 84942 | AI33: =AH33*0.1 -> 8494.2 | AJ33: =AH33*0.0171 -> 1452.5082 | AK33: =AH33*0.03 -> 2548.26 | AL33: =AH33*0.02 -> 1698.84 | AM33: =SUM(AH33:AL33) -> 99135.808
B34: ='ESTRUCTURA DE CARGOS'!B36 -> Tecnico V | C34: ='ESTRUCTURA DE CARGOS'!C36 -> Tecnico Economista | D34: 2024 | E34: OPERATIVO | F34: ='ESTRUCTURA DE CARGOS'!G36 -> 7722 | G34: 30 | H34: 30 | I34: 30 | J34: 30 | K34: 30 | L34: 30 | M34: 30 | N34: 30 | O34: 30 | P34: 30 | Q34: 30 | R34: 30 | S34: =SUM(G34:R34) -> 360 | T34: =+S34/30 -> 12 | U34: =ROUND(PRODUCT(F34*T34),0) -> 92664 | V34: =U34*0.1 -> 9266.4 | W34: =U34*0.0171 -> 1584.5544 | X34: =U34*0.03 -> 2779.92 | Y34: =U34*0.02 -> 1853.28 | Z34: =SUM(U34:Y34) -> 108148.15 | AB34: ='[1]PLANILLA SALARIAL '!B32 -> Tecnico V | AC34: ='[1]PLANILLA SALARIAL '!C32 -> Tecnico Economista | AD34: ='[1]PLANILLA SALARIAL '!E32 -> 2023 | AE34: ='[1]PLANILLA SALARIAL '!F32 -> OPERATIVO | AF34: ='[1]PLANILLA SALARIAL '!G32 -> 7722 | AG34: 11 | AH34: =AF34*AG34 -> 84942 | AI34: =AH34*0.1 -> 8494.2 | AJ34: =AH34*0.0171 -> 1452.5082 | AK34: =AH34*0.03 -> 2548.26 | AL34: =AH34*0.02 -> 1698.84 | AM34: =SUM(AH34:AL34) -> 99135.808
B35: ='ESTRUCTURA DE CARGOS'!B37 -> Auxiliar I | C35: ='ESTRUCTURA DE CARGOS'!C37 -> Chofer Mensajero Operaciones Crediticias | D35: 2024 | E35: OPERATIVO | F35: ='ESTRUCTURA DE CARGOS'!G37 -> 4009 | G35: 30 | H35: 30 | I35: 30 | J35: 30 | K35: 30 | L35: 30 | M35: 30 | N35: 30 | O35: 30 | P35: 30 | Q35: 30 | R35: 30 | S35: =SUM(G35:R35) -> 360 | T35: =+S35/30 -> 12 | U35: =ROUND(PRODUCT(F35*T35),0) -> 48108 | V35: =U35*0.1 -> 4810.8 | W35: =U35*0.0171 -> 822.6468 | X35: =U35*0.03 -> 1443.24 | Y35: =U35*0.02 -> 962.16 | Z35: =SUM(U35:Y35) -> 56146.847 | AB35: ='[1]PLANILLA SALARIAL '!B33 -> Auxiliar I | AC35: ='[1]PLANILLA SALARIAL '!C33 -> Chofer Mensajero Operaciones Crediticias | AD35: ='[1]PLANILLA SALARIAL '!E33 -> 2023 | AE35: ='[1]PLANILLA SALARIAL '!F33 -> OPERATIVO | AF35: ='[1]PLANILLA SALARIAL '!G33 -> 4009 | AG35: 11 | AH35: =AF35*AG35 -> 44099 | AI35: =AH35*0.1 -> 4409.9 | AJ35: =AH35*0.0171 -> 754.0929 | AK35: =AH35*0.03 -> 1322.97 | AL35: =AH35*0.02 -> 881.98 | AM35: =SUM(AH35:AL35) -> 51467.943
B36: TOTAL | F36: =SUM(F9:F35) -> 229878 | U36: =SUM(U9:U35) -> 2758536 | V36: =SUM(V9:V35) -> 275853.6 | W36: =SUM(W9:W35) -> 47170.966 | X36: =SUM(X9:X35) -> 82756.08 | Y36: =SUM(Y9:Y35) -> 55170.72 | Z36: =SUM(Z9:Z35) -> 3219487.4 | AB36: ='[1]PLANILLA SALARIAL '!B34 -> TOTAL | AF36: =SUM(AF9:AF35) -> 229878 | AH36: =SUM(AH9:AH35) -> 2621136 | AI36: =SUM(AI9:AI35) -> 262113.6 | AJ36: =SUM(AJ9:AJ35) -> 44821.426 | AK36: =SUM(AK9:AK35) -> 78634.08 | AL36: =SUM(AL9:AL35) -> 52422.72 | AM36: =SUM(AM9:AM35) -> 3059127.8

Sheet CUADRO RESUMEN
C3: HABER BASICO (MES) | D3: COLATERALES (MES) | E3: HABER BASICO (ANUAL) | F3: COLATERALES (ANUAL) | G3: TOTAL
B4: PERSONAL EVENTUAL 2023 (12 MESES) | C4: ='[1]PLANILLA SALARIAL '!$G$34 -> 229878 | D4: =C4*0.1671 -> 38412.614 | E4: 2758536 | F4: =E4*0.1671 -> 460951.37 | G4: =E4+F4 -> 3219487.4
B5: PERSONAL EVENTUAL 2023 (11 MESES) | C5: 229878 | D5: =C5*0.1671 -> 38412.614 | E5: 2621136 | F5: =E5*0.1671 -> 437991.83 | G5: =E5+F5 -> 3059127.8
B6: PERSONAL EVENTUAL 2024 (12 MESES) | C6: 229878 | D6: =C6*0.1671 -> 38412.614 | E6: 2740656 | F6: =E6*0.1671 -> 457963.62 | G6: =E6+F6 -> 3198619.6
B7: DIFERENCIA GESTION 2023-2024 | C7: =C4-C6 -> 0 | D7: =D4-D6 -> 0 | E7: =E6-E5 -> 119520 | F7: =F4-F6 -> 2987.748 | G7: =G4-G6 -> 20867.748

Sheet DIRECTOR
B3: CENTRO INTERNACIONAL DE LA QUINUA PLANILLA PRESUPUESTARIA DE PERSONAL PERMANENTE - POA 2022 (Expresada en Bolivianos)
B6: REPARTICION / CARGO | C6: GESTION | D6: UNIDAD | E6: SUELDO MENSUAL | F6: MES | R6: DIAS | S6: MESES | T6: MONTO ANUAL | U6: APORTES PATRONALES | Y6: TOTAL | Z6: AGUINALDO
F7: ENE | G7: FEB | H7: MAR | I7: ABR | J7: MAY | K7: JUN | L7: JUL | M7: AGO | N7: SEP | O7: OCT | P7: NOV | Q7: DIC | U7: SALUD | V7: PENSIONES | W7: PATRONAL | X7: VIVIENDA
B9: DIRECCION GENERAL EJECUTIVA
B11: Director General Ejecutivo | C11: 2022 | D11: Haber | E11: 18987 | F11: 30 | G11: 30 | H11: 30 | I11: 30 | J11: 30 | K11: 30 | L11: 30 | M11: 30 | N11: 30 | O11: 30 | P11: 30 | Q11: 30 | R11: =SUM(F11:Q11) -> 360 | S11: =+R11/30 -> 12 | T11: =ROUND(PRODUCT(E11*S11),0) -> 227844 | U11: =T11*0.1 -> 22784.4 | V11: =T11*0.0171 -> 3896.1324 | W11: =T11*0.03 -> 6835.32 | X11: =T11*0.02 -> 4556.88 | Y11: =SUM(T11:X11) -> 265916.73 | Z11: =+E11*R11/360 -> 18987 | AA11: =+Z11+Y11 -> 284903.73
AA12: =+Z12+Y12 -> 0
B13: Sueldo Personal | T13: =SUM(T12:T12) -> 0 | U13: =SUM(U11:U12) -> 22784.4 | V13: =SUM(V11:V12) -> 3896.1324 | W13: =SUM(W11:W12) -> 6835.32 | X13: =SUM(X11:X12) -> 4556.88 | Y13: =SUM(Y11:Y12) -> 265916.73 | Z13: =SUM(Z10:Z11) -> 18987 | AA13: =SUM(AA10:AA11) -> 284903.73
B14: TOTAL 2022: | T14: =SUM(T13:T13) -> 0 | U14: =SUM(U13:U13) -> 22784.4 | V14: =SUM(V13:V13) -> 3896.1324 | W14: =SUM(W13:W13) -> 6835.32 | X14: =SUM(X13:X13) -> 4556.88
AA19: =+Y24-AA13 -> 1643603.3
R20: =SUM(S11:S11) -> 12 | U20: AGUINALDO PERSONAL PERMANENTE | Y20: =E11 -> 18987
E21: =E11+#REF!+#REF!+#REF!+#REF!+#REF!+#REF!+#REF!+#REF!+#REF!+#REF!+#REF!+#REF!+#REF!+#REF!+#REF!+#REF!+#REF!+#REF!+#REF!+#REF!+#REF!+#REF!+#REF!+#REF!+#REF!+#REF! -> #REF! | R21: =R20/27 -> 0.44444444
E22: =E21-19535 -> #REF! | U22: TOTAL PROGRAMADO 2021 | Y22: =Y20+Y13 -> 284903.73 | Z22: aguinaldo 2021 | AA22: =V13+W13+X13+Z13 -> 34275.332
U24: TECHO PRESUPUESTARIO PARA 2021 | Y24: 1928507
U26: PERSONAL EVENTUAL | Y26: =+T13 -> 0
U27: PERSONAL PERMANENTE | Y27: =+T11 -> 227844
U28: APORTE COLATERALES | Y28: =+U13+V13+W13+X13 -> 38072.732
U29: AGUINALDO 2021 | Y29: =+Z13 -> 18987
Y31: =SUM(Y26:Y30) -> 284903.73
Y33: =+Y24-Y31 -> 1643603.3
W35: ITEM | X35: EVENTUAL
W36: PRESUPUESTO VIGENTE | X36: TOTAL CONTRATOS | Y36: TOTAL
U37: Aguinaldos | W37: =Z11 -> 18987 | X37: 0 | Y37: =W37+X37 -> 18987
U38: Asignaciones Familiares | W38: 0 | X38: 0 | Y38: =W38+X38 -> 0
U39: Sueldos | W39: =T11 -> 227844 | X39: 0 | Y39: =W39+X39 -> 227844
U40: Personal Eventual | W40: 0 | X40: =#REF!+#REF!+#REF!+#REF!+#REF!+#REF!+#REF!+#REF!+#REF!+#REF!+#REF!+#REF!+#REF!+#REF!+#REF!+#REF!+#REF!+#REF!+#REF!+#REF!+#REF!+#REF!+#REF!+#REF!+#REF!+#REF! -> #REF! | Y40: =W40+X40 -> #REF!
U41: Régimen de Corto Plazo (Salud) | W41: =U11 -> 22784.4 | X41: =#REF!+#REF!+#REF!+#REF!+#REF!+#REF!+#REF!+#REF!+#REF!+#REF!+#REF!+#REF!+#REF!+#REF!+#REF!+#REF!+#REF!+#REF!+#REF!+#REF!+#REF!+#REF!+#REF!+#REF!+#REF!+#REF! -> #REF! | Y41: =W41+X41 -> #REF!
U42: PRIMA DE RIESGO PROFESIONAL RÉGIMEN DE LARGO PLAZO | W42: =V11 -> 3896.1324 | X42: =#REF!+#REF!+#REF!+#REF!+#REF!+#REF!+#REF!+#REF!+#REF!+#REF!+#REF!+#REF!+#REF!+#REF!+#REF!+#REF!+#REF!+#REF!+#REF!+#REF!+#REF!+#REF!+#REF!+#REF!+#REF!+#REF! -> #REF! | Y42: =W42+X42 -> #REF!
U43: Aporte Patronal Solidario 3% | W43: =W11 -> 6835.32 | X43: =#REF!+#REF!+#REF!+#REF!+#REF!+#REF!+#REF!+#REF!+#REF!+#REF!+#REF!+#REF!+#REF!+#REF!+#REF!+#REF!+#REF!+#REF!+#REF!+#REF!+#REF!+#REF!+#REF!+#REF!+#REF!+#REF! -> #REF! | Y43: =W43+X43 -> #REF!
U44: Aporte Patronal para Vivienda | W44: =X11 -> 4556.88 | X44: =#REF!+#REF!+#REF!+#REF!+#REF!+#REF!+#REF!+#REF!+#REF!+#REF!+#REF!+#REF!+#REF!+#REF!+#REF!+#REF!+#REF!+#REF!+#REF!+#REF!+#REF!+#REF!+#REF!+#REF!+#REF!+#REF! -> #REF! | Y44: =W44+X44 -> #REF!
U45: Otras Previsiones (EVENTUAL) | X45: =#REF!+#REF!+#REF!+#REF!+#REF!+#REF!+#REF!+#REF!+#REF!+#REF!+#REF!+#REF!+#REF!+#REF!+#REF!+#REF!+#REF!+#REF!+#REF!+#REF!+#REF!+#REF!+#REF!+#REF!+#REF!+#REF! -> #REF! | Y45: =W45+X45 -> #REF!
W46: =SUM(W37:W45) -> 284903.73 | X46: =SUM(X37:X45) -> #REF! | Y46: =SUM(Y37:Y45) -> #REF! | Z46: 1928507 | AA46: =Y46-Z46 -> #REF!
U49: =X41+X42+X43+X44 -> #REF!

Sheet planilla salarial 2022
B2: CENTRO INTERNACIONAL DE LA QUINUA ESTRUCTURA DE PERSONAL Y PLANILLA POA 2022 (Expresada en Bolivianos)
B5: REPARTICION / CARGO | C5: T | D5: GESTION | E5: UNIDAD | F5: SUELDO MENSUAL | G5: MES | S5: DIAS | T5: MESES | U5: MONTO ANUAL | V5: APORTES PATRONALES | Z5: TOTAL | AA5: AGUINALDO
G6: ENE | H6: FEB | I6: MAR | J6: ABR | K6: MAY | L6: JUN | M6: JUL | N6: AGO | O6: SEP | P6: OCT | Q6: NOV | R6: DIC | V6: SALUD | W6: PENSIONES | X6: PATRONAL | Y6: VIVIENDA
B8: DIRECCION GENERAL EJECUTIVA
B10: Director General Ejecutivo | C10: P | D10: 2022 | E10: Haber | F10: 18987 | G10: 30 | H10: 30 | I10: 30 | J10: 30 | K10: 30 | L10: 30 | M10: 30 | N10: 30 | O10: 30 | P10: 30 | Q10: 30 | R10: 30 | S10: =SUM(G10:R10) -> 360 | T10: =+S10/30 -> 12 | U10: =ROUND(PRODUCT(F10*T10),0) -> 227844 | V10: =U10*0.1 -> 22784.4 | W10: =U10*0.0171 -> 3896.1324 | X10: =U10*0.03 -> 6835.32 | Y10: =U10*0.02 -> 4556.88 | Z10: =SUM(U10:Y10) -> 265916.73 | AA10: =+F10*S10/360 -> 18987 | AB10: =+AA10+Z10 -> 284903.73
B11: ASESORAMIENTO Y APOYO | AB11: =+AA11+Z11 -> 0
B12: PROFESIONAL IX - Asesoria Juridica y Relaciones Internacionales | C12: E | D12: 2022 | E12: Haber | F12: 9906 | G12: 26 | H12: 30 | I12: 30 | J12: 30 | K12: 30 | L12: 30 | S12: =SUM(G12:R12) -> 176 | T12: =+S12/30 -> 5.8666667 | U12: =ROUND(PRODUCT(F12*T12),0) -> 58115 | V12: =U12*0.1 -> 5811.5 | W12: =U12*0.0171 -> 993.7665 | X12: =U12*0.03 -> 1743.45 | Y12: =U12*0.02 -> 1162.3 | Z12: =SUM(U12:Y12) -> 67826.016 | AA12: =+F12*S12/360 -> 4842.9333 | AB12: =+AA12+Z12 -> 72668.95
B13: ADMINISTRATIVO II - Transparencia | C13: E | D13: 2022 | E13: Haber | F13: 4416 | S13: =SUM(G13:R13) -> 0 | T13: =+S13/30 -> 0 | U13: =ROUND(PRODUCT(F13*T13),0) -> 0 | V13: =U13*0.1 -> 0 | W13: =U13*0.0171 -> 0 | X13: =U13*0.03 -> 0 | Y13: =U13*0.02 -> 0 | Z13: =SUM(U13:Y13) -> 0 | AA13: 0 | AB13: =+AA13+Z13 -> 0
B14: Administrativo I - Secretaria Dirección General | C14: E | D14: 2022 | E14: Haber | F14: 4416 | H14: 30 | I14: 30 | J14: 30 | K14: 30 | L14: 30 | M14: 30 | N14: 30 | O14: 30 | P14: 30 | Q14: 30 | R14: 30 | S14: =SUM(G14:R14) -> 330 | T14: =+S14/30 -> 11 | U14: =ROUND(PRODUCT(F14*T14),0) -> 48576 | V14: =U14*0.1 -> 4857.6 | W14: =U14*0.0171 -> 830.6496 | X14: =U14*0.03 -> 1457.28 | Y14: =U14*0.02 -> 971.52 | Z14: =SUM(U14:Y14) -> 56693.05 | AA14: =+F14*S14/360 -> 4048 | AB14: =+AA14+Z14 -> 60741.05
B15: TECNICO IV - Técnico Comunicador | C15: E | D15: 2022 | E15: Haber | F15: 5550 | H15: 30 | I15: 30 | J15: 30 | S15: =SUM(G15:R15) -> 90 | T15: =+S15/30 -> 3 | U15: =ROUND(PRODUCT(F15*T15),0) -> 16650 | V15: =U15*0.1 -> 1665 | W15: =U15*0.0171 -> 284.715 | X15: =U15*0.03 -> 499.5 | Y15: =U15*0.02 -> 333 | Z15: =SUM(U15:Y15) -> 19432.215 | AA15: =+F15*S15/360 -> 1387.5 | AB15: =+AA15+Z15 -> 20819.715
B16: CONTROL | AB16: =+AA16+Z16 -> 0
B17: PROFESIONAL IX - Auditoria Interna | C17: E | D17: 2022 | E17: Haber | F17: 8175 | G17: 26 | H17: 30 | I17: 30 | Q17: 30 | R17: 30 | S17: =SUM(G17:R17) -> 146 | T17: =+S17/30 -> 4.8666667 | U17: =ROUND(PRODUCT(F17*T17),0) -> 39785 | V17: =U17*0.1 -> 3978.5 | W17: =U17*0.0171 -> 680.3235 | X17: =U17*0.03 -> 1193.55 | Y17: =U17*0.02 -> 795.7 | Z17: =SUM(U17:Y17) -> 46433.073 | AA17: 0 | AB17: =+AA17+Z17 -> 46433.073
B18: AREA DE PLANIFICACIÓN, MONITOREO Y EVALUACIÓN
B19: RESPONSABLE IV- Responsable de Planificacion, Monitoreo y Evaluación | C19: E | D19: 2022 | E19: Haber | F19: 9906 | G19: 26 | H19: 30 | I19: 30 | J19: 30 | K19: 30 | L19: 30 | M19: 30 | N19: 30 | O19: 30 | P19: 30 | Q19: 30 | R19: 30 | S19: =SUM(G19:R19) -> 356 | T19: =+S19/30 -> 11.866667 | U19: =ROUND(PRODUCT(F19*T19),0) -> 117551 | V19: =U19*0.1 -> 11755.1 | W19: =U19*0.0171 -> 2010.1221 | X19: =U19*0.03 -> 3526.53 | Y19: =U19*0.02 -> 2351.02 | Z19: =SUM(U19:Y19) -> 137193.77 | AA19: =+F19*S19/360 -> 9795.9333 | AB19: =+AA19+Z19 -> 146989.71
B20: TECNICO IV - de Gestión de Proyectos y Financiamiento | C20: E | D20: 2022 | E20: Haber | F20: 5550 | S20: =SUM(G20:R20) -> 0 | T20: =+S20/30 -> 0 | U20: =ROUND(PRODUCT(F20*T20),0) -> 0 | V20: =U20*0.1 -> 0 | W20: =U20*0.0171 -> 0 | X20: =U20*0.03 -> 0 | Y20: =U20*0.02 -> 0 | Z20: =SUM(U20:Y20) -> 0 | AA20: =+F20*S20/360 -> 0
B21: Tecnico IV - Civil | C21: E | D21: 2022 | E21: Haber | F21: 5550 | S21: =SUM(G21:R21) -> 0 | T21: =+S21/30 -> 0 | U21: =ROUND(PRODUCT(F21*T21),0) -> 0 | V21: =U21*0.1 -> 0 | W21: =U21*0.0171 -> 0 | X21: =U21*0.03 -> 0 | Y21: =U21*0.02 -> 0 | Z21: =SUM(U21:Y21) -> 0 | AA21: =+F21*S21/360 -> 0
B22: Tecnico IV - en Medio Ambiente y Cambio Climatico | C22: E | D22: 2022 | E22: Haber | F22: 5550 | S22: =SUM(G22:R22) -> 0 | T22: =+S22/30 -> 0 | U22: =ROUND(PRODUCT(F22*T22),0) -> 0 | V22: =U22*0.1 -> 0 | W22: =U22*0.0171 -> 0 | X22: =U22*0.03 -> 0 | Y22: =U22*0.02 -> 0 | Z22: =SUM(U22:Y22) -> 0 | AA22: =+F22*S22/360 -> 0
B23: Tecnico IV- Proyectista | C23: E | D23: 2022 | E23: Haber | F23: 5550 | S23: =SUM(G23:R23) -> 0 | T23: =+S23/30 -> 0 | U23: =ROUND(PRODUCT(F23*T23),0) -> 0 | V23: =U23*0.1 -> 0 | W23: =U23*0.0171 -> 0 | X23: =U23*0.03 -> 0 | Y23: =U23*0.02 -> 0 | Z23: =SUM(U23:Y23) -> 0 | AA23: =+F23*S23/360 -> 0
B24: AREA ADMINISTRATIVA FINANCIERA | AB24: =+AA24+Z24 -> 0
B25: RESPONSABLE IV- Responsable Administrativo Financiero | C25: E | D25: 2022 | E25: Haber | F25: 9906 | G25: 26 | H25: 30 | I25: 30 | J25: 30 | K25: 30 | L25: 30 | M25: 30 | N25: 30 | O25: 30 | P25: 30 | Q25: 30 | R25: 30 | S25: =SUM(G25:R25) -> 356 | T25: =+S25/30 -> 11.866667 | U25: =ROUND(PRODUCT(F25*T25),0) -> 117551 | V25: =U25*0.1 -> 11755.1 | W25: =U25*0.0171 -> 2010.1221 | X25: =U25*0.03 -> 3526.53 | Y25: =U25*0.02 -> 2351.02 | Z25: =SUM(U25:Y25) -> 137193.77 | AA25: =+F25*S25/360 -> 9795.9333 | AB25: =+AA25+Z25 -> 146989.71
B26: Profesional VIII - Contabilidad, Presupuestos y Contrataciones | C26: E | D26: 2022 | E26: Haber | F26: 8175 | H26: 29 | I26: 30 | J26: 30 | K26: 30 | L26: 30 | M26: 30 | N26: 30 | O26: 30 | P26: 30 | Q26: 30 | R26: 30 | S26: =SUM(G26:R26) -> 329 | T26: =+S26/30 -> 10.966667 | U26: =ROUND(PRODUCT(F26*T26),0) -> 89653 | V26: =U26*0.1 -> 8965.3 | W26: =U26*0.0171 -> 1533.0663 | X26: =U26*0.03 -> 2689.59 | Y26: =U26*0.02 -> 1793.06 | Z26: =SUM(U26:Y26) -> 104634.02 | AA26: =+F26*S26/360 -> 7471.0417 | AB26: =+AA26+Z26 -> 112105.06
B27: Administrativo I Auxiliar Administrativo | C27: E | D27: 2022 | E27: Haber | F27: 4416 | S27: =SUM(G27:R27) -> 0 | T27: =+S27/30 -> 0 | U27: =ROUND(PRODUCT(F27*T27),0) -> 0 | V27: =U27*0.1 -> 0 | W27: =U27*0.0171 -> 0 | X27: =U27*0.03 -> 0 | Y27: =U27*0.02 -> 0 | Z27: =SUM(U27:Y27) -> 0 | AA27: =+F27*S27/360 -> 0 | AB27: =+AA27+Z27 -> 0
B28: Auxiliar I - Mensajero enlace La Paz | C28: E | D28: 2022 | E28: Haber | F28: 3640 | S28: =SUM(G28:R28) -> 0 | T28: =+S28/30 -> 0 | U28: =ROUND(PRODUCT(F28*T28),0) -> 0 | V28: =U28*0.1 -> 0 | W28: =U28*0.0171 -> 0 | X28: =U28*0.03 -> 0 | Y28: =U28*0.02 -> 0 | Z28: =SUM(U28:Y28) -> 0 | AA28: =+F28*S28/360 -> 0 | AB28: =+AA28+Z28 -> 0
B29: ADMINISTRATIVO II - Chofer I | C29: E | D29: 2022 | E29: Haber | F29: 3640 | G29: 26 | H29: 30 | I29: 30 | J29: 30 | K29: 30 | L29: 30 | M29: 30 | N29: 30 | O29: 30 | P29: 30 | Q29: 30 | R29: 30 | S29: =SUM(G29:R29) -> 356 | T29: =+S29/30 -> 11.866667 | U29: =ROUND(PRODUCT(F29*T29),0) -> 43195 | V29: =U29*0.1 -> 4319.5 | W29: =U29*0.0171 -> 738.6345 | X29: =U29*0.03 -> 1295.85 | Y29: =U29*0.02 -> 863.9 | Z29: =SUM(U29:Y29) -> 50412.885 | AA29: =+F29*S29/360 -> 3599.5556 | AB29: =+AA29+Z29 -> 54012.44
B30: ADMINISTRATIVO III - Chofer II | C30: E | D30: 2022 | E30: Haber | F30: 3640 | S30: =SUM(G30:R30) -> 0 | T30: =+S30/30 -> 0 | U30: =ROUND(PRODUCT(F30*T30),0) -> 0 | V30: =U30*0.1 -> 0 | W30: =U30*0.0171 -> 0 | X30: =U30*0.03 -> 0 | Y30: =U30*0.02 -> 0 | Z30: =SUM(U30:Y30) -> 0 | AA30: 0 | AB30: =+AA30+Z30 -> 0
B31: AREA DE INVESTIGACION Y DESARROLLO | AB31: =+AA31+Z31 -> 0
B32: RESPONSABLE IV - Responsable en Investigación y Desarrollo | C32: E | D32: 2022 | E32: Haber | F32: 9906 | G32: 26 | H32: 30 | I32: 30 | J32: 30 | K32: 30 | L32: 30 | M32: 30 | N32: 30 | O32: 30 | P32: 30 | Q32: 30 | R32: 30 | S32: =SUM(G32:R32) -> 356 | T32: =+S32/30 -> 11.866667 | U32: =ROUND(PRODUCT(F32*T32),0) -> 117551 | V32: =U32*0.1 -> 11755.1 | W32: =U32*0.0171 -> 2010.1221 | X32: =U32*0.03 -> 3526.53 | Y32: =U32*0.02 -> 2351.02 | Z32: =SUM(U32:Y32) -> 137193.77 | AA32: =+F32*S32/360 -> 9795.9333 | AB32: =+AA32+Z32 -> 146989.71
B33: PROFESIONAL IX- Investigador Agricola (Altiplano Sur) | C33: E | D33: 2022 | E33: Haber | F33: 7459 | G33: 26 | H33: 30 | I33: 30 | J33: 30 | O33: 30 | P33: 30 | Q33: 30 | R33: 30 | S33: =SUM(G33:R33) -> 236 | T33: =+S33/30 -> 7.8666667 | U33: =ROUND(PRODUCT(F33*T33),0) -> 58677 | V33: =U33*0.1 -> 5867.7 | W33: =U33*0.0171 -> 1003.3767 | X33: =U33*0.03 -> 1760.31 | Y33: =U33*0.02 -> 1173.54 | Z33: =SUM(U33:Y33) -> 68481.927 | AA33: 0 | AB33: =+AA33+Z33 -> 68481.927 | AF33: 20
B34: PROFESIONAL IX- Investigador Agricola (Altiplano Centro y Norte) | C34: E | D34: 2022 | E34: Haber | F34: 7459 | S34: =SUM(G34:R34) -> 0 | T34: =+S34/30 -> 0 | U34: =ROUND(PRODUCT(F34*T34),0) -> 0 | V34: =U34*0.1 -> 0 | W34: =U34*0.0171 -> 0 | X34: =U34*0.03 -> 0 | Y34: =U34*0.02 -> 0 | Z34: =SUM(U34:Y34) -> 0 | AA34: 0
B35: AREA DE CAPACITACION Y ASISTENCIA TECNICA | AB35: =+AA35+Z35 -> 0 | AF35: 30
B36: RESPONSABLE IV - Responsable en Capacitación y Asistencia Técnica | C36: E | D36: 2022 | E36: Haber | F36: 9906 | G36: 26 | H36: 30 | I36: 30 | J36: 30 | K36: 30 | L36: 30 | M36: 30 | N36: 30 | O36: 30 | P36: 30 | Q36: 30 | R36: 30 | S36: =SUM(G36:R36) -> 356 | T36: =+S36/30 -> 11.866667 | U36: =ROUND(PRODUCT(F36*T36),0) -> 117551 | V36: =U36*0.1 -> 11755.1 | W36: =U36*0.0171 -> 2010.1221 | X36: =U36*0.03 -> 3526.53 | Y36: =U36*0.02 -> 2351.02 | Z36: =SUM(U36:Y36) -> 137193.77 | AA36: =+F36*S36/360 -> 9795.9333 | AB36: =+AA36+Z36 -> 146989.71 | AF36: 10
B37: PROFESIONAL IX- en desarrollo de Capacidades | C37: E | D37: 2022 | E37: Haber | F37: 7459 | S37: =SUM(G37:R37) -> 0 | T37: =+S37/30 -> 0 | U37: =ROUND(PRODUCT(F37*T37),0) -> 0 | V37: =U37*0.1 -> 0 | W37: =U37*0.0171 -> 0 | X37: =U37*0.03 -> 0 | Y37: =U37*0.02 -> 0 | Z37: =SUM(U37:Y37) -> 0 | AA37: 0 | AB37: =+AA37+Z37 -> 0 | AF37: =SUM(AF33:AF36) -> 60
B38: PROFESIONAL IX- en alimentación y desarrollo de mercados | C38: E | D38: 2022 | E38: Haber | F38: 7459 | S38: =SUM(G38:R38) -> 0 | T38: =+S38/30 -> 0 | U38: =ROUND(PRODUCT(F38*T38),0) -> 0 | V38: =U38*0.1 -> 0 | W38: =U38*0.0171 -> 0 | X38: =U38*0.03 -> 0 | Y38: =U38*0.02 -> 0 | Z38: =SUM(U38:Y38) -> 0 | AA38: 0
B39: AREA GESTIÓN DE LA INFORMACION | AB39: =+AA39+Z39 -> 0
B40: RESPONSABLE IV - Responsable en Gestión de la Información | C40: E | D40: 2022 | E40: Haber | F40: 9906 | G40: 26 | H40: 30 | I40: 30 | J40: 30 | K40: 30 | L40: 30 | M40: 30 | N40: 30 | O40: 30 | P40: 30 | Q40: 30 | R40: 30 | S40: =SUM(G40:R40) -> 356 | T40: =+S40/30 -> 11.866667 | U40: =ROUND(PRODUCT(F40*T40),0) -> 117551 | V40: =U40*0.1 -> 11755.1 | W40: =U40*0.0171 -> 2010.1221 | X40: =U40*0.03 -> 3526.53 | Y40: =U40*0.02 -> 2351.02 | Z40: =SUM(U40:Y40) -> 137193.77 | AA40: =+F40*S40/360 -> 9795.9333 | AB40: =+AA40+Z40 -> 146989.71
B41: PROFESIONAL IX - en SIG | C41: E | D41: 2022 | E41: Haber | F41: 7459 | S41: =SUM(G41:R41) -> 0 | T41: =+S41/30 -> 0 | U41: =ROUND(PRODUCT(F41*T41),0) -> 0 | V41: =U41*0.1 -> 0 | W41: =U41*0.0171 -> 0 | X41: =U41*0.03 -> 0 | Y41: =U41*0.02 -> 0 | Z41: =SUM(U41:Y41) -> 0 | AA41: 0 | AB41: =+AA41+Z41 -> 0
B42: PROFESIONAL IX- Informatico y redes | C42: E | D42: 2022 | E42: Haber | F42: 7459 | G42: 26 | H42: 30 | I42: 30 | J42: 30 | P42: 30 | Q42: 30 | R42: 30 | S42: =SUM(G42:R42) -> 206 | T42: =+S42/30 -> 6.8666667 | U42: =ROUND(PRODUCT(F42*T42),0) -> 51218 | V42: =U42*0.1 -> 5121.8 | W42: =U42*0.0171 -> 875.8278 | X42: =U42*0.03 -> 1536.54 | Y42: =U42*0.02 -> 1024.36 | Z42: =SUM(U42:Y42) -> 59776.528 | AA42: 0 | AB42: =+AA42+Z42 -> 59776.528
B43: ADMINISTRATIVO IV Tecnico La Paz | C43: E | D43: 2022 | E43: Haber | F43: 4416 | S43: =SUM(G43:R43) -> 0 | T43: =+S43/30 -> 0 | U43: =ROUND(PRODUCT(F43*T43),0) -> 0 | V43: =U43*0.1 -> 0 | W43: =U43*0.0171 -> 0 | X43: =U43*0.03 -> 0 | Y43: =U43*0.02 -> 0 | Z43: =SUM(U43:Y43) -> 0 | AA43: 0 | AB43: =+AA43+Z43 -> 0 | AF43: 30
AB44: =+AA44+Z44 -> 0
B45: Sueldo Personal | C45: 27 | U45: =SUM(U12:U44) -> 993624 | V45: =SUM(V10:V44) -> 122146.8 | W45: =SUM(W10:W44) -> 20887.103 | X45: =SUM(X10:X44) -> 36644.04 | Y45: =SUM(Y10:Y44) -> 24429.36 | Z45: =SUM(Z10:Z44) -> 1425575.3 | AA45: =SUM(AA9:AA42) -> 89315.697 | AB45: =SUM(AB9:AB42) -> 1514891
B46: TOTAL 2022: | C46: 27 | U46: =SUM(U45:U45) -> 993624 | V46: =SUM(V45:V45) -> 122146.8 | W46: =SUM(W45:W45) -> 20887.103 | X46: =SUM(X45:X45) -> 36644.04 | Y46: =SUM(Y45:Y45) -> 24429.36
AB51: =+Z56-AB45 -> 413616
S52: =SUM(T10:T42) -> 133.63333 | V52: AGUINALDO PERSONAL PERMANENTE | Z52: =F10 -> 18987
F53: =F10+F12+F13+F14+F15+F17+F19+#REF!+#REF!+#REF!+#REF!+F25+F26+F27+F28+F29+F30+F32+F33+F34+F43+F36+F37+F38+F40+F41+F42 -> #REF! | S53: =S52/27 -> 4.9493827
F54: =F53-19535 -> #REF! | V54: TOTAL PROGRAMADO 2021 | Z54: =Z52+Z45 -> 1444562.3 | AA54: aguinaldo 2021 | AB54: =W45+X45+Y45+AA45 -> 171276.2
V56: TECHO PRESUPUESTARIO PARA 2021 | Z56: 1928507
V58: PERSONAL EVENTUAL | Z58: =+U45 -> 993624
V59: PERSONAL PERMANENTE | Z59: =+U10 -> 227844
V60: APORTE COLATERALES | Z60: =+V45+W45+X45+Y45 -> 204107.3
V61: AGUINALDO 2021 | Z61: =+AA45 -> 89315.697
Z63: =SUM(Z58:Z62) -> 1514891
Z65: =+Z56-Z63 -> 413616
X67: ITEM | Y67: EVENTUAL
X68: PRESUPUESTO VIGENTE | Y68: TOTAL CONTRATOS | Z68: TOTAL
V69: Aguinaldos | X69: =AA10 -> 18987 | Y69: 0 | Z69: =X69+Y69 -> 18987
V70: Asignaciones Familiares | X70: 0 | Y70: 0 | Z70: =X70+Y70 -> 0
V71: Sueldos | X71: =U10 -> 227844 | Y71: 0 | Z71: =X71+Y71 -> 227844
V72: Personal Eventual | X72: 0 | Y72: =U12+U14+U15+U17+U19+#REF!+#REF!+#REF!+#REF!+U25+U26+U27+U28+U29+U30+U32+U33+U34+U43+U36+U37+U38+U40+U41+U42+U13 -> #REF! | Z72: =X72+Y72 -> #REF!
V73: Régimen de Corto Plazo (Salud) | X73: =V10 -> 22784.4 | Y73: =V12+V14+V15+V17+V19+#REF!+#REF!+#REF!+#REF!+V25+V26+V27+V28+V29+V30+V32+V33+V34+V43+V36+V37+V38+V40+V41+V42+V13 -> #REF! | Z73: =X73+Y73 -> #REF!
V74: PRIMA DE RIESGO PROFESIONAL RÉGIMEN DE LARGO PLAZO | X74: =W10 -> 3896.1324 | Y74: =W12+W14+W15+W17+W19+#REF!+#REF!+#REF!+#REF!+W25+W26+W27+W28+W29+W30+W32+W33+W34+W43+W36+W37+W38+W40+W41+W42+W13 -> #REF! | Z74: =X74+Y74 -> #REF!
V75: Aporte Patronal Solidario 3% | X75: =X10 -> 6835.32 | Y75: =X12+X14+X15+X17+X19+#REF!+#REF!+#REF!+#REF!+X25+X26+X27+X28+X29+X30+X32+X33+X34+X43+X36+X37+X38+X40+X41+X42+X13 -> #REF! | Z75: =X75+Y75 -> #REF!
V76: Aporte Patronal para Vivienda | X76: =Y10 -> 4556.88 | Y76: =Y12+Y14+Y15+Y17+Y19+#REF!+#REF!+#REF!+#REF!+Y25+Y26+Y27+Y28+Y29+Y30+Y32+Y33+Y34+Y43+Y36+Y37+Y38+Y40+Y41+Y42+Y13 -> #REF! | Z76: =X76+Y76 -> #REF!
V77: Otras Previsiones (EVENTUAL) | Y77: =AA12+AA14+AA15+AA17+AA19+#REF!+#REF!+#REF!+#REF!+AA25+AA26+AA28+AA27+AA29+AA30+AA32+AA33+AA34+AA43+AA36+AA37+AA38+AA40+AA41+AA42+AA13+Z65 -> #REF! | Z77: =X77+Y77 -> #REF!
X78: =SUM(X69:X77) -> 284903.73 | Y78: =SUM(Y69:Y77) -> #REF! | Z78: =SUM(Z69:Z77) -> #REF! | AA78: 1928507 | AB78: =Z78-AA78 -> #REF!
V81: =Y73+Y74+Y75+Y76 -> #REF!

Sheet planilla salarial (6)
B2: CENTRO INTERNACIONAL DE LA QUINUA ESTRUCTURA DE PERSONAL Y PLANILLA POA 2022 (Expresada en Bolivianos)
B5: REPARTICION / CARGO | C5: T | D5: GESTION | E5: UNIDAD | F5: SUELDO MENSUAL | G5: MES | S5: DIAS | T5: MESES | U5: MONTO ANUAL | V5: APORTES PATRONALES | Z5: TOTAL | AA5: AGUINALDO
G6: ENE | H6: FEB | I6: MAR | J6: ABR | K6: MAY | L6: JUN | M6: JUL | N6: AGO | O6: SEP | P6: OCT | Q6: NOV | R6: DIC | V6: SALUD | W6: PENSIONES | X6: PATRONAL | Y6: VIVIENDA
B8: DIRECCION GENERAL EJECUTIVA
A10: 1 | B10: Director General Ejecutivo | C10: P | D10: 2022 | E10: Haber | F10: 19535 | G10: 30 | H10: 30 | I10: 30 | J10: 30 | K10: 30 | L10: 30 | M10: 30 | N10: 30 | O10: 30 | P10: 30 | Q10: 30 | R10: 30 | S10: =SUM(G10:R10) -> 360 | T10: =+S10/30 -> 12 | U10: =ROUND(PRODUCT(F10*T10),0) -> 234420 | V10: =U10*0.1 -> 23442 | W10: =U10*0.0171 -> 4008.582 | X10: =U10*0.03 -> 7032.6 | Y10: =U10*0.02 -> 4688.4 | Z10: =SUM(U10:Y10) -> 273591.58 | AA10: =+F10*S10/360 -> 19535 | AB10: =+AA10+Z10 -> 293126.58
B11: ASESORAMIENTO Y APOYO | AB11: =+AA11+Z11 -> 0
A12: =A10+1 -> 2 | B12: PROFESIONAL IX - Asesoria Juridica y Relaciones Internacionales | C12: E | D12: 2022 | E12: Haber | F12: 9282 | G12: 29 | H12: 30 | I12: 30 | J12: 30 | K12: 30 | L12: 30 | M12: 30 | N12: 30 | O12: 30 | P12: 30 | Q12: 30 | R12: 30 | S12: =SUM(G12:R12) -> 359 | T12: =+S12/30 -> 11.966667 | U12: =ROUND(PRODUCT(F12*T12),0) -> 111075 | V12: =U12*0.1 -> 11107.5 | W12: =U12*0.0171 -> 1899.3825 | X12: =U12*0.03 -> 3332.25 | Y12: =U12*0.02 -> 2221.5 | Z12: =SUM(U12:Y12) -> 129635.63 | AA12: =+F12*S12/360 -> 9256.2167 | AB12: =+AA12+Z12 -> 138891.85
A13: =A11+1 -> 1 | B13: ADMINISTRATIVO II - Transparencia | C13: E | D13: 2022 | E13: Haber | F13: 5494 | G13: 0 | H13: 30 | I13: 30 | J13: 30 | K13: 30 | L13: 30 | M13: 30 | N13: 30 | O13: 30 | P13: 30 | Q13: 30 | R13: 30 | S13: =SUM(G13:R13) -> 330 | T13: =+S13/30 -> 11 | U13: =ROUND(PRODUCT(F13*T13),0) -> 60434 | V13: =U13*0.1 -> 6043.4 | W13: =U13*0.0171 -> 1033.4214 | X13: =U13*0.03 -> 1813.02 | Y13: =U13*0.02 -> 1208.68 | Z13: =SUM(U13:Y13) -> 70532.521 | AA13: =+F13*S13/360 -> 5036.1667 | AB13: =+AA13+Z13 -> 75568.688
A14: =A12+1 -> 3 | B14: Administrativo I - Secretaria Dirección General | C14: E | D14: 2022 | E14: Haber | F14: 5971 | G14: 15 | H14: 30 | I14: 30 | J14: 30 | K14: 30 | L14: 30 | M14: 30 | N14: 30 | O14: 30 | P14: 30 | Q14: 30 | R14: 30 | S14: =SUM(G14:R14) -> 345 | T14: =+S14/30 -> 11.5 | U14: =ROUND(PRODUCT(F14*T14),0) -> 68667 | V14: =U14*0.1 -> 6866.7 | W14: =U14*0.0171 -> 1174.2057 | X14: =U14*0.03 -> 2060.01 | Y14: =U14*0.02 -> 1373.34 | Z14: =SUM(U14:Y14) -> 80141.256 | AA14: =+F14*S14/360 -> 5722.2083 | AB14: =+AA14+Z14 -> 85863.464
A15: =A14+1 -> 4 | B15: TECNICO IV - Técnico Comunicador | C15: E | D15: 2022 | E15: Haber | F15: 8689 | G15: 0 | H15: 30 | I15: 30 | J15: 30 | K15: 30 | L15: 30 | M15: 30 | N15: 30 | O15: 30 | P15: 30 | Q15: 30 | R15: 30 | S15: =SUM(G15:R15) -> 330 | T15: =+S15/30 -> 11 | U15: =ROUND(PRODUCT(F15*T15),0) -> 95579 | V15: =U15*0.1 -> 9557.9 | W15: =U15*0.0171 -> 1634.4009 | X15: =U15*0.03 -> 2867.37 | Y15: =U15*0.02 -> 1911.58 | Z15: =SUM(U15:Y15) -> 111550.25 | AA15: =+F15*S15/360 -> 7964.9167 | AB15: =+AA15+Z15 -> 119515.17
B16: CONTROL | AB16: =+AA16+Z16 -> 0
A17: =A15+1 -> 5 | B17: PROFESIONAL IX - Auditoria Interna | C17: E | D17: 2022 | E17: Haber | F17: 9282 | G17: 26 | H17: 30 | I17: 30 | J17: 30 | K17: 30 | L17: 30 | M17: 30 | N17: 30 | O17: 30 | P17: 30 | Q17: 30 | R17: 30 | S17: =SUM(G17:R17) -> 356 | T17: =+S17/30 -> 11.866667 | U17: =ROUND(PRODUCT(F17*T17),0) -> 110146 | V17: =U17*0.1 -> 11014.6 | W17: =U17*0.0171 -> 1883.4966 | X17: =U17*0.03 -> 3304.38 | Y17: =U17*0.02 -> 2202.92 | Z17: =SUM(U17:Y17) -> 128551.4 | AA17: =+F17*S17/360 -> 9178.8667 | AB17: =+AA17+Z17 -> 137730.26
B18: AREA DE PLANIFICACIÓN, MONITOREO Y EVALUACIÓN
A19: =A17+1 -> 6 | B19: RESPONSABLE IV- Responsable de Planificacion, Monitoreo y Evaluación | C19: E | D19: 2022 | E19: Haber | F19: 13738 | G19: 26 | H19: 30 | I19: 30 | J19: 30 | K19: 30 | L19: 30 | M19: 30 | N19: 30 | O19: 30 | P19: 30 | Q19: 30 | R19: 30 | S19: =SUM(G19:R19) -> 356 | T19: =+S19/30 -> 11.866667 | U19: =ROUND(PRODUCT(F19*T19),0) -> 163024 | V19: =U19*0.1 -> 16302.4 | W19: =U19*0.0171 -> 2787.7104 | X19: =U19*0.03 -> 4890.72 | Y19: =U19*0.02 -> 3260.48 | Z19: =SUM(U19:Y19) -> 190265.31 | AA19: =+F19*S19/360 -> 13585.356 | AB19: =+AA19+Z19 -> 203850.67
A20: =A19+1 -> 7 | B20: TECNICO IV - de Gestión de Proyectos y Financiamiento | C20: E | D20: 2022 | E20: Haber | F20: 8689 | G20: 0 | H20: 30 | I20: 30 | J20: 30 | K20: 30 | L20: 30 | M20: 30 | N20: 30 | O20: 30 | P20: 30 | Q20: 0 | R20: 0 | S20: =SUM(G20:R20) -> 270 | T20: =+S20/30 -> 9 | U20: =ROUND(PRODUCT(F20*T20),0) -> 78201 | V20: =U20*0.1 -> 7820.1 | W20: =U20*0.0171 -> 1337.2371 | X20: =U20*0.03 -> 2346.03 | Y20: =U20*0.02 -> 1564.02 | Z20: =SUM(U20:Y20) -> 91268.387 | AA20: =+F20*S20/360 -> 6516.75
A21: =A20+1 -> 8 | B21: Tecnico IV - Civil | C21: C | D21: 2022 | E21: Haber | F21: 8689 | G21: 0 | H21: 30 | I21: 30 | J21: 30 | K21: 30 | L21: 30 | M21: 30 | N21: 30 | O21: 30 | P21: 30 | Q21: 30 | R21: 30 | S21: =SUM(G21:R21) -> 330 | T21: =+S21/30 -> 11 | U21: =ROUND(PRODUCT(F21*T21),0) -> 95579 | V21: =U21*0.1 -> 9557.9 | W21: =U21*0.0171 -> 1634.4009 | X21: =U21*0.03 -> 2867.37 | Y21: =U21*0.02 -> 1911.58 | Z21: =SUM(U21:Y21) -> 111550.25 | AA21: =+F21*S21/360 -> 7964.9167
A22: =A21+1 -> 9 | B22: Tecnico IV - en Medio Ambiente y Cambio Climatico | C22: E | D22: 2022 | E22: Haber | F22: 8689 | G22: 0 | H22: 30 | I22: 30 | J22: 30 | K22: 30 | L22: 30 | M22: 30 | N22: 30 | O22: 30 | P22: 30 | Q22: 30 | R22: 30 | S22: =SUM(G22:R22) -> 330 | T22: =+S22/30 -> 11 | U22: =ROUND(PRODUCT(F22*T22),0) -> 95579 | V22: =U22*0.1 -> 9557.9 | W22: =U22*0.0171 -> 1634.4009 | X22: =U22*0.03 -> 2867.37 | Y22: =U22*0.02 -> 1911.58 | Z22: =SUM(U22:Y22) -> 111550.25 | AA22: =+F22*S22/360 -> 7964.9167
A23: =A22+1 -> 10 | B23: Tecnico IV- Proyectista | C23: C | D23: 2022 | E23: Haber | F23: 8689 | G23: 0 | H23: 30 | I23: 30 | J23: 30 | K23: 30 | L23: 30 | M23: 30 | N23: 30 | O23: 30 | P23: 30 | Q23: 30 | R23: 30 | S23: =SUM(G23:R23) -> 330 | T23: =+S23/30 -> 11 | U23: =ROUND(PRODUCT(F23*T23),0) -> 95579 | V23: =U23*0.1 -> 9557.9 | W23: =U23*0.0171 -> 1634.4009 | X23: =U23*0.03 -> 2867.37 | Y23: =U23*0.02 -> 1911.58 | Z23: =SUM(U23:Y23) -> 111550.25 | AA23: =+F23*S23/360 -> 7964.9167
B24: AREA ADMINISTRATIVA FINANCIERA | AB24: =+AA24+Z24 -> 0
A25: =A23+1 -> 11 | B25: RESPONSABLE IV- Responsable Administrativo Financiero | C25: E | D25: 2022 | E25: Haber | F25: 13738 | G25: 26 | H25: 30 | I25: 30 | J25: 30 | K25: 30 | L25: 30 | M25: 30 | N25: 30 | O25: 30 | P25: 30 | Q25: 30 | R25: 30 | S25: =SUM(G25:R25) -> 356 | T25: =+S25/30 -> 11.866667 | U25: =ROUND(PRODUCT(F25*T25),0) -> 163024 | V25: =U25*0.1 -> 16302.4 | W25: =U25*0.0171 -> 2787.7104 | X25: =U25*0.03 -> 4890.72 | Y25: =U25*0.02 -> 3260.48 | Z25: =SUM(U25:Y25) -> 190265.31 | AA25: =+F25*S25/360 -> 13585.356 | AB25: =+AA25+Z25 -> 203850.67
A26: =A25+1 -> 12 | B26: Profesional VIII - Contabilidad, Presupuestos y Contrataciones | C26: E | D26: 2022 | E26: Haber | F26: 10173 | G26: 26 | H26: 30 | I26: 30 | J26: 30 | K26: 30 | L26: 30 | M26: 30 | N26: 30 | O26: 30 | P26: 30 | Q26: 30 | R26: 30 | S26: =SUM(G26:R26) -> 356 | T26: =+S26/30 -> 11.866667 | U26: =ROUND(PRODUCT(F26*T26),0) -> 120720 | V26: =U26*0.1 -> 12072 | W26: =U26*0.0171 -> 2064.312 | X26: =U26*0.03 -> 3621.6 | Y26: =U26*0.02 -> 2414.4 | Z26: =SUM(U26:Y26) -> 140892.31 | AA26: =+F26*S26/360 -> 10059.967 | AB26: =+AA26+Z26 -> 150952.28
A27: =A26+1 -> 13 | B27: Administrativo I Auxiliar Administrativo | C27: E | D27: 2022 | E27: Haber | F27: 5971 | G27: 26 | H27: 30 | I27: 30 | J27: 30 | K27: 30 | L27: 30 | M27: 30 | N27: 30 | O27: 30 | P27: 30 | Q27: 30 | R27: 30 | S27: =SUM(G27:R27) -> 356 | T27: =+S27/30 -> 11.866667 | U27: =ROUND(PRODUCT(F27*T27),0) -> 70856 | V27: =U27*0.1 -> 7085.6 | W27: =U27*0.0171 -> 1211.6376 | X27: =U27*0.03 -> 2125.68 | Y27: =U27*0.02 -> 1417.12 | Z27: =SUM(U27:Y27) -> 82696.038 | AA27: =+F27*S27/360 -> 5904.6556 | AB27: =+AA27+Z27 -> 88600.693
A28: =A27+1 -> 14 | B28: Auxiliar I - Mensajero enlace La Paz | C28: E | D28: 2022 | E28: Haber | F28: 4009 | G28: 0 | H28: 0 | I28: 30 | J28: 30 | K28: 30 | L28: 30 | M28: 30 | N28: 30 | O28: 30 | P28: 30 | Q28: 30 | R28: 30 | S28: =SUM(G28:R28) -> 300 | T28: =+S28/30 -> 10 | U28: =ROUND(PRODUCT(F28*T28),0) -> 40090 | V28: =U28*0.1 -> 4009 | W28: =U28*0.0171 -> 685.539 | X28: =U28*0.03 -> 1202.7 | Y28: =U28*0.02 -> 801.8 | Z28: =SUM(U28:Y28) -> 46789.039 | AA28: =+F28*S28/360 -> 3340.8333 | AB28: =+AA28+Z28 -> 50129.872
A29: =A28+1 -> 15 | B29: ADMINISTRATIVO II - Chofer I | C29: E | D29: 2022 | E29: Haber | F29: 5494 | G29: 26 | H29: 30 | I29: 30 | J29: 30 | K29: 30 | L29: 30 | M29: 30 | N29: 30 | O29: 30 | P29: 30 | Q29: 30 | R29: 30 | S29: =SUM(G29:R29) -> 356 | T29: =+S29/30 -> 11.866667 | U29: =ROUND(PRODUCT(F29*T29),0) -> 65195 | V29: =U29*0.1 -> 6519.5 | W29: =U29*0.0171 -> 1114.8345 | X29: =U29*0.03 -> 1955.85 | Y29: =U29*0.02 -> 1303.9 | Z29: =SUM(U29:Y29) -> 76089.084 | AA29: =+F29*S29/360 -> 5432.9556 | AB29: =+AA29+Z29 -> 81522.04
A30: =A29+1 -> 16 | B30: ADMINISTRATIVO III - Chofer II | C30: E | D30: 2022 | E30: Haber | F30: 4827 | G30: 0 | H30: 0 | I30: 0 | J30: 30 | K30: 30 | L30: 30 | M30: 30 | N30: 30 | O30: 30 | P30: 30 | Q30: 30 | R30: 30 | S30: =SUM(G30:R30) -> 270 | T30: =+S30/30 -> 9 | U30: =ROUND(PRODUCT(F30*T30),0) -> 43443 | V30: =U30*0.1 -> 4344.3 | W30: =U30*0.0171 -> 742.8753 | X30: =U30*0.03 -> 1303.29 | Y30: =U30*0.02 -> 868.86 | Z30: =SUM(U30:Y30) -> 50702.325 | AA30: =+F30*S30/360 -> 3620.25 | AB30: =+AA30+Z30 -> 54322.575
B31: AREA DE INVESTIGACION Y DESARROLLO | AB31: =+AA31+Z31 -> 0
A32: =A30+1 -> 17 | B32: RESPONSABLE IV - Responsable en Investigación y Desarrollo | C32: E | D32: 2022 | E32: Haber | F32: 13738 | G32: 20 | H32: 30 | I32: 30 | J32: 30 | K32: 30 | L32: 30 | M32: 30 | N32: 30 | O32: 30 | P32: 30 | Q32: 30 | R32: 30 | S32: =SUM(G32:R32) -> 350 | T32: =+S32/30 -> 11.666667 | U32: =ROUND(PRODUCT(F32*T32),0) -> 160277 | V32: =U32*0.1 -> 16027.7 | W32: =U32*0.0171 -> 2740.7367 | X32: =U32*0.03 -> 4808.31 | Y32: =U32*0.02 -> 3205.54 | Z32: =SUM(U32:Y32) -> 187059.29 | AA32: =+F32*S32/360 -> 13356.389 | AB32: =+AA32+Z32 -> 200415.68
A33: =A32+1 -> 18 | B33: PROFESIONAL IX- Investigador Agricola (Altiplano Sur) | C33: C | D33: 2022 | E33: Haber | F33: 9282 | G33: 0 | H33: 30 | I33: 30 | J33: 30 | K33: 30 | L33: 30 | M33: 30 | N33: 30 | O33: 30 | P33: 30 | Q33: 30 | R33: 30 | S33: =SUM(G33:R33) -> 330 | T33: =+S33/30 -> 11 | U33: =ROUND(PRODUCT(F33*T33),0) -> 102102 | V33: =U33*0.1 -> 10210.2 | W33: =U33*0.0171 -> 1745.9442 | X33: =U33*0.03 -> 3063.06 | Y33: =U33*0.02 -> 2042.04 | Z33: =SUM(U33:Y33) -> 119163.24 | AA33: =+F33*S33/360 -> 8508.5 | AB33: =+AA33+Z33 -> 127671.74 | AF33: 20
A34: =A33+1 -> 19 | B34: PROFESIONAL IX- Investigador Agricola (Altiplano Centro y Norte) | C34: C | D34: 2022 | E34: Haber | F34: 9282 | G34: 30 | H34: 30 | I34: 30 | J34: 30 | K34: 30 | L34: 30 | M34: 30 | N34: 30 | O34: 30 | P34: 30 | Q34: 30 | R34: 30 | S34: =SUM(G34:R34) -> 360 | T34: =+S34/30 -> 12 | U34: =ROUND(PRODUCT(F34*T34),0) -> 111384 | V34: =U34*0.1 -> 11138.4 | W34: =U34*0.0171 -> 1904.6664 | X34: =U34*0.03 -> 3341.52 | Y34: =U34*0.02 -> 2227.68 | Z34: =SUM(U34:Y34) -> 129996.27 | AA34: =+F34*S34/360 -> 9282
A35: =A34+1 -> 20 | B35: ADMINISTRATIVO IV Tecnico La Paz | C35: E | D35: 2022 | E35: Haber | F35: 4529 | G35: 30 | H35: 30 | I35: 30 | J35: 30 | K35: 30 | L35: 30 | M35: 30 | N35: 30 | O35: 30 | P35: 30 | Q35: 30 | R35: 30 | S35: =SUM(G35:R35) -> 360 | T35: =+S35/30 -> 12 | U35: =ROUND(PRODUCT(F35*T35),0) -> 54348 | V35: =U35*0.1 -> 5434.8 | W35: =U35*0.0171 -> 929.3508 | X35: =U35*0.03 -> 1630.44 | Y35: =U35*0.02 -> 1086.96 | Z35: =SUM(U35:Y35) -> 63429.551 | AA35: =+F35*S35/360 -> 4529 | AB35: =+AA35+Z35 -> 67958.551 | AF35: 30
B36: AREA DE CAPACITACION Y ASISTENCIA TECNICA | AB36: =+AA36+Z36 -> 0 | AF36: 30
A37: =A35+1 -> 21 | B37: RESPONSABLE IV - Responsable en Capacitación y Asistencia Técnica | C37: E | D37: 2022 | E37: Haber | F37: 13738 | G37: 25 | H37: 30 | I37: 30 | J37: 30 | K37: 30 | L37: 30 | M37: 30 | N37: 30 | O37: 30 | P37: 30 | Q37: 30 | R37: 30 | S37: =SUM(G37:R37) -> 355 | T37: =+S37/30 -> 11.833333 | U37: =ROUND(PRODUCT(F37*T37),0) -> 162566 | V37: =U37*0.1 -> 16256.6 | W37: =U37*0.0171 -> 2779.8786 | X37: =U37*0.03 -> 4876.98 | Y37: =U37*0.02 -> 3251.32 | Z37: =SUM(U37:Y37) -> 189730.78 | AA37: =+F37*S37/360 -> 13547.194 | AB37: =+AA37+Z37 -> 203277.97 | AF37: 10
A38: =A37+1 -> 22 | B38: PROFESIONAL IX- en desarrollo de Capacidades | C38: E | D38: 2022 | E38: Haber | F38: 9282 | G38: 0 | H38: 0 | I38: 30 | J38: 30 | K38: 30 | L38: 30 | M38: 30 | N38: 30 | O38: 30 | P38: 30 | Q38: 30 | R38: 30 | S38: =SUM(G38:R38) -> 300 | T38: =+S38/30 -> 10 | U38: =ROUND(PRODUCT(F38*T38),0) -> 92820 | V38: =U38*0.1 -> 9282 | W38: =U38*0.0171 -> 1587.222 | X38: =U38*0.03 -> 2784.6 | Y38: =U38*0.02 -> 1856.4 | Z38: =SUM(U38:Y38) -> 108330.22 | AA38: =+F38*S38/360 -> 7735 | AB38: =+AA38+Z38 -> 116065.22 | AF38: =SUM(AF33:AF37) -> 90
A39: =A38+1 -> 23 | B39: PROFESIONAL IX- en alimentación y desarrollo de mercados | C39: C | D39: 2022 | E39: Haber | F39: 9282 | G39: 0 | H39: 0 | I39: 30 | J39: 30 | K39: 30 | L39: 30 | M39: 30 | N39: 30 | O39: 30 | P39: 30 | Q39: 30 | R39: 30 | S39: =SUM(G39:R39) -> 300 | T39: =+S39/30 -> 10 | U39: =ROUND(PRODUCT(F39*T39),0) -> 92820 | V39: =U39*0.1 -> 9282 | W39: =U39*0.0171 -> 1587.222 | X39: =U39*0.03 -> 2784.6 | Y39: =U39*0.02 -> 1856.4 | Z39: =SUM(U39:Y39) -> 108330.22 | AA39: =+F39*S39/360 -> 7735
B40: AREA GESTIÓN DE LA INFORMACION | AB40: =+AA40+Z40 -> 0
A41: =A39+1 -> 24 | B41: RESPONSABLE IV - Responsable en Gestión de la Información | C41: E | D41: 2022 | E41: Haber | F41: 13738 | G41: 26 | H41: 30 | I41: 30 | J41: 30 | K41: 30 | L41: 30 | M41: 30 | N41: 30 | O41: 30 | P41: 30 | Q41: 30 | R41: 30 | S41: =SUM(G41:R41) -> 356 | T41: =+S41/30 -> 11.866667 | U41: =ROUND(PRODUCT(F41*T41),0) -> 163024 | V41: =U41*0.1 -> 16302.4 | W41: =U41*0.0171 -> 2787.7104 | X41: =U41*0.03 -> 4890.72 | Y41: =U41*0.02 -> 3260.48 | Z41: =SUM(U41:Y41) -> 190265.31 | AA41: =+F41*S41/360 -> 13585.356 | AB41: =+AA41+Z41 -> 203850.67
A42: =A41+1 -> 25 | B42: PROFESIONAL IX - en SIG | C42: E | D42: 2022 | E42: Haber | F42: 9282 | G42: 29 | H42: 30 | I42: 30 | J42: 30 | K42: 30 | L42: 30 | M42: 30 | N42: 30 | O42: 30 | P42: 30 | Q42: 30 | R42: 30 | S42: =SUM(G42:R42) -> 359 | T42: =+S42/30 -> 11.966667 | U42: =ROUND(PRODUCT(F42*T42),0) -> 111075 | V42: =U42*0.1 -> 11107.5 | W42: =U42*0.0171 -> 1899.3825 | X42: =U42*0.03 -> 3332.25 | Y42: =U42*0.02 -> 2221.5 | Z42: =SUM(U42:Y42) -> 129635.63 | AA42: =+F42*S42/360 -> 9256.2167 | AB42: =+AA42+Z42 -> 138891.85
A43: =A42+1 -> 26 | B43: PROFESIONAL IX- Informatico y redes | C43: C | D43: 2022 | E43: Haber | F43: 9282 | G43: 29 | H43: 30 | I43: 30 | J43: 30 | K43: 30 | L43: 30 | M43: 30 | N43: 30 | O43: 30 | P43: 30 | Q43: 30 | R43: 30 | S43: =SUM(G43:R43) -> 359 | T43: =+S43/30 -> 11.966667 | U43: =ROUND(PRODUCT(F43*T43),0) -> 111075 | V43: =U43*0.1 -> 11107.5 | W43: =U43*0.0171 -> 1899.3825 | X43: =U43*0.03 -> 3332.25 | Y43: =U43*0.02 -> 2221.5 | Z43: =SUM(U43:Y43) -> 129635.63 | AA43: =+F43*S43/360 -> 9256.2167 | AB43: =+AA43+Z43 -> 138891.85
AB44: =+AA44+Z44 -> 0
B45: Sueldo Personal | C45: 18 | U45: =SUM(U12:U44) -> 2638682 | V45: =SUM(V10:V44) -> 287310.2 | W45: =SUM(W10:W44) -> 49130.044 | X45: =SUM(X10:X44) -> 86193.06 | Y45: =SUM(Y10:Y44) -> 57462.04 | Z45: =SUM(Z12:Z44) -> 3079605.8 | AA45: =SUM(AA9:AA43) -> 239425.12 | AB45: =SUM(AB9:AB43) -> 2880948.3
B46: TOTAL 2021: | C46: 18 | U46: =SUM(U45:U45) -> 2638682 | V46: =SUM(V45:V45) -> 287310.2 | W46: =SUM(W45:W45) -> 49130.044 | X46: =SUM(X45:X45) -> 86193.06 | Y46: =SUM(Y45:Y45) -> 57462.04
AB51: =+Z56-AB45 -> -952441.34
V52: AGUINALDO PERSONAL PERMANENTE | Z52: =F10 -> 19535
V54: TOTAL PROGRAMADO 2021 | Z54: =Z52+Z45 -> 3099140.8 | AA54: aguinaldo 2021
V56: TECHO PRESUPUESTARIO PARA 2021 | Z56: 1928507
V58: PERSONAL EVENTUAL | Z58: =+U45 -> 2638682
V59: PERSONAL PERMANENTE | Z59: =+U10 -> 234420
V60: APORTE COLATERALES | Z60: =+V45+W45+X45+Y45 -> 480095.34
V61: AGUINALDO 2021 | Z61: =+AA45 -> 239425.12
Z63: =SUM(Z58:Z62) -> 3592622.5
Z65: =+Z56-Z63 -> -1664115.5
X67: ITEM | Y67: EVENTUAL
X68: PRESUPUESTO VIGENTE | Y68: TOTAL CONTRATOS | Z68: TOTAL
V69: Aguinaldos | X69: =AA10 -> 19535 | Y69: 0 | Z69: =X69+Y69 -> 19535
V70: Asignaciones Familiares | X70: 0 | Y70: 0 | Z70: =X70+Y70 -> 0
V71: Sueldos | X71: =U10 -> 234420 | Y71: 0 | Z71: =X71+Y71 -> 234420
V72: Personal Eventual | X72: 0 | Y72: =U12+U14+U15+U17+U19+U20+U21+U22+U23+U25+U26+U27+U28+U29+U30+U32+U33+U34+U35+U37+U38+U39+U41+U42+U43+U13 -> 2638682 | Z72: =X72+Y72 -> 2638682
V73: Régimen de Corto Plazo (Salud) | X73: =V10 -> 23442 | Y73: =V12+V14+V15+V17+V19+V20+V21+V22+V23+V25+V26+V27+V28+V29+V30+V32+V33+V34+V35+V37+V38+V39+V41+V42+V43+V13 -> 263868.2 | Z73: =X73+Y73 -> 287310.2
V74: PRIMA DE RIESGO PROFESIONAL RÉGIMEN DE LARGO PLAZO | X74: =W10 -> 4008.582 | Y74: =W12+W14+W15+W17+W19+W20+W21+W22+W23+W25+W26+W27+W28+W29+W30+W32+W33+W34+W35+W37+W38+W39+W41+W42+W43+W13 -> 45121.462 | Z74: =X74+Y74 -> 49130.044
V75: Aporte Patronal Solidario 3% | X75: =X10 -> 7032.6 | Y75: =X12+X14+X15+X17+X19+X20+X21+X22+X23+X25+X26+X27+X28+X29+X30+X32+X33+X34+X35+X37+X38+X39+X41+X42+X43+X13 -> 79160.46 | Z75: =X75+Y75 -> 86193.06
V76: Aporte Patronal para Vivienda | X76: =Y10 -> 4688.4 | Y76: =Y12+Y14+Y15+Y17+Y19+Y20+Y21+Y22+Y23+Y25+Y26+Y27+Y28+Y29+Y30+Y32+Y33+Y34+Y35+Y37+Y38+Y39+Y41+Y42+Y43+Y13 -> 52773.64 | Z76: =X76+Y76 -> 57462.04
V77: Otras Previsiones (EVENTUAL) | Y77: =AA12+AA14+AA15+AA17+AA19+AA20+AA21+AA22+AA23+AA25+AA26+AA28+AA27+AA29+AA30+AA32+AA33+AA34+AA35+AA37+AA38+AA39+AA41+AA42+AA43+AA13 -> 219890.12 | Z77: =X77+Y77 -> 219890.12
X78: =SUM(X69:X77) -> 293126.58 | Y78: =SUM(Y69:Y77) -> 3299495.9 | Z78: =SUM(Z69:Z77) -> 3592622.5 | AA78: 1928507 | AB78: =Z78-AA78 -> 1664115.5

Sheet planilla salarial (4)
B2: CENTRO INTERNACIONAL DE LA QUINUA ESTRUCTURA DE PERSONAL Y PLANILLA POA 2022 (Expresada en Bolivianos)
B5: REPARTICION / CARGO | C5: T | D5: GESTION | E5: UNIDAD | F5: SUELDO MENSUAL | G5: MES | S5: DIAS | T5: MESES | U5: MONTO ANUAL | V5: APORTES PATRONALES | Z5: TOTAL | AA5: AGUINALDO
G6: ENE | H6: FEB | I6: MAR | J6: ABR | K6: MAY | L6: JUN | M6: JUL | N6: AGO | O6: SEP | P6: OCT | Q6: NOV | R6: DIC | V6: SALUD | W6: PENSIONES | X6: PATRONAL | Y6: VIVIENDA
B8: DIRECCION GENERAL EJECUTIVA
A10: 1 | B10: Director General Ejecutivo | C10: P | D10: 2022 | E10: Haber | F10: 19535 | G10: 30 | H10: 30 | I10: 30 | J10: 30 | K10: 30 | L10: 30 | M10: 30 | N10: 30 | O10: 30 | P10: 30 | Q10: 30 | R10: 30 | S10: =SUM(G10:R10) -> 360 | T10: =+S10/30 -> 12 | U10: =ROUND(PRODUCT(F10*T10),0) -> 234420 | V10: =U10*0.1 -> 23442 | W10: =U10*0.0171 -> 4008.582 | X10: =U10*0.03 -> 7032.6 | Y10: =U10*0.02 -> 4688.4 | Z10: =SUM(U10:Y10) -> 273591.58 | AA10: =+F10*S10/360 -> 19535 | AB10: =+AA10+Z10 -> 293126.58
B11: ASESORAMIENTO Y APOYO | AB11: =+AA11+Z11 -> 0
A12: =A10+1 -> 2 | B12: PROFESIONAL IX - Asesoria Juridica y Relaciones Internacionales | C12: E | D12: 2022 | E12: Haber | F12: 9282 | G12: 29 | H12: 30 | I12: 30 | J12: 30 | K12: 30 | L12: 30 | M12: 30 | N12: 30 | O12: 30 | P12: 30 | Q12: 30 | R12: 30 | S12: =SUM(G12:R12) -> 359 | T12: =+S12/30 -> 11.966667 | U12: =ROUND(PRODUCT(F12*T12),0) -> 111075 | V12: =U12*0.1 -> 11107.5 | W12: =U12*0.0171 -> 1899.3825 | X12: =U12*0.03 -> 3332.25 | Y12: =U12*0.02 -> 2221.5 | Z12: =SUM(U12:Y12) -> 129635.63 | AA12: =+F12*S12/360 -> 9256.2167 | AB12: =+AA12+Z12 -> 138891.85
A13: =A11+1 -> 1 | B13: ADMINISTRATIVO II - Transparencia | C13: E | D13: 2022 | E13: Haber | F13: 5494 | G13: 0 | H13: 30 | I13: 30 | J13: 0 | K13: 0 | L13: 0 | M13: 0 | N13: 0 | O13: 0 | P13: 0 | Q13: 0 | R13: 0 | S13: =SUM(G13:R13) -> 60 | T13: =+S13/30 -> 2 | U13: =ROUND(PRODUCT(F13*T13),0) -> 10988 | V13: =U13*0.1 -> 1098.8 | W13: =U13*0.0171 -> 187.8948 | X13: =U13*0.03 -> 329.64 | Y13: =U13*0.02 -> 219.76 | Z13: =SUM(U13:Y13) -> 12824.095 | AA13: 0 | AB13: =+AA13+Z13 -> 12824.095
A14: =A12+1 -> 3 | B14: Administrativo I - Secretaria Dirección General | C14: E | D14: 2022 | E14: Haber | F14: 5971 | G14: 15 | H14: 30 | I14: 30 | J14: 30 | K14: 30 | L14: 30 | M14: 30 | N14: 30 | O14: 30 | P14: 30 | Q14: 30 | R14: 30 | S14: =SUM(G14:R14) -> 345 | T14: =+S14/30 -> 11.5 | U14: =ROUND(PRODUCT(F14*T14),0) -> 68667 | V14: =U14*0.1 -> 6866.7 | W14: =U14*0.0171 -> 1174.2057 | X14: =U14*0.03 -> 2060.01 | Y14: =U14*0.02 -> 1373.34 | Z14: =SUM(U14:Y14) -> 80141.256 | AA14: =+F14*S14/360 -> 5722.2083 | AB14: =+AA14+Z14 -> 85863.464
A15: =A14+1 -> 4 | B15: TECNICO IV - Técnico Comunicador | C15: E | D15: 2022 | E15: Haber | F15: 8689 | G15: 0 | H15: 30 | I15: 30 | J15: 30 | K15: 30 | L15: 30 | M15: 30 | N15: 30 | O15: 30 | P15: 30 | Q15: 30 | R15: 30 | S15: =SUM(G15:R15) -> 330 | T15: =+S15/30 -> 11 | U15: =ROUND(PRODUCT(F15*T15),0) -> 95579 | V15: =U15*0.1 -> 9557.9 | W15: =U15*0.0171 -> 1634.4009 | X15: =U15*0.03 -> 2867.37 | Y15: =U15*0.02 -> 1911.58 | Z15: =SUM(U15:Y15) -> 111550.25 | AA15: =+F15*S15/360 -> 7964.9167 | AB15: =+AA15+Z15 -> 119515.17
B16: CONTROL | AB16: =+AA16+Z16 -> 0
A17: =A15+1 -> 5 | B17: PROFESIONAL IX - Auditoria Interna | C17: E | D17: 2022 | E17: Haber | F17: 9282 | G17: 26 | H17: 30 | I17: 30 | J17: 0 | K17: 0 | L17: 0 | M17: 0 | N17: 0 | O17: 0 | P17: 0 | Q17: 30 | R17: 30 | S17: =SUM(G17:R17) -> 146 | T17: =+S17/30 -> 4.8666667 | U17: =ROUND(PRODUCT(F17*T17),0) -> 45172 | V17: =U17*0.1 -> 4517.2 | W17: =U17*0.0171 -> 772.4412 | X17: =U17*0.03 -> 1355.16 | Y17: =U17*0.02 -> 903.44 | Z17: =SUM(U17:Y17) -> 52720.241 | AB17: =+AA17+Z17 -> 52720.241
B18: AREA DE PLANIFICACIÓN, MONITOREO Y EVALUACIÓN
A19: =A17+1 -> 6 | B19: RESPONSABLE IV- Responsable de Planificacion, Monitoreo y Evaluación | C19: E | D19: 2022 | E19: Haber | F19: 13738 | G19: 26 | H19: 30 | I19: 30 | J19: 30 | K19: 30 | L19: 30 | M19: 30 | N19: 30 | O19: 30 | P19: 30 | Q19: 30 | R19: 30 | S19: =SUM(G19:R19) -> 356 | T19: =+S19/30 -> 11.866667 | U19: =ROUND(PRODUCT(F19*T19),0) -> 163024 | V19: =U19*0.1 -> 16302.4 | W19: =U19*0.0171 -> 2787.7104 | X19: =U19*0.03 -> 4890.72 | Y19: =U19*0.02 -> 3260.48 | Z19: =SUM(U19:Y19) -> 190265.31 | AA19: =+F19*S19/360 -> 13585.356 | AB19: =+AA19+Z19 -> 203850.67
A20: =A19+1 -> 7 | B20: TECNICO IV - de Gestión de Proyectos y Financiamiento | C20: E | D20: 2022 | E20: Haber | F20: 8689 | G20: 0 | H20: 0 | I20: 0 | J20: 0 | L20: 30 | M20: 30 | N20: 30 | O20: 30 | P20: 30 | Q20: 0 | R20: 0 | S20: =SUM(G20:R20) -> 150 | T20: =+S20/30 -> 5 | U20: =ROUND(PRODUCT(F20*T20),0) -> 43445 | V20: =U20*0.1 -> 4344.5 | W20: =U20*0.0171 -> 742.9095 | X20: =U20*0.03 -> 1303.35 | Y20: =U20*0.02 -> 868.9 | Z20: =SUM(U20:Y20) -> 50704.66 | AA20: =+F20*S20/360 -> 3620.4167
A21: =A20+1 -> 8 | B21: Tecnico IV - Civil | C21: C | D21: 2022 | E21: Haber | F21: 8689 | G21: 0 | H21: 0 | I21: 0 | J21: 0 | K21: 0 | L21: 30 | M21: 0 | N21: 0 | O21: 0 | P21: 0 | Q21: 0 | R21: 0 | S21: =SUM(G21:R21) -> 30 | T21: =+S21/30 -> 1 | U21: =ROUND(PRODUCT(F21*T21),0) -> 8689 | V21: =U21*0.1 -> 868.9 | W21: =U21*0.0171 -> 148.5819 | X21: =U21*0.03 -> 260.67 | Y21: =U21*0.02 -> 173.78 | Z21: =SUM(U21:Y21) -> 10140.932 | AA21: 0
A22: =A21+1 -> 9 | B22: Tecnico IV - en Medio Ambiente y Cambio Climatico | C22: E | D22: 2022 | E22: Haber | F22: 8689 | G22: 0 | H22: 0 | I22: 0 | J22: 0 | K22: 0 | L22: 30 | M22: 0 | N22: 0 | O22: 0 | P22: 0 | Q22: 0 | R22: 0 | S22: =SUM(G22:R22) -> 30 | T22: =+S22/30 -> 1 | U22: =ROUND(PRODUCT(F22*T22),0) -> 8689 | V22: =U22*0.1 -> 868.9 | W22: =U22*0.0171 -> 148.5819 | X22: =U22*0.03 -> 260.67 | Y22: =U22*0.02 -> 173.78 | Z22: =SUM(U22:Y22) -> 10140.932 | AA22: 0
A23: =A22+1 -> 10 | B23: Tecnico IV- Proyectista | C23: C | D23: 2022 | E23: Haber | F23: 8689 | G23: 0 | H23: 0 | I23: 0 | J23: 0 | K23: 0 | L23: 30 | M23: 0 | N23: 0 | O23: 0 | P23: 0 | Q23: 0 | R23: 0 | S23: =SUM(G23:R23) -> 30 | T23: =+S23/30 -> 1 | U23: =ROUND(PRODUCT(F23*T23),0) -> 8689 | V23: =U23*0.1 -> 868.9 | W23: =U23*0.0171 -> 148.5819 | X23: =U23*0.03 -> 260.67 | Y23: =U23*0.02 -> 173.78 | Z23: =SUM(U23:Y23) -> 10140.932 | AA23: 0
B24: AREA ADMINISTRATIVA FINANCIERA | AB24: =+AA24+Z24 -> 0
A25: =A23+1 -> 11 | B25: RESPONSABLE IV- Responsable Administrativo Financiero | C25: E | D25: 2022 | E25: Haber | F25: 13738 | G25: 26 | H25: 30 | I25: 30 | J25: 30 | K25: 30 | L25: 30 | M25: 30 | N25: 30 | O25: 30 | P25: 30 | Q25: 30 | R25: 30 | S25: =SUM(G25:R25) -> 356 | T25: =+S25/30 -> 11.866667 | U25: =ROUND(PRODUCT(F25*T25),0) -> 163024 | V25: =U25*0.1 -> 16302.4 | W25: =U25*0.0171 -> 2787.7104 | X25: =U25*0.03 -> 4890.72 | Y25: =U25*0.02 -> 3260.48 | Z25: =SUM(U25:Y25) -> 190265.31 | AA25: =+F25*S25/360 -> 13585.356 | AB25: =+AA25+Z25 -> 203850.67
A26: =A25+1 -> 12 | B26: Profesional VIII - Contabilidad, Presupuestos y Contrataciones | C26: E | D26: 2022 | E26: Haber | F26: 10173 | G26: 26 | H26: 30 | I26: 30 | J26: 30 | K26: 30 | L26: 30 | M26: 30 | N26: 30 | O26: 30 | P26: 30 | Q26: 30 | R26: 30 | S26: =SUM(G26:R26) -> 356 | T26: =+S26/30 -> 11.866667 | U26: =ROUND(PRODUCT(F26*T26),0) -> 120720 | V26: =U26*0.1 -> 12072 | W26: =U26*0.0171 -> 2064.312 | X26: =U26*0.03 -> 3621.6 | Y26: =U26*0.02 -> 2414.4 | Z26: =SUM(U26:Y26) -> 140892.31 | AA26: =+F26*S26/360 -> 10059.967 | AB26: =+AA26+Z26 -> 150952.28
A27: =A26+1 -> 13 | B27: Administrativo I Auxiliar Administrativo | C27: E | D27: 2022 | E27: Haber | F27: 5971 | G27: 26 | H27: 30 | I27: 30 | J27: 30 | K27: 30 | L27: 30 | M27: 30 | N27: 30 | O27: 30 | P27: 30 | Q27: 30 | R27: 30 | S27: =SUM(G27:R27) -> 356 | T27: =+S27/30 -> 11.866667 | U27: =ROUND(PRODUCT(F27*T27),0) -> 70856 | V27: =U27*0.1 -> 7085.6 | W27: =U27*0.0171 -> 1211.6376 | X27: =U27*0.03 -> 2125.68 | Y27: =U27*0.02 -> 1417.12 | Z27: =SUM(U27:Y27) -> 82696.038 | AA27: =+F27*S27/360 -> 5904.6556 | AB27: =+AA27+Z27 -> 88600.693
A28: =A27+1 -> 14 | B28: Auxiliar I - Mensajero enlace La Paz | C28: E | D28: 2022 | E28: Haber | F28: 4009 | G28: 0 | H28: 0 | I28: 30 | J28: 30 | K28: 30 | L28: 30 | M28: 30 | N28: 30 | O28: 30 | P28: 30 | Q28: 30 | R28: 30 | S28: =SUM(G28:R28) -> 300 | T28: =+S28/30 -> 10 | U28: =ROUND(PRODUCT(F28*T28),0) -> 40090 | V28: =U28*0.1 -> 4009 | W28: =U28*0.0171 -> 685.539 | X28: =U28*0.03 -> 1202.7 | Y28: =U28*0.02 -> 801.8 | Z28: =SUM(U28:Y28) -> 46789.039 | AA28: =+F28*S28/360 -> 3340.8333 | AB28: =+AA28+Z28 -> 50129.872
A29: =A28+1 -> 15 | B29: ADMINISTRATIVO II - Chofer I | C29: E | D29: 2022 | E29: Haber | F29: 5494 | G29: 26 | H29: 30 | I29: 30 | J29: 30 | K29: 30 | L29: 30 | M29: 30 | N29: 30 | O29: 30 | P29: 30 | Q29: 30 | R29: 30 | S29: =SUM(G29:R29) -> 356 | T29: =+S29/30 -> 11.866667 | U29: =ROUND(PRODUCT(F29*T29),0) -> 65195 | V29: =U29*0.1 -> 6519.5 | W29: =U29*0.0171 -> 1114.8345 | X29: =U29*0.03 -> 1955.85 | Y29: =U29*0.02 -> 1303.9 | Z29: =SUM(U29:Y29) -> 76089.084 | AA29: =+F29*S29/360 -> 5432.9556 | AB29: =+AA29+Z29 -> 81522.04
A30: =A29+1 -> 16 | B30: ADMINISTRATIVO III - Chofer II | C30: E | D30: 2022 | E30: Haber | F30: 4827 | G30: 0 | H30: 0 | I30: 0 | J30: 30 | K30: 30 | L30: 30 | M30: 30 | N30: 30 | O30: 30 | P30: 30 | Q30: 30 | R30: 30 | S30: =SUM(G30:R30) -> 270 | T30: =+S30/30 -> 9 | U30: =ROUND(PRODUCT(F30*T30),0) -> 43443 | V30: =U30*0.1 -> 4344.3 | W30: =U30*0.0171 -> 742.8753 | X30: =U30*0.03 -> 1303.29 | Y30: =U30*0.02 -> 868.86 | Z30: =SUM(U30:Y30) -> 50702.325 | AA30: =+F30*S30/360 -> 3620.25 | AB30: =+AA30+Z30 -> 54322.575
B31: AREA DE INVESTIGACION Y DESARROLLO | AB31: =+AA31+Z31 -> 0
A32: =A30+1 -> 17 | B32: RESPONSABLE IV - Responsable en Investigación y Desarrollo | C32: E | D32: 2022 | E32: Haber | F32: 13738 | G32: 20 | H32: 30 | I32: 30 | J32: 30 | K32: 30 | L32: 30 | M32: 30 | N32: 30 | O32: 30 | P32: 30 | Q32: 30 | R32: 30 | S32: =SUM(G32:R32) -> 350 | T32: =+S32/30 -> 11.666667 | U32: =ROUND(PRODUCT(F32*T32),0) -> 160277 | V32: =U32*0.1 -> 16027.7 | W32: =U32*0.0171 -> 2740.7367 | X32: =U32*0.03 -> 4808.31 | Y32: =U32*0.02 -> 3205.54 | Z32: =SUM(U32:Y32) -> 187059.29 | AA32: =+F32*S32/360 -> 13356.389 | AB32: =+AA32+Z32 -> 200415.68
A33: =A32+1 -> 18 | B33: PROFESIONAL IX- Investigador Agricola (Altiplano Sur) | C33: C | D33: 2022 | E33: Haber | F33: 9282 | G33: 0 | H33: 0 | I33: 0 | J33: 0 | K33: 0 | L33: 0 | M33: 0 | N33: 0 | O33: 0 | P33: 30 | Q33: 0 | R33: 0 | S33: =SUM(G33:R33) -> 30 | T33: =+S33/30 -> 1 | U33: =ROUND(PRODUCT(F33*T33),0) -> 9282 | V33: =U33*0.1 -> 928.2 | W33: =U33*0.0171 -> 158.7222 | X33: =U33*0.03 -> 278.46 | Y33: =U33*0.02 -> 185.64 | Z33: =SUM(U33:Y33) -> 10833.022 | AA33: 0 | AB33: =+AA33+Z33 -> 10833.022 | AF33: 20
A34: =A33+1 -> 19 | B34: PROFESIONAL IX- Investigador Agricola (Altiplano Centro y Norte) | C34: C | D34: 2022 | E34: Haber | F34: 9282 | G34: 30 | H34: 30 | I34: 30 | J34: 0 | K34: 0 | L34: 0 | M34: 0 | N34: 0 | O34: 0 | P34: 0 | Q34: 0 | R34: 0 | S34: =SUM(G34:R34) -> 90 | T34: =+S34/30 -> 3 | U34: =ROUND(PRODUCT(F34*T34),0) -> 27846 | V34: =U34*0.1 -> 2784.6 | W34: =U34*0.0171 -> 476.1666 | X34: =U34*0.03 -> 835.38 | Y34: =U34*0.02 -> 556.92 | Z34: =SUM(U34:Y34) -> 32499.067 | AA34: 0
A35: =A34+1 -> 20 | B35: ADMINISTRATIVO IV Tecnico La Paz | C35: E | D35: 2022 | E35: Haber | F35: 4529 | G35: 30 | H35: 30 | I35: 30 | J35: 30 | K35: 30 | L35: 30 | M35: 30 | N35: 30 | O35: 30 | P35: 30 | Q35: 30 | R35: 30 | S35: =SUM(G35:R35) -> 360 | T35: =+S35/30 -> 12 | U35: =ROUND(PRODUCT(F35*T35),0) -> 54348 | V35: =U35*0.1 -> 5434.8 | W35: =U35*0.0171 -> 929.3508 | X35: =U35*0.03 -> 1630.44 | Y35: =U35*0.02 -> 1086.96 | Z35: =SUM(U35:Y35) -> 63429.551 | AA35: =+F35*S35/360 -> 4529 | AB35: =+AA35+Z35 -> 67958.551 | AF35: 30
B36: AREA DE CAPACITACION Y ASISTENCIA TECNICA | AB36: =+AA36+Z36 -> 0 | AF36: 30
A37: =A35+1 -> 21 | B37: RESPONSABLE IV - Responsable en Capacitación y Asistencia Técnica | C37: E | D37: 2022 | E37: Haber | F37: 13738 | G37: 25 | H37: 30 | I37: 30 | J37: 30 | K37: 30 | L37: 30 | M37: 30 | N37: 30 | O37: 30 | P37: 30 | Q37: 30 | R37: 30 | S37: =SUM(G37:R37) -> 355 | T37: =+S37/30 -> 11.833333 | U37: =ROUND(PRODUCT(F37*T37),0) -> 162566 | V37: =U37*0.1 -> 16256.6 | W37: =U37*0.0171 -> 2779.8786 | X37: =U37*0.03 -> 4876.98 | Y37: =U37*0.02 -> 3251.32 | Z37: =SUM(U37:Y37) -> 189730.78 | AA37: =+F37*S37/360 -> 13547.194 | AB37: =+AA37+Z37 -> 203277.97 | AF37: 10
A38: =A37+1 -> 22 | B38: PROFESIONAL IX- en desarrollo de Capacidades | C38: E | D38: 2022 | E38: Haber | F38: 9282 | G38: 0 | H38: 0 | I38: 30 | J38: 30 | K38: 30 | L38: 30 | M38: 0 | N38: 0 | O38: 0 | P38: 0 | Q38: 0 | R38: 0 | S38: =SUM(G38:R38) -> 120 | T38: =+S38/30 -> 4 | U38: =ROUND(PRODUCT(F38*T38),0) -> 37128 | V38: =U38*0.1 -> 3712.8 | W38: =U38*0.0171 -> 634.8888 | X38: =U38*0.03 -> 1113.84 | Y38: =U38*0.02 -> 742.56 | Z38: =SUM(U38:Y38) -> 43332.089 | AA38: =+F38*S38/360 -> 3094 | AB38: =+AA38+Z38 -> 46426.089 | AF38: =SUM(AF33:AF37) -> 90
A39: =A38+1 -> 23 | B39: PROFESIONAL IX- en alimentación y desarrollo de mercados | C39: C | D39: 2022 | E39: Haber | F39: 9282 | G39: 0 | H39: 0 | I39: 30 | J39: 30 | K39: 30 | L39: 30 | M39: 0 | N39: 0 | O39: 0 | P39: 0 | Q39: 0 | R39: 0 | S39: =SUM(G39:R39) -> 120 | T39: =+S39/30 -> 4 | U39: =ROUND(PRODUCT(F39*T39),0) -> 37128 | V39: =U39*0.1 -> 3712.8 | W39: =U39*0.0171 -> 634.8888 | X39: =U39*0.03 -> 1113.84 | Y39: =U39*0.02 -> 742.56 | Z39: =SUM(U39:Y39) -> 43332.089 | AA39: =+F39*S39/360 -> 3094
B40: AREA GESTIÓN DE LA INFORMACION | AB40: =+AA40+Z40 -> 0
A41: =A39+1 -> 24 | B41: RESPONSABLE IV - Responsable en Gestión de la Información | C41: E | D41: 2022 | E41: Haber | F41: 13738 | G41: 26 | H41: 30 | I41: 30 | J41: 30 | K41: 30 | L41: 30 | M41: 30 | N41: 30 | O41: 30 | P41: 30 | Q41: 30 | R41: 30 | S41: =SUM(G41:R41) -> 356 | T41: =+S41/30 -> 11.866667 | U41: =ROUND(PRODUCT(F41*T41),0) -> 163024 | V41: =U41*0.1 -> 16302.4 | W41: =U41*0.0171 -> 2787.7104 | X41: =U41*0.03 -> 4890.72 | Y41: =U41*0.02 -> 3260.48 | Z41: =SUM(U41:Y41) -> 190265.31 | AA41: =+F41*S41/360 -> 13585.356 | AB41: =+AA41+Z41 -> 203850.67
A42: =A41+1 -> 25 | B42: PROFESIONAL IX - en SIG | C42: E | D42: 2022 | E42: Haber | F42: 9282 | G42: 29 | H42: 30 | I42: 30 | J42: 30 | K42: 0 | L42: 0 | M42: 0 | N42: 0 | O42: 0 | P42: 30 | Q42: 30 | R42: 30 | S42: =SUM(G42:R42) -> 209 | T42: =+S42/30 -> 6.9666667 | U42: =ROUND(PRODUCT(F42*T42),0) -> 64665 | V42: =U42*0.1 -> 6466.5 | W42: =U42*0.0171 -> 1105.7715 | X42: =U42*0.03 -> 1939.95 | Y42: =U42*0.02 -> 1293.3 | Z42: =SUM(U42:Y42) -> 75470.522 | AA42: =+F42*S42/360 -> 5388.7167 | AB42: =+AA42+Z42 -> 80859.238
A43: =A42+1 -> 26 | B43: PROFESIONAL IX- Informatico y redes | C43: C | D43: 2022 | E43: Haber | F43: 9282 | G43: 29 | H43: 30 | I43: 30 | J43: 30 | K43: 0 | L43: 0 | M43: 0 | N43: 0 | O43: 0 | P43: 30 | Q43: 30 | R43: 30 | S43: =SUM(G43:R43) -> 209 | T43: =+S43/30 -> 6.9666667 | U43: =ROUND(PRODUCT(F43*T43),0) -> 64665 | V43: =U43*0.1 -> 6466.5 | W43: =U43*0.0171 -> 1105.7715 | X43: =U43*0.03 -> 1939.95 | Y43: =U43*0.02 -> 1293.3 | Z43: =SUM(U43:Y43) -> 75470.522 | AA43: =+F43*S43/360 -> 5388.7167 | AB43: =+AA43+Z43 -> 80859.238
AB44: =+AA44+Z44 -> 0
B45: Sueldo Personal | C45: 18 | U45: =SUM(U12:U44) -> 1848274 | V45: =SUM(V10:V44) -> 208269.4 | W45: =SUM(W10:W44) -> 35614.067 | X45: =SUM(X10:X44) -> 62480.82 | Y45: =SUM(Y10:Y44) -> 41653.88 | Z45: =SUM(Z12:Z44) -> 2157120.6 | AA45: =SUM(AA9:AA43) -> 163611.5 | AB45: =SUM(AB9:AB43) -> 2430650.6
B46: TOTAL 2021: | C46: 18 | U46: =SUM(U45:U45) -> 1848274 | V46: =SUM(V45:V45) -> 208269.4 | W46: =SUM(W45:W45) -> 35614.067 | X46: =SUM(X45:X45) -> 62480.82 | Y46: =SUM(Y45:Y45) -> 41653.88
AB51: =+Z56-AB45 -> -502143.64
V52: AGUINALDO PERSONAL PERMANENTE | Z52: =F10 -> 19535
V54: TOTAL PROGRAMADO 2021 | Z54: =Z52+Z45 -> 2176655.6 | AA54: aguinaldo 2021
V56: TECHO PRESUPUESTARIO PARA 2021 | Z56: 1928507
V58: PERSONAL EVENTUAL | Z58: =+U45 -> 1848274
V59: PERSONAL PERMANENTE | Z59: =+U10 -> 234420
V60: APORTE COLATERALES | Z60: =+V45+W45+X45+Y45 -> 348018.17
V61: AGUINALDO 2021 | Z61: =+AA45 -> 163611.5
Z63: =SUM(Z58:Z62) -> 2594323.7
Z65: =+Z56-Z63 -> -665816.67
X67: ITEM | Y67: EVENTUAL
X68: PRESUPUESTO VIGENTE | Y68: TOTAL CONTRATOS | Z68: TOTAL
V69: Aguinaldos | X69: =AA10 -> 19535 | Y69: 0 | Z69: =X69+Y69 -> 19535
V70: Asignaciones Familiares | X70: 0 | Y70: 0 | Z70: =X70+Y70 -> 0
V71: Sueldos | X71: =U10 -> 234420 | Y71: 0 | Z71: =X71+Y71 -> 234420
V72: Personal Eventual | X72: 0 | Y72: =U12+U14+U15+U17+U19+U20+U21+U22+U23+U25+U26+U27+U28+U29+U30+U32+U33+U34+U35+U37+U38+U39+U41+U42+U43 -> 1837286 | Z72: =X72+Y72 -> 1837286
V73: Régimen de Corto Plazo (Salud) | X73: =V10 -> 23442 | Y73: =V12+V14+V15+V17+V19+V20+V21+V22+V23+V25+V26+V27+V28+V29+V30+V32+V33+V34+V35+V37+V38+V39+V41+V42+V43 -> 183728.6 | Z73: =X73+Y73 -> 207170.6
V74: PRIMA DE RIESGO PROFESIONAL RÉGIMEN DE LARGO PLAZO | X74: =W10 -> 4008.582 | Y74: =W12+W14+W15+W17+W19+W20+W21+W22+W23+W25+W26+W27+W28+W29+W30+W32+W33+W34+W35+W37+W38+W39+W41+W42+W43 -> 31417.591 | Z74: =X74+Y74 -> 35426.173
V75: Aporte Patronal Solidario 3% | X75: =X10 -> 7032.6 | Y75: =X12+X14+X15+X17+X19+X20+X21+X22+X23+X25+X26+X27+X28+X29+X30+X32+X33+X34+X35+X37+X38+X39+X41+X42+X43 -> 55118.58 | Z75: =X75+Y75 -> 62151.18
V76: Aporte Patronal para Vivienda | X76: =Y10 -> 4688.4 | Y76: =Y12+Y14+Y15+Y17+Y19+Y20+Y21+Y22+Y23+Y25+Y26+Y27+Y28+Y29+Y30+Y32+Y33+Y34+Y35+Y37+Y38+Y39+Y41+Y42+Y43 -> 36745.72 | Z76: =X76+Y76 -> 41434.12
V77: Otras Previsiones (EVENTUAL) | Y77: =AA12+AA14+AA15+AA17+AA19+AA20+AA21+AA22+AA23+AA25+AA26+AA28+AA27+AA29+AA30+AA32+AA33+AA34+AA35+AA37+AA38+AA39+AA41+AA42+AA43 -> 144076.5 | Z77: =X77+Y77 -> 144076.5
X78: =SUM(X69:X77) -> 293126.58 | Y78: =SUM(Y69:Y77) -> 2288373 | Z78: =SUM(Z69:Z77) -> 2581499.6 | AA78: 1928507 | AB78: =Z78-AA78 -> 652992.58

Sheet planilla salarial (3)
B2: CENTRO INTERNACIONAL DE LA QUINUA ESTRUCTURA DE PERSONAL Y PLANILLA POA 2022 (Expresada en Bolivianos)
B5: REPARTICION / CARGO | C5: T | D5: GESTION | E5: UNIDAD | F5: SUELDO MENSUAL | G5: MES | S5: DIAS | T5: MESES | U5: MONTO ANUAL | V5: APORTES PATRONALES | Z5: TOTAL | AA5: AGUINALDO
G6: ENE | H6: FEB | I6: MAR | J6: ABR | K6: MAY | L6: JUN | M6: JUL | N6: AGO | O6: SEP | P6: OCT | Q6: NOV | R6: DIC | V6: SALUD | W6: PENSIONES | X6: PATRONAL | Y6: VIVIENDA
B8: DIRECCION GENERAL EJECUTIVA
A10: 1 | B10: Director General Ejecutivo | C10: P | D10: 2022 | E10: Haber | F10: 19535 | G10: 30 | H10: 30 | I10: 30 | J10: 30 | K10: 30 | L10: 30 | M10: 30 | N10: 30 | O10: 30 | P10: 30 | Q10: 30 | R10: 30 | S10: =SUM(G10:R10) -> 360 | T10: =+S10/30 -> 12 | U10: =ROUND(PRODUCT(F10*T10),0) -> 234420 | V10: =U10*0.1 -> 23442 | W10: =U10*0.0171 -> 4008.582 | X10: =U10*0.03 -> 7032.6 | Y10: =U10*0.02 -> 4688.4 | Z10: =SUM(U10:Y10) -> 273591.58 | AA10: =+F10*S10/360 -> 19535 | AB10: =+AA10+Z10 -> 293126.58
B11: ASESORAMIENTO Y APOYO | AB11: =+AA11+Z11 -> 0
A12: =A10+1 -> 2 | B12: Profesional VII - Asesoria Juridica y Relaciones Internacionales | C12: E | D12: 2022 | E12: Haber | F12: 10693 | G12: 26 | H12: 30 | I12: 30 | J12: 30 | K12: 30 | L12: 30 | M12: 30 | N12: 30 | O12: 30 | P12: 30 | Q12: 30 | R12: 30 | S12: =SUM(G12:R12) -> 356 | T12: =+S12/30 -> 11.866667 | U12: =ROUND(PRODUCT(F12*T12),0) -> 126890 | V12: =U12*0.1 -> 12689 | W12: =U12*0.0171 -> 2169.819 | X12: =U12*0.03 -> 3806.7 | Y12: =U12*0.02 -> 2537.8 | Z12: =SUM(U12:Y12) -> 148093.32 | AA12: =+F12*S12/360 -> 10574.189 | AB12: =+AA12+Z12 -> 158667.51
A13: =A12+1 -> 3 | B13: Administrativo IV - Secretaria Dirección General | C13: E | D13: 2022 | E13: Haber | F13: 4529 | G13: 0 | H13: 30 | I13: 30 | J13: 30 | K13: 30 | L13: 30 | M13: 30 | N13: 30 | O13: 30 | P13: 30 | Q13: 30 | R13: 30 | S13: =SUM(G13:R13) -> 330 | T13: =+S13/30 -> 11 | U13: =ROUND(PRODUCT(F13*T13),0) -> 49819 | V13: =U13*0.1 -> 4981.9 | W13: =U13*0.0171 -> 851.9049 | X13: =U13*0.03 -> 1494.57 | Y13: =U13*0.02 -> 996.38 | Z13: =SUM(U13:Y13) -> 58143.755 | AA13: =+F13*S13/360 -> 4151.5833 | AB13: =+AA13+Z13 -> 62295.338
A14: =A13+1 -> 4 | B14: Administrativo II - Técnico Comunicador | C14: E | D14: 2022 | E14: Haber | F14: 5494 | G14: 0 | H14: 0 | I14: 0 | J14: 0 | K14: 30 | L14: 30 | M14: 30 | N14: 30 | O14: 30 | P14: 30 | Q14: 30 | R14: 30 | S14: =SUM(G14:R14) -> 240 | T14: =+S14/30 -> 8 | U14: =ROUND(PRODUCT(F14*T14),0) -> 43952 | V14: =U14*0.1 -> 4395.2 | W14: =U14*0.0171 -> 751.5792 | X14: =U14*0.03 -> 1318.56 | Y14: =U14*0.02 -> 879.04 | Z14: =SUM(U14:Y14) -> 51296.379 | AA14: =+F14*S14/360 -> 3662.6667 | AB14: =+AA14+Z14 -> 54959.046
B15: CONTROL | AB15: =+AA15+Z15 -> 0
A16: =A14+1 -> 5 | B16: Tecnico V - Auditoria Interna | C16: E | D16: 2022 | E16: Haber | F16: 7722 | G16: 26 | H16: 30 | I16: 30 | J16: 0 | K16: 0 | L16: 0 | M16: 0 | N16: 0 | O16: 0 | P16: 0 | Q16: 30 | R16: 30 | S16: =SUM(G16:R16) -> 146 | T16: =+S16/30 -> 4.8666667 | U16: =ROUND(PRODUCT(F16*T16),0) -> 37580 | V16: =U16*0.1 -> 3758 | W16: =U16*0.0171 -> 642.618 | X16: =U16*0.03 -> 1127.4 | Y16: =U16*0.02 -> 751.6 | Z16: =SUM(U16:Y16) -> 43859.618 | AB16: =+AA16+Z16 -> 43859.618
B17: AREA DE PLANIFICACIÓN, MONITOREO Y EVALUACIÓN
A18: =A16+1 -> 6 | B18: Profesional VII - Responsable de Planificacion, Monitoreo y Evaluación | C18: E | D18: 2022 | E18: Haber | F18: 10693 | G18: 26 | H18: 30 | I18: 30 | J18: 30 | K18: 30 | L18: 30 | M18: 30 | N18: 30 | O18: 30 | P18: 30 | Q18: 30 | R18: 30 | S18: =SUM(G18:R18) -> 356 | T18: =+S18/30 -> 11.866667 | U18: =ROUND(PRODUCT(F18*T18),0) -> 126890 | V18: =U18*0.1 -> 12689 | W18: =U18*0.0171 -> 2169.819 | X18: =U18*0.03 -> 3806.7 | Y18: =U18*0.02 -> 2537.8 | Z18: =SUM(U18:Y18) -> 148093.32 | AA18: =+F18*S18/360 -> 10574.189 | AB18: =+AA18+Z18 -> 158667.51
A19: =A18+1 -> 7 | B19: Tecnico VI - de Gestión de Proyectos y Financiamiento | C19: E | D19: 2022 | E19: Haber | F19: 6906 | G19: 0 | H19: 0 | I19: 0 | J19: 0 | K19: 0 | L19: 0 | M19: 0 | N19: 30 | O19: 30 | P19: 30 | Q19: 30 | R19: 30 | S19: =SUM(G19:R19) -> 150 | T19: =+S19/30 -> 5 | U19: =ROUND(PRODUCT(F19*T19),0) -> 34530 | V19: =U19*0.1 -> 3453 | W19: =U19*0.0171 -> 590.463 | X19: =U19*0.03 -> 1035.9 | Y19: =U19*0.02 -> 690.6 | Z19: =SUM(U19:Y19) -> 40299.963 | AA19: =+F19*S19/360 -> 2877.5
A20: =A19+1 -> 8 | B20: Tecnico VI - Civil | C20: C | D20: 2022 | E20: Haber | F20: 0 | G20: 26 | H20: 30 | I20: 30 | J20: 30 | K20: 30 | L20: 0 | M20: 0 | N20: 0 | O20: 0 | P20: 0 | Q20: 0 | R20: 0 | S20: =SUM(G20:R20) -> 146 | T20: =+S20/30 -> 4.8666667 | U20: =ROUND(PRODUCT(F20*T20),0) -> 0 | V20: =U20*0.1 -> 0 | W20: =U20*0.0171 -> 0 | X20: =U20*0.03 -> 0 | Y20: =U20*0.02 -> 0 | Z20: =SUM(U20:Y20) -> 0 | AA20: =+F20*S20/360 -> 0
A21: =A20+1 -> 9 | B21: Tecnico VI - en Medio Ambiente y Cambio Climatico | C21: E | D21: 2022 | E21: Haber | F21: 6906 | G21: 0 | H21: 0 | I21: 0 | J21: 0 | K21: 0 | L21: 0 | M21: 0 | N21: 30 | O21: 30 | P21: 30 | Q21: 30 | R21: 30 | S21: =SUM(G21:R21) -> 150 | T21: =+S21/30 -> 5 | U21: =ROUND(PRODUCT(F21*T21),0) -> 34530 | V21: =U21*0.1 -> 3453 | W21: =U21*0.0171 -> 590.463 | X21: =U21*0.03 -> 1035.9 | Y21: =U21*0.02 -> 690.6 | Z21: =SUM(U21:Y21) -> 40299.963 | AA21: =+F21*S21/360 -> 2877.5
A22: =A21+1 -> 10 | B22: Tecnico VI- Proyectista | C22: C | D22: 2022 | E22: Haber | F22: 0 | G22: 0 | H22: 0 | I22: 0 | J22: 0 | K22: 0 | L22: 0 | M22: 0 | N22: 30 | O22: 30 | P22: 30 | Q22: 30 | R22: 30 | S22: =SUM(G22:R22) -> 150 | T22: =+S22/30 -> 5 | U22: =ROUND(PRODUCT(F22*T22),0) -> 0 | V22: =U22*0.1 -> 0 | W22: =U22*0.0171 -> 0 | X22: =U22*0.03 -> 0 | Y22: =U22*0.02 -> 0 | Z22: =SUM(U22:Y22) -> 0 | AA22: =+F22*S22/360 -> 0
B23: AREA ADMINISTRATIVA FINANCIERA | AB23: =+AA23+Z23 -> 0
A24: =A22+1 -> 11 | B24: Profesional Vll - Responsable Administrativo Financiero | C24: E | D24: 2022 | E24: Haber | F24: 10693 | G24: 26 | H24: 30 | I24: 30 | J24: 30 | K24: 30 | L24: 30 | M24: 30 | N24: 30 | O24: 30 | P24: 30 | Q24: 30 | R24: 30 | S24: =SUM(G24:R24) -> 356 | T24: =+S24/30 -> 11.866667 | U24: =ROUND(PRODUCT(F24*T24),0) -> 126890 | V24: =U24*0.1 -> 12689 | W24: =U24*0.0171 -> 2169.819 | X24: =U24*0.03 -> 3806.7 | Y24: =U24*0.02 -> 2537.8 | Z24: =SUM(U24:Y24) -> 148093.32 | AA24: =+F24*S24/360 -> 10574.189 | AB24: =+AA24+Z24 -> 158667.51
A25: =A24+1 -> 12 | B25: Profesional IX - Contabilidad, Presupuestos y Contrataciones | C25: E | D25: 2022 | E25: Haber | F25: 9282 | G25: 26 | H25: 30 | I25: 30 | J25: 30 | K25: 30 | L25: 30 | M25: 30 | N25: 30 | O25: 30 | P25: 30 | Q25: 30 | R25: 30 | S25: =SUM(G25:R25) -> 356 | T25: =+S25/30 -> 11.866667 | U25: =ROUND(PRODUCT(F25*T25),0) -> 110146 | V25: =U25*0.1 -> 11014.6 | W25: =U25*0.0171 -> 1883.4966 | X25: =U25*0.03 -> 3304.38 | Y25: =U25*0.02 -> 2202.92 | Z25: =SUM(U25:Y25) -> 128551.4 | AA25: =+F25*S25/360 -> 9178.8667 | AB25: =+AA25+Z25 -> 137730.26
A26: =A25+1 -> 13 | B26: Administrativo IV Auxiliar Administrativo | C26: E | D26: 2022 | E26: Haber | F26: 4529 | G26: 0 | H26: 20 | I26: 30 | J26: 30 | K26: 30 | L26: 30 | M26: 30 | N26: 30 | O26: 30 | P26: 30 | Q26: 30 | R26: 30 | S26: =SUM(G26:R26) -> 320 | T26: =+S26/30 -> 10.666667 | U26: =ROUND(PRODUCT(F26*T26),0) -> 48309 | V26: =U26*0.1 -> 4830.9 | W26: =U26*0.0171 -> 826.0839 | X26: =U26*0.03 -> 1449.27 | Y26: =U26*0.02 -> 966.18 | Z26: =SUM(U26:Y26) -> 56381.434 | AA26: =+F26*S26/360 -> 4025.7778 | AB26: =+AA26+Z26 -> 60407.212
A27: =A26+1 -> 14 | B27: Auxiliar I - Mensajero enlace La Paz | C27: E | D27: 2022 | E27: Haber | F27: 4009 | G27: 23 | H27: 30 | I27: 30 | J27: 30 | K27: 30 | L27: 30 | M27: 30 | N27: 30 | O27: 30 | P27: 30 | Q27: 30 | R27: 30 | S27: =SUM(G27:R27) -> 353 | T27: =+S27/30 -> 11.766667 | U27: =ROUND(PRODUCT(F27*T27),0) -> 47173 | V27: =U27*0.1 -> 4717.3 | W27: =U27*0.0171 -> 806.6583 | X27: =U27*0.03 -> 1415.19 | Y27: =U27*0.02 -> 943.46 | Z27: =SUM(U27:Y27) -> 55055.608 | AA27: =+F27*S27/360 -> 3931.0472 | AB27: =+AA27+Z27 -> 58986.656
A28: =A27+1 -> 15 | B28: Auxiliar I - Chofer I | C28: E | D28: 2022 | E28: Haber | F28: 4009 | G28: 26 | H28: 30 | I28: 30 | J28: 30 | K28: 30 | L28: 30 | M28: 30 | N28: 30 | O28: 30 | P28: 30 | Q28: 30 | R28: 30 | S28: =SUM(G28:R28) -> 356 | T28: =+S28/30 -> 11.866667 | U28: =ROUND(PRODUCT(F28*T28),0) -> 47573 | V28: =U28*0.1 -> 4757.3 | W28: =U28*0.0171 -> 813.4983 | X28: =U28*0.03 -> 1427.19 | Y28: =U28*0.02 -> 951.46 | Z28: =SUM(U28:Y28) -> 55522.448 | AA28: =+F28*S28/360 -> 3964.4556 | AB28: =+AA28+Z28 -> 59486.904
A29: =A28+1 -> 16 | B29: Auxiliar II - Chofer II | C29: E | D29: 2022 | E29: Haber | F29: 3340 | G29: 0 | H29: 30 | I29: 30 | J29: 30 | K29: 30 | L29: 30 | M29: 0 | N29: 0 | O29: 0 | P29: 0 | Q29: 0 | R29: 0 | S29: =SUM(G29:R29) -> 150 | T29: =+S29/30 -> 5 | U29: =ROUND(PRODUCT(F29*T29),0) -> 16700 | V29: =U29*0.1 -> 1670 | W29: =U29*0.0171 -> 285.57 | X29: =U29*0.03 -> 501 | Y29: =U29*0.02 -> 334 | Z29: =SUM(U29:Y29) -> 19490.57 | AA29: =+F29*S29/360 -> 1391.6667 | AB29: =+AA29+Z29 -> 20882.237
B30: AREA DE INVESTIGACION Y DESARROLLO | AB30: =+AA30+Z30 -> 0
A31: =A29+1 -> 17 | B31: Profesional VII - Responsable en Investigación y Desarrollo | C31: E | D31: 2022 | E31: Haber | F31: 10693 | G31: 20 | H31: 30 | I31: 30 | J31: 30 | K31: 30 | L31: 30 | M31: 30 | N31: 30 | O31: 30 | P31: 30 | Q31: 30 | R31: 30 | S31: =SUM(G31:R31) -> 350 | T31: =+S31/30 -> 11.666667 | U31: =ROUND(PRODUCT(F31*T31),0) -> 124752 | V31: =U31*0.1 -> 12475.2 | W31: =U31*0.0171 -> 2133.2592 | X31: =U31*0.03 -> 3742.56 | Y31: =U31*0.02 -> 2495.04 | Z31: =SUM(U31:Y31) -> 145598.06 | AA31: =+F31*S31/360 -> 10395.972 | AB31: =+AA31+Z31 -> 155994.03
A32: =A31+1 -> 18 | B32: Tecnico VI - Investigador Agricola (Altiplano Sur) | C32: C | D32: 2022 | E32: Haber | F32: 0 | G32: 0 | H32: 30 | I32: 30 | J32: 30 | K32: 0 | L32: 0 | M32: 0 | N32: 0 | O32: 0 | P32: 0 | Q32: 0 | R32: 0 | S32: =SUM(G32:R32) -> 90 | T32: =+S32/30 -> 3 | U32: =ROUND(PRODUCT(F32*T32),0) -> 0 | V32: =U32*0.1 -> 0 | W32: =U32*0.0171 -> 0 | X32: =U32*0.03 -> 0 | Y32: =U32*0.02 -> 0 | Z32: =SUM(U32:Y32) -> 0 | AA32: =+F32*S32/360 -> 0 | AB32: =+AA32+Z32 -> 0 | AF32: 20
A33: =A32+1 -> 19 | B33: Tecnico VI - Investigador Agricola (Altiplano Centro y Norte) | C33: C | D33: 2022 | E33: Haber | F33: 0 | G33: 0 | H33: 30 | I33: 30 | J33: 0 | K33: 0 | L33: 0 | M33: 0 | N33: 0 | O33: 0 | P33: 0 | Q33: 0 | R33: 0 | S33: =SUM(G33:R33) -> 60 | T33: =+S33/30 -> 2 | U33: =ROUND(PRODUCT(F33*T33),0) -> 0 | V33: =U33*0.1 -> 0 | W33: =U33*0.0171 -> 0 | X33: =U33*0.03 -> 0 | Y33: =U33*0.02 -> 0 | Z33: =SUM(U33:Y33) -> 0 | AA33: =+F33*S33/360 -> 0
A34: =A33+1 -> 20 | B34: Auxiliar II Tecnico La Paz | C34: E | D34: 2022 | E34: Haber | F34: 3340 | G34: 0 | H34: 30 | I34: 30 | J34: 30 | K34: 30 | L34: 30 | M34: 0 | N34: 0 | O34: 0 | P34: 0 | Q34: 0 | R34: 0 | S34: =SUM(G34:R34) -> 150 | T34: =+S34/30 -> 5 | U34: =ROUND(PRODUCT(F34*T34),0) -> 16700 | V34: =U34*0.1 -> 1670 | W34: =U34*0.0171 -> 285.57 | X34: =U34*0.03 -> 501 | Y34: =U34*0.02 -> 334 | Z34: =SUM(U34:Y34) -> 19490.57 | AA34: =+F34*S34/360 -> 1391.6667 | AB34: =+AA34+Z34 -> 20882.237 | AF34: 30
B35: AREA DE CAPACITACION Y ASISTENCIA TECNICA | AB35: =+AA35+Z35 -> 0 | AF35: 30
A36: =A34+1 -> 21 | B36: Profesional VII - Responsable en Capacitación y Asistencia Técnica | C36: E | D36: 2022 | E36: Haber | F36: 10693 | G36: 25 | H36: 30 | I36: 30 | J36: 30 | K36: 30 | L36: 30 | M36: 30 | N36: 30 | O36: 30 | P36: 30 | Q36: 30 | R36: 30 | S36: =SUM(G36:R36) -> 355 | T36: =+S36/30 -> 11.833333 | U36: =ROUND(PRODUCT(F36*T36),0) -> 126534 | V36: =U36*0.1 -> 12653.4 | W36: =U36*0.0171 -> 2163.7314 | X36: =U36*0.03 -> 3796.02 | Y36: =U36*0.02 -> 2530.68 | Z36: =SUM(U36:Y36) -> 147677.83 | AA36: =+F36*S36/360 -> 10544.486 | AB36: =+AA36+Z36 -> 158222.32 | AF36: 10
A37: =A36+1 -> 22 | B37: Tecnico VI - en desarrollo de Capacidades | C37: E | D37: 2022 | E37: Haber | F37: 6906 | G37: 0 | H37: 20 | I37: 30 | J37: 30 | K37: 30 | L37: 30 | M37: 0 | N37: 0 | O37: 0 | P37: 0 | Q37: 0 | R37: 0 | S37: =SUM(G37:R37) -> 140 | T37: =+S37/30 -> 4.6666667 | U37: =ROUND(PRODUCT(F37*T37),0) -> 32228 | V37: =U37*0.1 -> 3222.8 | W37: =U37*0.0171 -> 551.0988 | X37: =U37*0.03 -> 966.84 | Y37: =U37*0.02 -> 644.56 | Z37: =SUM(U37:Y37) -> 37613.299 | AA37: =+F37*S37/360 -> 2685.6667 | AB37: =+AA37+Z37 -> 40298.965 | AF37: =SUM(AF32:AF36) -> 90
A38: =A37+1 -> 23 | B38: Tecnico VI - en alimentación y desarrollo de mercados | C38: C | D38: 2022 | E38: Haber | F38: 0 | G38: 0 | H38: 30 | I38: 0 | J38: 0 | K38: 0 | L38: 0 | M38: 0 | N38: 0 | O38: 0 | P38: 0 | Q38: 0 | R38: 0 | S38: =SUM(G38:R38) -> 30 | T38: =+S38/30 -> 1 | U38: =ROUND(PRODUCT(F38*T38),0) -> 0 | V38: =U38*0.1 -> 0 | W38: =U38*0.0171 -> 0 | X38: =U38*0.03 -> 0 | Y38: =U38*0.02 -> 0 | Z38: =SUM(U38:Y38) -> 0
B39: AREA GESTIÓN DE LA INFORMACION | AB39: =+AA39+Z39 -> 0
A40: =A38+1 -> 24 | B40: Profesional VII - Responsable en Gestión de la Información | C40: E | D40: 2022 | E40: Haber | F40: 10693 | G40: 26 | H40: 30 | I40: 30 | J40: 30 | K40: 30 | L40: 30 | M40: 30 | N40: 30 | O40: 30 | P40: 30 | Q40: 30 | R40: 30 | S40: =SUM(G40:R40) -> 356 | T40: =+S40/30 -> 11.866667 | U40: =ROUND(PRODUCT(F40*T40),0) -> 126890 | V40: =U40*0.1 -> 12689 | W40: =U40*0.0171 -> 2169.819 | X40: =U40*0.03 -> 3806.7 | Y40: =U40*0.02 -> 2537.8 | Z40: =SUM(U40:Y40) -> 148093.32 | AA40: =+F40*S40/360 -> 10574.189 | AB40: =+AA40+Z40 -> 158667.51
A41: =A40+1 -> 25 | B41: Tecnico VI - en SIG | C41: E | D41: 2022 | E41: Haber | F41: 6906 | G41: 0 | H41: 20 | I41: 30 | J41: 30 | K41: 30 | L41: 30 | M41: 0 | N41: 0 | O41: 0 | P41: 0 | Q41: 0 | R41: 0 | S41: =SUM(G41:R41) -> 140 | T41: =+S41/30 -> 4.6666667 | U41: =ROUND(PRODUCT(F41*T41),0) -> 32228 | V41: =U41*0.1 -> 3222.8 | W41: =U41*0.0171 -> 551.0988 | X41: =U41*0.03 -> 966.84 | Y41: =U41*0.02 -> 644.56 | Z41: =SUM(U41:Y41) -> 37613.299 | AA41: =+F41*S41/360 -> 2685.6667 | AB41: =+AA41+Z41 -> 40298.965
A42: =A41+1 -> 26 | B42: Tecnico VI- Informatico y redes | C42: C | D42: 2022 | E42: Haber | F42: 0 | G42: 0 | H42: 30 | I42: 0 | J42: 0 | K42: 0 | L42: 0 | M42: 0 | N42: 0 | O42: 0 | P42: 0 | Q42: 0 | R42: 0 | S42: =SUM(G42:R42) -> 30 | T42: =+S42/30 -> 1 | U42: =ROUND(PRODUCT(F42*T42),0) -> 0 | V42: =U42*0.1 -> 0 | W42: =U42*0.0171 -> 0 | X42: =U42*0.03 -> 0 | Y42: =U42*0.02 -> 0 | Z42: =SUM(U42:Y42) -> 0 | AB42: =+AA42+Z42 -> 0
AB43: =+AA43+Z43 -> 0
B44: Sueldo Personal | C44: 18 | U44: =SUM(U12:U43) -> 1310314 | V44: =SUM(V10:V43) -> 154473.4 | W44: =SUM(W10:W43) -> 26414.951 | X44: =SUM(X10:X43) -> 46342.02 | Y44: =SUM(Y10:Y43) -> 30894.68 | Z44: =SUM(Z12:Z43) -> 1529267.5 | AA44: =SUM(AA9:AA42) -> 125596.28 | AB44: =SUM(AB9:AB42) -> 1842100.4
B45: TOTAL 2021: | C45: 18 | U45: =SUM(U44:U44) -> 1310314 | V45: =SUM(V44:V44) -> 154473.4 | W45: =SUM(W44:W44) -> 26414.951 | X45: =SUM(X44:X44) -> 46342.02 | Y45: =SUM(Y44:Y44) -> 30894.68
AB50: =+Z55-AB44 -> 86406.597
V51: AGUINALDO PERSONAL PERMANENTE | Z51: =F10 -> 19535
V53: TOTAL PROGRAMADO 2021 | Z53: =Z51+Z44 -> 1548802.5 | AA53: aguinaldo 2021
V55: TECHO PRESUPUESTARIO PARA 2021 | Z55: 1928507
V57: PERSONAL EVENTUAL | Z57: =+U44 -> 1310314
V58: PERSONAL PERMANENTE | Z58: =+U10 -> 234420
V59: APORTE COLATERALES | Z59: =+V44+W44+X44+Y44 -> 258125.05
V60: AGUINALDO 2021 | Z60: =+AA44 -> 125596.28
Z62: =SUM(Z57:Z61) -> 1928455.3
Z64: =+Z55-Z62 -> 51.670822
X66: ITEM | Y66: EVENTUAL
X67: PRESUPUESTO VIGENTE | Y67: TOTAL CONTRATOS | Z67: TOTAL
V68: Aguinaldos | X68: =AA10 -> 19535 | Y68: 0 | Z68: =X68+Y68 -> 19535
V69: Asignaciones Familiares | X69: 0 | Y69: 0 | Z69: =X69+Y69 -> 0
V70: Sueldos | X70: =U10 -> 234420 | Y70: 0 | Z70: =X70+Y70 -> 234420
V71: Personal Eventual | X71: 0 | Y71: =U12+U13+U14+U16+U18+U19+U20+U21+U22+U24+U25+U26+U27+U28+U29+U31+U32+U33+U34+U36+U37+U38+U40+U41+U42 -> 1310314 | Z71: =X71+Y71 -> 1310314
V72: Régimen de Corto Plazo (Salud) | X72: =V10 -> 23442 | Y72: =V12+V13+V14+V16+V18+V19+V20+V21+V22+V24+V25+V26+V27+V28+V29+V31+V32+V33+V34+V36+V37+V38+V40+V41+V42 -> 131031.4 | Z72: =X72+Y72 -> 154473.4
V73: PRIMA DE RIESGO PROFESIONAL RÉGIMEN DE LARGO PLAZO | X73: =W10 -> 4008.582 | Y73: =W12+W13+W14+W16+W18+W19+W20+W21+W22+W24+W25+W26+W27+W28+W29+W31+W32+W33+W34+W36+W37+W38+W40+W41+W42 -> 22406.369 | Z73: =X73+Y73 -> 26414.951
V74: Aporte Patronal Solidario 3% | X74: =X10 -> 7032.6 | Y74: =X12+X13+X14+X16+X18+X19+X20+X21+X22+X24+X25+X26+X27+X28+X29+X31+X32+X33+X34+X36+X37+X38+X40+X41+X42 -> 39309.42 | Z74: =X74+Y74 -> 46342.02
V75: Aporte Patronal para Vivienda | X75: =Y10 -> 4688.4 | Y75: =Y12+Y13+Y14+Y16+Y18+Y19+Y20+Y21+Y22+Y24+Y25+Y26+Y27+Y28+Y29+Y31+Y32+Y33+Y34+Y36+Y37+Y38+Y40+Y41+Y42 -> 26206.28 | Z75: =X75+Y75 -> 30894.68
V76: Otras Previsiones (EVENTUAL) | Y76: =AA12+AA13+AA14+AA16+AA18+AA19+AA20+AA21+AA22+AA24+AA25+AA27+AA26+AA28+AA29+AA31+AA32+AA33+AA34+AA36+AA37+AA38+AA40+AA41+AA42 -> 106061.28 | Z76: =X76+Y76 -> 106061.28
X77: =SUM(X68:X76) -> 293126.58 | Y77: =SUM(Y68:Y76) -> 1635328.7 | Z77: =SUM(Z68:Z76) -> 1928455.3 | AA77: 1928507 | AB77: =Z77-AA77 -> -51.670822

Sheet planilla salarial (2)
B2: CENTRO INTERNACIONAL DE LA QUINUA ESTRUCTURA DE PERSONAL Y PLANILLA POA 2022 (Expresada en Bolivianos)
B5: REPARTICION / CARGO | C5: T | D5: GESTION | E5: UNIDAD | F5: SUELDO MENSUAL | G5: MES | S5: DIAS | T5: MESES | U5: MONTO ANUAL | V5: APORTES PATRONALES | Z5: TOTAL | AA5: AGUINALDO
G6: ENE | H6: FEB | I6: MAR | J6: ABR | K6: MAY | L6: JUN | M6: JUL | N6: AGO | O6: SEP | P6: OCT | Q6: NOV | R6: DIC | V6: SALUD | W6: PENSIONES | X6: PATRONAL | Y6: VIVIENDA
B8: DIRECCION GENERAL EJECUTIVA
A10: 1 | B10: Director General Ejecutivo | C10: P | D10: 2022 | E10: Haber | F10: 18987 | G10: 30 | H10: 30 | I10: 30 | J10: 30 | K10: 30 | L10: 30 | M10: 30 | N10: 30 | O10: 30 | P10: 30 | Q10: 30 | R10: 30 | S10: =SUM(G10:R10) -> 360 | T10: =+S10/30 -> 12 | U10: =ROUND(PRODUCT(F10*T10),0) -> 227844 | V10: =U10*0.1 -> 22784.4 | W10: =U10*0.0171 -> 3896.1324 | X10: =U10*0.03 -> 6835.32 | Y10: =U10*0.02 -> 4556.88 | Z10: =SUM(U10:Y10) -> 265916.73 | AA10: =+F10*S10/360 -> 18987 | AB10: =+AA10+Z10 -> 284903.73
B11: ASESORAMIENTO Y APOYO | AB11: =+AA11+Z11 -> 0
A12: =A10+1 -> 2 | B12: Profesional VIII - Asesoria Juridica y Relaciones Internacionales | C12: E | D12: 2022 | E12: Haber | F12: 10173 | G12: 26 | H12: 30 | I12: 30 | J12: 30 | K12: 30 | L12: 30 | M12: 30 | N12: 30 | O12: 30 | P12: 30 | Q12: 30 | R12: 30 | S12: =SUM(G12:R12) -> 356 | T12: =+S12/30 -> 11.866667 | U12: =ROUND(PRODUCT(F12*T12),0) -> 120720 | V12: =U12*0.1 -> 12072 | W12: =U12*0.0171 -> 2064.312 | X12: =U12*0.03 -> 3621.6 | Y12: =U12*0.02 -> 2414.4 | Z12: =SUM(U12:Y12) -> 140892.31 | AA12: =+F12*S12/360 -> 10059.967 | AB12: =+AA12+Z12 -> 150952.28
A13: =A12+1 -> 3 | B13: Administrativo IV - Secretaria Dirección General | C13: E | D13: 2022 | E13: Haber | F13: 4529 | G13: 0 | H13: 30 | I13: 30 | J13: 30 | K13: 30 | L13: 30 | M13: 30 | N13: 30 | O13: 30 | P13: 30 | Q13: 30 | R13: 30 | S13: =SUM(G13:R13) -> 330 | T13: =+S13/30 -> 11 | U13: =ROUND(PRODUCT(F13*T13),0) -> 49819 | V13: =U13*0.1 -> 4981.9 | W13: =U13*0.0171 -> 851.9049 | X13: =U13*0.03 -> 1494.57 | Y13: =U13*0.02 -> 996.38 | Z13: =SUM(U13:Y13) -> 58143.755 | AA13: =+F13*S13/360 -> 4151.5833 | AB13: =+AA13+Z13 -> 62295.338
A14: =A13+1 -> 4 | B14: Administrativo II - Técnico Comunicador | C14: E | D14: 2022 | E14: Haber | F14: 5494 | G14: 0 | H14: 0 | K14: 30 | L14: 30 | M14: 30 | N14: 30 | O14: 30 | P14: 30 | Q14: 30 | R14: 20 | S14: =SUM(G14:R14) -> 230 | T14: =+S14/30 -> 7.6666667 | U14: =ROUND(PRODUCT(F14*T14),0) -> 42121 | V14: =U14*0.1 -> 4212.1 | W14: =U14*0.0171 -> 720.2691 | X14: =U14*0.03 -> 1263.63 | Y14: =U14*0.02 -> 842.42 | Z14: =SUM(U14:Y14) -> 49159.419 | AA14: =+F14*S14/360 -> 3510.0556 | AB14: =+AA14+Z14 -> 52669.475
B15: CONTROL | AB15: =+AA15+Z15 -> 0
A16: =A14+1 -> 5 | B16: Tecnico V - Auditoria Interna | C16: E | D16: 2022 | E16: Haber | F16: 7722 | G16: 26 | H16: 30 | I16: 30 | J16: 0 | K16: 0 | L16: 0 | M16: 0 | N16: 0 | O16: 0 | P16: 0 | Q16: 30 | R16: 30 | S16: =SUM(G16:R16) -> 146 | T16: =+S16/30 -> 4.8666667 | U16: =ROUND(PRODUCT(F16*T16),0) -> 37580 | V16: =U16*0.1 -> 3758 | W16: =U16*0.0171 -> 642.618 | X16: =U16*0.03 -> 1127.4 | Y16: =U16*0.02 -> 751.6 | Z16: =SUM(U16:Y16) -> 43859.618 | AB16: =+AA16+Z16 -> 43859.618
B17: AREA DE PLANIFICACIÓN, MONITOREO Y EVALUACIÓN
A18: =A16+1 -> 6 | B18: Profesional VIII - Responsable de Planificacion, Monitoreo y Evaluación | C18: E | D18: 2022 | E18: Haber | F18: 10173 | G18: 26 | H18: 30 | I18: 30 | J18: 30 | K18: 30 | L18: 30 | M18: 30 | N18: 30 | O18: 30 | P18: 30 | Q18: 30 | R18: 30 | S18: =SUM(G18:R18) -> 356 | T18: =+S18/30 -> 11.866667 | U18: =ROUND(PRODUCT(F18*T18),0) -> 120720 | V18: =U18*0.1 -> 12072 | W18: =U18*0.0171 -> 2064.312 | X18: =U18*0.03 -> 3621.6 | Y18: =U18*0.02 -> 2414.4 | Z18: =SUM(U18:Y18) -> 140892.31 | AA18: =+F18*S18/360 -> 10059.967 | AB18: =+AA18+Z18 -> 150952.28
A19: =A18+1 -> 7 | B19: Tecnico VII- de Gestión de Proyectos y Financiamiento | C19: E | D19: 2022 | E19: Haber | F19: 6906 | G19: 0 | H19: 0 | I19: 0 | J19: 0 | K19: 0 | L19: 0 | M19: 30 | N19: 30 | O19: 30 | P19: 30 | Q19: 30 | R19: 30 | S19: =SUM(G19:R19) -> 180 | T19: =+S19/30 -> 6 | U19: =ROUND(PRODUCT(F19*T19),0) -> 41436 | V19: =U19*0.1 -> 4143.6 | W19: =U19*0.0171 -> 708.5556 | X19: =U19*0.03 -> 1243.08 | Y19: =U19*0.02 -> 828.72 | Z19: =SUM(U19:Y19) -> 48359.956 | AA19: =+F19*S19/360 -> 3453
A20: =A19+1 -> 8 | B20: Tecnico VI - Civil | C20: E | D20: 2022 | E20: Haber | F20: 6906 | G20: 26 | H20: 30 | I20: 30 | J20: 30 | K20: 30 | L20: 0 | M20: 0 | N20: 0 | O20: 0 | P20: 0 | Q20: 0 | R20: 0 | S20: =SUM(G20:R20) -> 146 | T20: =+S20/30 -> 4.8666667 | U20: =ROUND(PRODUCT(F20*T20),0) -> 33609 | V20: =U20*0.1 -> 3360.9 | W20: =U20*0.0171 -> 574.7139 | X20: =U20*0.03 -> 1008.27 | Y20: =U20*0.02 -> 672.18 | Z20: =SUM(U20:Y20) -> 39225.064 | AA20: =+F20*S20/360 -> 2800.7667
A21: =A20+1 -> 9 | B21: Tecnico VI - en Medio Ambiente y Cambio Climatico | C21: E | D21: 2022 | E21: Haber | F21: 6906 | G21: 0 | H21: 0 | I21: 0 | J21: 0 | K21: 0 | L21: 0 | M21: 0 | N21: 30 | O21: 30 | P21: 30 | Q21: 30 | R21: 30 | S21: =SUM(G21:R21) -> 150 | T21: =+S21/30 -> 5 | U21: =ROUND(PRODUCT(F21*T21),0) -> 34530 | V21: =U21*0.1 -> 3453 | W21: =U21*0.0171 -> 590.463 | X21: =U21*0.03 -> 1035.9 | Y21: =U21*0.02 -> 690.6 | Z21: =SUM(U21:Y21) -> 40299.963 | AA21: =+F21*S21/360 -> 2877.5
A22: =A21+1 -> 10 | B22: Tecnico VI- Proyectista | C22: E | D22: 2022 | E22: Haber | F22: 6906 | G22: 0 | H22: 0 | I22: 0 | J22: 0 | K22: 0 | L22: 0 | M22: 0 | N22: 30 | O22: 30 | P22: 30 | Q22: 30 | R22: 30 | S22: =SUM(G22:R22) -> 150 | T22: =+S22/30 -> 5 | U22: =ROUND(PRODUCT(F22*T22),0) -> 34530 | V22: =U22*0.1 -> 3453 | W22: =U22*0.0171 -> 590.463 | X22: =U22*0.03 -> 1035.9 | Y22: =U22*0.02 -> 690.6 | Z22: =SUM(U22:Y22) -> 40299.963 | AA22: =+F22*S22/360 -> 2877.5
B23: AREA ADMINISTRATIVA FINANCIERA | AB23: =+AA23+Z23 -> 0
A24: =A22+1 -> 11 | B24: Profesional Vlll - Responsable Administrativo Financiero | C24: E | D24: 2022 | E24: Haber | F24: 10173 | G24: 26 | H24: 30 | I24: 30 | J24: 30 | K24: 30 | L24: 30 | M24: 30 | N24: 30 | O24: 30 | P24: 30 | Q24: 30 | R24: 30 | S24: =SUM(G24:R24) -> 356 | T24: =+S24/30 -> 11.866667 | U24: =ROUND(PRODUCT(F24*T24),0) -> 120720 | V24: =U24*0.1 -> 12072 | W24: =U24*0.0171 -> 2064.312 | X24: =U24*0.03 -> 3621.6 | Y24: =U24*0.02 -> 2414.4 | Z24: =SUM(U24:Y24) -> 140892.31 | AA24: =+F24*S24/360 -> 10059.967 | AB24: =+AA24+Z24 -> 150952.28
A25: =A24+1 -> 12 | B25: Tecnico IV - Contabilidad, Presupuestos y Contrataciones | C25: E | D25: 2022 | E25: Haber | F25: 8689 | G25: 26 | H25: 30 | I25: 30 | J25: 30 | K25: 30 | L25: 30 | M25: 30 | N25: 30 | O25: 30 | P25: 30 | Q25: 30 | R25: 30 | S25: =SUM(G25:R25) -> 356 | T25: =+S25/30 -> 11.866667 | U25: =ROUND(PRODUCT(F25*T25),0) -> 103109 | V25: =U25*0.1 -> 10310.9 | W25: =U25*0.0171 -> 1763.1639 | X25: =U25*0.03 -> 3093.27 | Y25: =U25*0.02 -> 2062.18 | Z25: =SUM(U25:Y25) -> 120338.51 | AA25: =+F25*S25/360 -> 8592.4556 | AB25: =+AA25+Z25 -> 128930.97
A26: =A25+1 -> 13 | B26: Administrativo IV Auxiliar Administrativo | C26: E | D26: 2022 | E26: Haber | F26: 4529 | G26: 0 | H26: 30 | I26: 30 | J26: 30 | K26: 30 | L26: 30 | M26: 30 | N26: 30 | O26: 30 | P26: 30 | Q26: 30 | R26: 30 | S26: =SUM(G26:R26) -> 330 | T26: =+S26/30 -> 11 | U26: =ROUND(PRODUCT(F26*T26),0) -> 49819 | V26: =U26*0.1 -> 4981.9 | W26: =U26*0.0171 -> 851.9049 | X26: =U26*0.03 -> 1494.57 | Y26: =U26*0.02 -> 996.38 | Z26: =SUM(U26:Y26) -> 58143.755 | AA26: =+F26*S26/360 -> 4151.5833 | AB26: =+AA26+Z26 -> 62295.338
A27: =A26+1 -> 14 | B27: Auxiliar I - Mensajero enlace La Paz | C27: E | D27: 2022 | E27: Haber | F27: 4009 | G27: 23 | H27: 30 | I27: 30 | J27: 30 | K27: 30 | L27: 30 | M27: 30 | N27: 30 | O27: 30 | P27: 30 | Q27: 30 | R27: 30 | S27: =SUM(G27:R27) -> 353 | T27: =+S27/30 -> 11.766667 | U27: =ROUND(PRODUCT(F27*T27),0) -> 47173 | V27: =U27*0.1 -> 4717.3 | W27: =U27*0.0171 -> 806.6583 | X27: =U27*0.03 -> 1415.19 | Y27: =U27*0.02 -> 943.46 | Z27: =SUM(U27:Y27) -> 55055.608 | AA27: =+F27*S27/360 -> 3931.0472 | AB27: =+AA27+Z27 -> 58986.656
A28: =A27+1 -> 15 | B28: Auxiliar I - Chofer I | C28: E | D28: 2022 | E28: Haber | F28: 4009 | G28: 26 | H28: 30 | I28: 30 | J28: 30 | K28: 30 | L28: 30 | M28: 30 | N28: 30 | O28: 30 | P28: 30 | Q28: 30 | R28: 30 | S28: =SUM(G28:R28) -> 356 | T28: =+S28/30 -> 11.866667 | U28: =ROUND(PRODUCT(F28*T28),0) -> 47573 | V28: =U28*0.1 -> 4757.3 | W28: =U28*0.0171 -> 813.4983 | X28: =U28*0.03 -> 1427.19 | Y28: =U28*0.02 -> 951.46 | Z28: =SUM(U28:Y28) -> 55522.448 | AA28: =+F28*S28/360 -> 3964.4556 | AB28: =+AA28+Z28 -> 59486.904
A29: =A28+1 -> 16 | B29: Auxiliar II - Chofer II | C29: E | D29: 2022 | E29: Haber | F29: 3340 | G29: 0 | H29: 30 | I29: 30 | J29: 10 | K29: 0 | L29: 0 | M29: 0 | N29: 0 | O29: 0 | P29: 0 | Q29: 0 | R29: 0 | S29: =SUM(G29:R29) -> 70 | T29: =+S29/30 -> 2.3333333 | U29: =ROUND(PRODUCT(F29*T29),0) -> 7793 | V29: =U29*0.1 -> 779.3 | W29: =U29*0.0171 -> 133.2603 | X29: =U29*0.03 -> 233.79 | Y29: =U29*0.02 -> 155.86 | Z29: =SUM(U29:Y29) -> 9095.2103 | AB29: =+AA29+Z29 -> 9095.2103
B30: AREA DE INVESTIGACION Y DESARROLLO | AB30: =+AA30+Z30 -> 0
A31: =A29+1 -> 17 | B31: Profesional VIII - Responsable en Investigación y Desarrollo | C31: E | D31: 2022 | E31: Haber | F31: 10173 | G31: 20 | H31: 30 | I31: 30 | J31: 30 | K31: 30 | L31: 30 | M31: 30 | N31: 30 | O31: 30 | P31: 30 | Q31: 30 | R31: 30 | S31: =SUM(G31:R31) -> 350 | T31: =+S31/30 -> 11.666667 | U31: =ROUND(PRODUCT(F31*T31),0) -> 118685 | V31: =U31*0.1 -> 11868.5 | W31: =U31*0.0171 -> 2029.5135 | X31: =U31*0.03 -> 3560.55 | Y31: =U31*0.02 -> 2373.7 | Z31: =SUM(U31:Y31) -> 138517.26 | AA31: =+F31*S31/360 -> 9890.4167 | AB31: =+AA31+Z31 -> 148407.68
A32: =A31+1 -> 18 | B32: Tecnico VI - Investigador Agricola (Altiplano Sur) | C32: E | D32: 2022 | E32: Haber | F32: 6906 | G32: 0 | H32: 30 | I32: 30 | J32: 30 | K32: 0 | L32: 0 | M32: 0 | N32: 0 | O32: 0 | P32: 0 | Q32: 0 | R32: 0 | S32: =SUM(G32:R32) -> 90 | T32: =+S32/30 -> 3 | U32: =ROUND(PRODUCT(F32*T32),0) -> 20718 | V32: =U32*0.1 -> 2071.8 | W32: =U32*0.0171 -> 354.2778 | X32: =U32*0.03 -> 621.54 | Y32: =U32*0.02 -> 414.36 | Z32: =SUM(U32:Y32) -> 24179.978 | AB32: =+AA32+Z32 -> 24179.978 | AF32: 20
A33: =A32+1 -> 19 | B33: Tecnico VI - Investigador Agricola (Altiplano Centro y Norte) | C33: E | D33: 2022 | E33: Haber | F33: 6906 | G33: 0 | H33: 30 | I33: 30 | J33: 0 | K33: 0 | L33: 0 | M33: 0 | N33: 0 | O33: 0 | P33: 0 | Q33: 0 | R33: 0 | S33: =SUM(G33:R33) -> 60 | T33: =+S33/30 -> 2 | U33: =ROUND(PRODUCT(F33*T33),0) -> 13812 | V33: =U33*0.1 -> 1381.2 | W33: =U33*0.0171 -> 236.1852 | X33: =U33*0.03 -> 414.36 | Y33: =U33*0.02 -> 276.24 | Z33: =SUM(U33:Y33) -> 16119.985
A34: =A33+1 -> 20 | B34: Auxiliar II Tecnico La Paz | C34: E | D34: 2022 | E34: Haber | F34: 3340 | G34: 0 | H34: 30 | I34: 30 | J34: 30 | K34: 0 | L34: 0 | M34: 0 | N34: 0 | O34: 0 | P34: 0 | Q34: 0 | R34: 0 | S34: =SUM(G34:R34) -> 90 | T34: =+S34/30 -> 3 | U34: =ROUND(PRODUCT(F34*T34),0) -> 10020 | V34: =U34*0.1 -> 1002 | W34: =U34*0.0171 -> 171.342 | X34: =U34*0.03 -> 300.6 | Y34: =U34*0.02 -> 200.4 | Z34: =SUM(U34:Y34) -> 11694.342 | AB34: =+AA34+Z34 -> 11694.342 | AF34: 30
B35: AREA DE CAPACITACION Y ASISTENCIA TECNICA | AB35: =+AA35+Z35 -> 0 | AF35: 30
A36: =A34+1 -> 21 | B36: Profesional VIII - Responsable en Capacitación y Asistencia Técnica | C36: E | D36: 2022 | E36: Haber | F36: 10173 | G36: 26 | H36: 30 | I36: 30 | J36: 30 | K36: 30 | L36: 30 | M36: 30 | N36: 30 | O36: 30 | P36: 30 | Q36: 30 | R36: 30 | S36: =SUM(G36:R36) -> 356 | T36: =+S36/30 -> 11.866667 | U36: =ROUND(PRODUCT(F36*T36),0) -> 120720 | V36: =U36*0.1 -> 12072 | W36: =U36*0.0171 -> 2064.312 | X36: =U36*0.03 -> 3621.6 | Y36: =U36*0.02 -> 2414.4 | Z36: =SUM(U36:Y36) -> 140892.31 | AA36: =+F36*S36/360 -> 10059.967 | AB36: =+AA36+Z36 -> 150952.28 | AF36: 10
A37: =A36+1 -> 22 | B37: Tecnico VI - en desarrollo de Capacidades | C37: E | D37: 2022 | E37: Haber | F37: 6906 | G37: 0 | H37: 30 | I37: 0 | J37: 0 | K37: 0 | L37: 0 | M37: 0 | N37: 0 | O37: 0 | P37: 0 | Q37: 0 | R37: 0 | S37: =SUM(G37:R37) -> 30 | T37: =+S37/30 -> 1 | U37: =ROUND(PRODUCT(F37*T37),0) -> 6906 | V37: =U37*0.1 -> 690.6 | W37: =U37*0.0171 -> 118.0926 | X37: =U37*0.03 -> 207.18 | Y37: =U37*0.02 -> 138.12 | Z37: =SUM(U37:Y37) -> 8059.9926 | AB37: =+AA37+Z37 -> 8059.9926 | AF37: =SUM(AF32:AF36) -> 90
A38: =A37+1 -> 23 | B38: Tecnico VI - en alimentación y desarrollo de mercados | C38: E | D38: 2022 | E38: Haber | F38: 6906 | G38: 0 | H38: 30 | I38: 0 | J38: 0 | K38: 0 | L38: 0 | M38: 0 | N38: 0 | O38: 0 | P38: 0 | Q38: 0 | R38: 0 | S38: =SUM(G38:R38) -> 30 | T38: =+S38/30 -> 1 | U38: =ROUND(PRODUCT(F38*T38),0) -> 6906 | V38: =U38*0.1 -> 690.6 | W38: =U38*0.0171 -> 118.0926 | X38: =U38*0.03 -> 207.18 | Y38: =U38*0.02 -> 138.12 | Z38: =SUM(U38:Y38) -> 8059.9926
B39: AREA GESTIÓN DE LA INFORMACION | AB39: =+AA39+Z39 -> 0
A40: =A38+1 -> 24 | B40: Profesional VIII - Responsable en Gestión de la Información | C40: E | D40: 2022 | E40: Haber | F40: 10173 | G40: 26 | H40: 30 | I40: 30 | J40: 30 | K40: 30 | L40: 30 | M40: 30 | N40: 30 | O40: 30 | P40: 30 | Q40: 30 | R40: 30 | S40: =SUM(G40:R40) -> 356 | T40: =+S40/30 -> 11.866667 | U40: =ROUND(PRODUCT(F40*T40),0) -> 120720 | V40: =U40*0.1 -> 12072 | W40: =U40*0.0171 -> 2064.312 | X40: =U40*0.03 -> 3621.6 | Y40: =U40*0.02 -> 2414.4 | Z40: =SUM(U40:Y40) -> 140892.31 | AA40: =+F40*S40/360 -> 10059.967 | AB40: =+AA40+Z40 -> 150952.28
A41: =A40+1 -> 25 | B41: Tecnico VI - en SIG | C41: E | D41: 2022 | E41: Haber | F41: 6206 | G41: 0 | H41: 30 | I41: 0 | J41: 0 | K41: 0 | L41: 0 | M41: 0 | N41: 0 | O41: 0 | P41: 0 | Q41: 0 | R41: 0 | S41: =SUM(G41:R41) -> 30 | T41: =+S41/30 -> 1 | U41: =ROUND(PRODUCT(F41*T41),0) -> 6206 | V41: =U41*0.1 -> 620.6 | W41: =U41*0.0171 -> 106.1226 | X41: =U41*0.03 -> 186.18 | Y41: =U41*0.02 -> 124.12 | Z41: =SUM(U41:Y41) -> 7243.0226 | AB41: =+AA41+Z41 -> 7243.0226
A42: =A41+1 -> 26 | B42: Tecnico VI- Informatico | C42: E | D42: 2022 | E42: Haber | F42: 6206 | G42: 0 | H42: 30 | I42: 0 | J42: 0 | K42: 0 | L42: 0 | M42: 0 | N42: 0 | O42: 0 | P42: 0 | Q42: 0 | R42: 0 | S42: =SUM(G42:R42) -> 30 | T42: =+S42/30 -> 1 | U42: =ROUND(PRODUCT(F42*T42),0) -> 6206 | V42: =U42*0.1 -> 620.6 | W42: =U42*0.0171 -> 106.1226 | X42: =U42*0.03 -> 186.18 | Y42: =U42*0.02 -> 124.12 | Z42: =SUM(U42:Y42) -> 7243.0226 | AB42: =+AA42+Z42 -> 7243.0226
AB43: =+AA43+Z43 -> 0
B44: Sueldo Personal | C44: 18 | U44: =SUM(U12:U43) -> 1322151 | V44: =SUM(V10:V43) -> 154999.5 | W44: =SUM(W10:W43) -> 26504.914 | X44: =SUM(X10:X43) -> 46499.85 | Y44: =SUM(Y10:Y43) -> 30999.9 | Z44: =SUM(Z12:Z43) -> 1543082.4 | AA44: =SUM(AA9:AA42) -> 119487.2 | AB44: =SUM(AB9:AB42) -> 1724112.7
B45: TOTAL 2021: | C45: 18 | U45: =SUM(U44:U44) -> 1322151 | V45: =SUM(V44:V44) -> 154999.5 | W45: =SUM(W44:W44) -> 26504.914 | X45: =SUM(X44:X44) -> 46499.85 | Y45: =SUM(Y44:Y44) -> 30999.9
AB50: =+Z55-AB44 -> 204394.33
V51: AGUINALDO PERSONAL PERMANENTE | Z51: =F10 -> 18987
V53: TOTAL PROGRAMADO 2021 | Z53: =Z51+Z44 -> 1562069.4 | AA53: aguinaldo 2021
V55: TECHO PRESUPUESTARIO PARA 2021 | Z55: 1928507
V57: PERSONAL EVENTUAL | Z57: =+U44 -> 1322151
V58: PERSONAL PERMANENTE | Z58: =+U10 -> 227844
V59: APORTE COLATERALES | Z59: =+V44+W44+X44+Y44 -> 259004.16
V60: AGUINALDO 2021 | Z60: =+AA44 -> 119487.2
Z62: =SUM(Z57:Z61) -> 1928486.4
Z64: =+Z55-Z62 -> 20.638278
X66: ITEM | Y66: EVENTUAL
X67: PRESUPUESTO VIGENTE | Y67: TOTAL CONTRATOS | Z67: TOTAL
V68: Aguinaldos | X68: =AA10 -> 18987 | Y68: 0 | Z68: =X68+Y68 -> 18987
V69: Asignaciones Familiares | X69: 0 | Y69: 0 | Z69: =X69+Y69 -> 0
V70: Sueldos | X70: =U10 -> 227844 | Y70: 0 | Z70: =X70+Y70 -> 227844
V71: Personal Eventual | X71: 0 | Y71: =U12+U13+U14+U16+U18+U19+U20+U21+U22+U24+U25+U26+U27+U28+U29+U31+U32+U33+U34+U36+U37+U38+U40+U41+U42 -> 1322151 | Z71: =X71+Y71 -> 1322151
V72: Régimen de Corto Plazo (Salud) | X72: =V10 -> 22784.4 | Y72: =V12+V13+V14+V16+V18+V19+V20+V21+V22+V24+V25+V26+V27+V28+V29+V31+V32+V33+V34+V36+V37+V38+V40+V41+V42 -> 132215.1 | Z72: =X72+Y72 -> 154999.5
V73: PRIMA DE RIESGO PROFESIONAL RÉGIMEN DE LARGO PLAZO | X73: =W10 -> 3896.1324 | Y73: =W12+W13+W14+W16+W18+W19+W20+W21+W22+W24+W25+W26+W27+W28+W29+W31+W32+W33+W34+W36+W37+W38+W40+W41+W42 -> 22608.782 | Z73: =X73+Y73 -> 26504.914
V74: Aporte Patronal Solidario 3% | X74: =X10 -> 6835.32 | Y74: =X12+X13+X14+X16+X18+X19+X20+X21+X22+X24+X25+X26+X27+X28+X29+X31+X32+X33+X34+X36+X37+X38+X40+X41+X42 -> 39664.53 | Z74: =X74+Y74 -> 46499.85
V75: Aporte Patronal para Vivienda | X75: =Y10 -> 4556.88 | Y75: =Y12+Y13+Y14+Y16+Y18+Y19+Y20+Y21+Y22+Y24+Y25+Y26+Y27+Y28+Y29+Y31+Y32+Y33+Y34+Y36+Y37+Y38+Y40+Y41+Y42 -> 26443.02 | Z75: =X75+Y75 -> 30999.9
V76: Otras Previsiones (EVENTUAL) | Y76: =AA12+AA13+AA14+AA16+AA18+AA19+AA20+AA21+AA22+AA24+AA25+AA27+AA26+AA28+AA29+AA31+AA32+AA33+AA34+AA36+AA37+AA38+AA40+AA41+AA42 -> 100500.2 | Z76: =X76+Y76 -> 100500.2
X77: =SUM(X68:X76) -> 284903.73 | Y77: =SUM(Y68:Y76) -> 1643582.6 | Z77: =SUM(Z68:Z76) -> 1928486.4 | AA77: 1928507 | AB77: =Z77-AA77 -> -20.638278

Sheet Hoja5
A1: CENTRO INTERNACIONAL DE LA QUINUA ESTRUCTURA DE PERSONAL Y PLANILLA POA 2021 (Expresada en Bolivianos)
A4: Repartición / cargo: | B4: T | C4: Gestión | D4: Unidad | E4: Costo unitario | F4: AGUINALDO | G4: Cantidad | H4: Meses | I4: Monto anual | J4: Aguinaldo | K4: Salud | L4: Pensiones | M4: Patronal | N4: Vivienda
A6: Dirección General Ejecutiva
A8: PROFESIONAL V Director General Ejecutivo | B8: P | C8: 2021 | D8: Sueldo | E8: 17306 | F8: =+E8 -> 17306 | G8: 12 | H8: Ene - Dic | I8: =E8*G8 -> 207672 | J8: =+F8 -> 17306 | K8: =I8*0.1 -> 20767.2 | L8: =I8*0.0171 -> 3551.1912 | M8: =I8*0.03 -> 6230.16 | N8: =I8*0.02 -> 4153.44
A9: Staff
A10: PROFESIONAL V Responsable en Planificación | B10: E | C10: 2021 | D10: Sueldo | E10: 9906 | F10: =+E10 -> 9906 | G10: 12 | H10: Ene - Dic | I10: =E10*G10 -> 118872 | K10: =I10*0.1 -> 11887.2 | L10: =I10*0.0171 -> 2032.7112 | M10: =I10*0.03 -> 3566.16 | N10: =I10*0.02 -> 2377.44
A11: PROFESIONAL VII - Técnico I Auditoia Interna/Responsable de Transparencia | B11: E | C11: 2021 | D11: Sueldo | E11: 8593 | F11: =+E11 -> 8593 | G11: 12 | H11: Ene - Dic | I11: =E11*G11 -> 103116 | K11: =I11*0.1 -> 10311.6 | L11: =I11*0.0171 -> 1763.2836 | M11: =I11*0.03 -> 3093.48 | N11: =I11*0.02 -> 2062.32
A12: PROFESIONAL V Relaciones Internacionales y Asesoria Juridica | B12: E | C12: 2021 | D12: Sueldo | E12: 9906 | F12: =+E12 -> 9906 | G12: 12 | H12: Ene - Dic | I12: =E12*G12 -> 118872 | K12: =I12*0.1 -> 11887.2 | L12: =I12*0.0171 -> 2032.7112 | M12: =I12*0.03 -> 3566.16 | N12: =I12*0.02 -> 2377.44
A13: PROFESIONAL VI Comunicador en Consumo de la Quinua | B13: E | C13: 2021 | D13: Sueldo | E13: 9130 | F13: =+E13 -> 9130 | G13: 12 | H13: Ene - Dic | I13: =E13*G13 -> 109560 | K13: =I13*0.1 -> 10956 | L13: =I13*0.0171 -> 1873.476 | M13: =I13*0.03 -> 3286.8 | N13: =I13*0.02 -> 2191.2
A14: Administrativo II - Secretaria Dirección General | B14: E | C14: 2021 | D14: Sueldo | E14: 4416 | F14: =+E14 -> 4416 | G14: 12 | H14: Ene - Dic | I14: =E14*G14 -> 52992 | K14: =I14*0.1 -> 5299.2 | L14: =I14*0.0171 -> 906.1632 | M14: =I14*0.03 -> 1589.76 | N14: =I14*0.02 -> 1059.84
A15: Area Administrativa y Financiera
A16: PROFESIONAL V Responsable Financiero y Administrativo | B16: E | C16: 2021 | D16: Sueldo | E16: 9906 | F16: =+E16 -> 9906 | G16: 12 | H16: Ene - Dic | I16: =E16*G16 -> 118872 | K16: =I16*0.1 -> 11887.2 | L16: =I16*0.0171 -> 2032.7112 | M16: =I16*0.03 -> 3566.16 | N16: =I16*0.02 -> 2377.44
A17: Profesional VII - Técnico I Contabilidad y Presupuestos | B17: E | C17: 2021 | D17: Sueldo | E17: 8593 | F17: =+E17 -> 8593 | G17: 12 | H17: Ene - Dic | I17: =E17*G17 -> 103116 | K17: =I17*0.1 -> 10311.6 | L17: =I17*0.0171 -> 1763.2836 | M17: =I17*0.03 -> 3093.48 | N17: =I17*0.02 -> 2062.32
A18: Administrativo II - Asistente administrativo | B18: E | C18: 2021 | D18: Sueldo | E18: 4416 | F18: =+E18 -> 4416 | G18: 12 | H18: Ene - Dic | I18: =E18*G18 -> 52992 | K18: =I18*0.1 -> 5299.2 | L18: =I18*0.0171 -> 906.1632 | M18: =I18*0.03 -> 1589.76 | N18: =I18*0.02 -> 1059.84
A19: Administrativo II - Chofer | B19: E | C19: 2021 | D19: Sueldo | E19: 4416 | F19: =+E19 -> 4416 | G19: 12 | H19: Ene - Dic | I19: =E19*G19 -> 52992 | K19: =I19*0.1 -> 5299.2 | L19: =I19*0.0171 -> 906.1632 | M19: =I19*0.03 -> 1589.76 | N19: =I19*0.02 -> 1059.84
A20: Area Gestión del Conocimiento e Información
A21: PROFESIONAL V Responsable en Gestion de la Información | B21: E | C21: 2021 | D21: Sueldo | E21: 9906 | F21: =+E21 -> 9906 | G21: 12 | H21: Ene - Dic | I21: =E21*G21 -> 118872 | K21: =I21*0.1 -> 11887.2 | L21: =I21*0.0171 -> 2032.7112 | M21: =I21*0.03 -> 3566.16 | N21: =I21*0.02 -> 2377.44
A22: Area de investigacion y Desarrollo
A23: PROFESIONAL V Responsable en Investigación y Desarrollo | B23: E | C23: 2021 | D23: Sueldo | E23: 9906 | F23: =+E23 -> 9906 | G23: 12 | H23: Ene - Dic | I23: =E23*G23 -> 118872 | K23: =I23*0.1 -> 11887.2 | L23: =I23*0.0171 -> 2032.7112 | M23: =I23*0.03 -> 3566.16 | N23: =I23*0.02 -> 2377.44
A24: PROFESIONAL VII - Técnico I en Investigacion Agronomo Forestal | B24: E | C24: 2021 | D24: Sueldo | E24: 8593 | F24: =+E24 -> 8593 | G24: 12 | H24: Ene - Dic | I24: =E24*G24 -> 103116 | K24: =I24*0.1 -> 10311.6 | L24: =I24*0.0171 -> 1763.2836 | M24: =I24*0.03 -> 3093.48 | N24: =I24*0.02 -> 2062.32
A25: Area de Asistencia Técnica y Capacitación
A26: PROFESIONAL V Responsable en Capacitación y Asistencia Técnica | B26: E | C26: 2021 | D26: Sueldo | E26: 9906 | F26: =+E26 -> 9906 | G26: 12 | H26: Ene - Dic | I26: =E26*G26 -> 118872 | K26: =I26*0.1 -> 11887.2 | L26: =I26*0.0171 -> 2032.7112 | M26: =I26*0.03 -> 3566.16 | N26: =I26*0.02 -> 2377.44
A27: PROFESIONAL VI En Promosion y Articulacion Intersectorial en Alimentacion y Nutricion | B27: E | C27: 2021 | D27: Sueldo | E27: 9130 | F27: =+E27 -> 9130 | G27: 12 | H27: Ene - Dic | I27: =E27*G27 -> 109560 | K27: =I27*0.1 -> 10956 | L27: =I27*0.0171 -> 1873.476 | M27: =I27*0.03 -> 3286.8 | N27: =I27*0.02 -> 2191.2
A28: PROFESIONAL IX - TECNICO III Mecánico - Industrial | B28: E | C28: 2021 | D28: Sueldo | E28: 7459 | F28: =+E28 -> 7459 | G28: 12 | H28: Ene - Dic | I28: =E28*G28 -> 89508 | K28: =I28*0.1 -> 8950.8 | L28: =I28*0.0171 -> 1530.5868 | M28: =I28*0.03 -> 2685.24 | N28: =I28*0.02 -> 1790.16
A31: Sueldo Personal | B31: 15 | F31: =SUM(E8:E28) -> 141488 | I31: =SUM(I8:I29) -> 1697856 | J31: =SUM(J8:J29) -> 17306 | K31: =SUM(K8:K29) -> 169785.6 | L31: =SUM(L8:L29) -> 29033.338 | M31: =SUM(M8:M29) -> 50935.68 | N31: =SUM(N8:N29) -> 33957.12
A33: TOTAL 2017: | B33: 15 | F33: =SUM(H33:N33) -> 1998873.7 | I33: =SUM(I31:I31) -> 1697856 | J33: =J31 -> 17306 | K33: =SUM(K31:K31) -> 169785.6 | L33: =SUM(L31:L31) -> 29033.338 | M33: =SUM(M31:M31) -> 50935.68 | N33: =SUM(N31:N31) -> 33957.12
I34: =+[2]REgaReportesMultiples!$V$17 -> 942848.8
F35: 2004783.9
F36: =+F35-F33 -> 5910.1924

Sheet Hoja2
A1: CENTRO INTERNACIONAL DE LA QUINUA
A3: CUADRO DE EQUIVALENCIA DE FUNCIONES PARA PERSONAL EVENTUAL
H5: Centro Internacional de la Quinua
B6: ESCALA SALARIAL DEL M.P.D. | E6: EQUIVALENCIA DE FUNCIONES REQUISITOS MÍNIMOS PARA EL CARGO
A8: N° | D8: HABER MENSUAL Bs | E8: HOMOLOGACIÓ DE FUNCIONES (Personal Eventual) | G8: EXPERIENCIA GENERAL | H8: EXPERIENCIA ESPECÍFICA
B9: CARGO | C9: NIVEL | F9: FORMACIÓN | I9: INMEDIATO SUPERIOR
B11: DIRECTOR GENERAL | E11: (Designación expresa mediante Resolución Suprema) | I11: MINISTRO (A)
A12: 1 | C12: 3 | D12: 18987
A13: 2 | B13: Profesional - V | C13: 5 | D13: 9906 | E13: Ø Organizar el desarrollo de las actividades del trabajo encomendado. | F13: Licenciado con Titulo en Provición Nacional (TPN) y/o Licenciatura con Título Académico (TA) | G13: Tres (3) años de experiencia laboral debidamente acreditada a partir de la emisión del TPN, | H13: Dos (2) años de experiencia laboral debidamente acreditada en el sector púbico desde la emisión del TPN | I13: Director General Ejecutivo
E14: Ø Ejecutar las actividades señaladas en los requisitos minimos de contratación y otras complementarias a su ejecución.
E15: Ø Coordinar acciones con entidades nacionales y/o instancias del MDRyT de acuerdo a las instrucciones del inmediato superior .
E16: Ø Integrar equipos de trabajo.
E17: Ø Reportar Informes mesuales y finales
A18: 3 | B18: Profesional - VII - Técnico I | C18: 15 | D18: 8593 | E18: Ø Organizar el desarrollo de las actividades del trabajo encomendado. | F18: Licenciado con Titulo en Provición Nacional (TPN) y/o Licenciatura con Título Académico (TA) | G18: Tres (3) años de experiencia laboral debidamente acreditada a partir de la emisión del TA | H18: Dos (2) años de experiencia laboral debidamente acreditada en el sector púbico desde la emisión del TPN | I18: Director General Ejecutivo
E19: Ø Ejecutar las actividades señaladas en los requisitos minimos de contratación y otras complementarias a su ejecución.
E20: Ø Coordinar acciones con entidades nacionales y/o instancias del MDRyT de acuerdo a las instrucciones del inmediato superior
A21: 4 | B21: Profesional - VIII - Técnico II | C21: 16 | D21: 8175 | E21: Ø Organizar el desarrollo de las actividades del trabajo encomendado. | F21: Licenciado con Titulo en Provición Nacional (TPN) y/o Licenciatura con Título Académico (TA) | G21: Dos (2) años de experiencia laboral debidamente acreditada a partir de la emisión del TA | H21: Un (1) año de experiencia laboral debidamente acreditada en el sector púbico desde la emisión del TPN | I21: Responsable de Area
E22: Ø Ejecutar las actividades señaladas en los requisitos minimos de contratación y otras complementarias a su ejecución.
E23: Ø Coordinar acciones con entidades nacionales y/o instancias del MDRyT de acuerdo a las instrucciones del inmediato superior .
E24: Ø Integrar equipos de trabajo.
E25: Ø Reportar Informes mesuales y finales
A26: 5 | B26: Profesional - IX Técnico III | C26: 17 | D26: 7459 | E26: Ø Organizar el desarrollo de las actividades del trabajo encomendado. | F26: Profesional a nivel Licenciatura con Título Académico (TA) y/o Técnico Superior (T.S.) o egresado de una carrera universitaria | G26: Dos (2) año de experiencia laboral debidamente acreditada a partir de la emisión del TA | H26: Un (1) año de experiencia laboral debidamente acreditada en el sector púbico desde la emisión del TPN | I26: Responsable de Area
E27: Ø Ejecutar las actividades señaladas en los requisitos minimos de contratación y otras complementarias a su ejecución.
E28: Ø Coordinar acciones con entidades nacionales y/o instancias del MDRyT de acuerdo a las instrucciones del inmediato superior .
E29: Ø Integrar equipos de trabajo.
E30: Ø Reportar Informes mesuales y finales
A31: 6 | B31: Técnico - V | C31: 19 | D31: 6206 | E31: Ø Organizar el desarrollo de las actividades del trabajo encomendado. | F31: Licenciado y/o Técnico Superior (T.S.) o egresado de una carrera universitaria | G31: Dos (2) año de experiencia laboral debidamente acreditada | H31: Un (1) año de experiencia laboral debidamente acreditada en el sector púbico | I31: Responsable de Area
E32: Ø Ejecutar las actividades señaladas en los requisitos minimos de contratación y otras complementarias a su ejecución.
E33: Ø Coordinar acciones con entidades nacionales y/o instancias del MDRyT de acuerdo a las instrucciones del inmediato superior .
E34: Ø Integrar equipos de trabajo.
E35: Ø Reportar Informes mesuales y finales
A36: 7 | B36: Técnico - VI | C36: 20 | D36: 5550 | E36: Ø Organizar el desarrollo de las actividades del trabajo encomendado. | F36: Técnico Medio y/o Superior (T.M. y/o T.S.) o 2do año vencido de una carrera universitaria | G36: Dos (2) años experiencia laboral debidamente acreditada | H36: Un (1) año experiencia laboral debidamente acreditada en el sector público | I36: Responsable de Area
E37: Ø Ejecutar las actividades señaladas en los requisitos minimos de contratación y otras complementarias a su ejecución.
E38: Ø Coordinar acciones con entidades nacionales y/o instancias del MDRyT de acuerdo a las instrucciones del inmediato superior .
E39: Ø Integrar equipos de trabajo.
E40: Ø Reportar Informes mesuales y finales
A41: 8 | B41: Administrativo - II | C41: 22 | D41: 4416 | E41: Ø Organizar el desarrollo de las actividades del trabajo encomendado. | F41: Técnico Medio (T.M.) o 2do año vencido de una carrera universitaria | G41: Un (1) año y/o seis (6) meses de experiencia laboral debidamente acreditada | H41: Seis (6) meses de experiencia laboral debidamente acreditada en el sector público | I41: Responsable de Area
E42: Ø Ejecutar las actividades señaladas en los requisitos minimos de contratación y otras complementarias a su ejecución.
E43: Ø Coordinar acciones con entidades nacionales y/o instancias del MDRyT de acuerdo a las instrucciones del inmediato superior .
E44: Ø Integrar equipos de trabajo.
E45: Ø Reportar Informes mesuales y finales
A46: 9 | B46: Administrativo - IV | C46: 24 | D46: 3640 | E46: Ø Organizar el desarrollo de las actividades del trabajo encomendado. | F46: Bachiller en Humanidades | G46: Seis (6) meses de experiencia laboral debidamente acreditada | H46: No requiere | I46: Responsable de Area
E47: Ø Ejecutar las actividades señaladas en los requisitos minimos de contratación y otras complementarias a su ejecución.
E48: Ø Coordinar acciones con entidades nacionales y/o instancias del MDRyT de acuerdo a las instrucciones del inmediato superior .
E49: Ø Integrar equipos de trabajo.
E50: Ø Reportar Informes mesuales y finales
A53: SIGLAS: TPN = Título en Provisión Nacional. TA = Título Académico T.S. = Técnico Superior T.M. = Técnico Medio
A55: NOTA 1: Excepcionalmente, la MAE mediante resolución expresa podrá autorizar la contratación de personal al margen de los requisitos exigidos pero dentro de los niveles salariales del presente Cuadro de Equivalencias.
A56: NOTA 2: Excepcionalmente, prevalecerán las políticas del organismo financiador si existieren conflictos en los requisitos de formación.

Sheet escala salarial (3)
A4: ESCALA SALARIAL
A5: CENTRO INTERNACIONAL DE LA QUINUA
A6: (Expresado en Bolivianos)
A8: ENTIDAD | D8: 371 CENTRO INTERNACIONAL DE LA QUINUA
A9: FUENTE | D9: 10 "TESORO GENERAL DE LA NACION"
A10: ORGANISMO FINANCIADOR: | D10: 111 "TESORO GENERAL DE LA NACION"
A11: GASTOS: | D11: CORRIENTE
A13: CATEGORIA | B13: CLASE | C13: NIVEL SALARIAL | D13: NIVELES CORRELATIVOS | E13: DENOMINACION DEL PUESTO | F13: No. DE ITEMS | G13: SUELDO MENSUAL | H13: COSTO MENSUAL
A14: EJECUTIVO | B14: 3 | C14: 3 | D14: =C14 -> 3 | E14: DIRECTOR GENERAL | F14: 1 | G14: 18987 | H14: =F14*G14 -> 18987
A15: TOTAL MENSUAL | H15: =SUM(H14:H14) -> 18987 | I15: =H15-'planilla salarial 2022'!F53 -> #REF!
A16: TOTAL ANUAL | H16: =H15*12 -> 227844 | I16: 1554882
I17: =+I16-H16 -> 1327038
